Workbook
Name Prix: Prix_CECPA!$A$2:$B$9
Name Prix_Titre: Prix_CECPA!$A$2:$B$2
Name Rend: Rendements_CECPA!$A$2:$B$9
Name Rend_Titre: Rendements_CECPA!$A$2:$B$2

Sheet GuideUtilisation
A1: OBJECTIFS
A2: Cet outil documente plusieurs types de marges bénéficiaires attendus selon la rotation employée. Cet outil se veut une aide à la décision pour le producteur agricole.
A4: DESCRIPTION DES ONGLETS
A5: Saisie | B5: Cet onglet permet de modifier les données initiales de l'entreprise agricole, notamment quant aux prix et aux rendements des différentes cultures. Le producteur peut donc inscrire ses propres prix et le rendement attendu dans les colonnes "Vos prix" et "Vos rendements". Si votre exploitation ne cultive pas cette production, ne rien inscrire dans la colonne "Vos rendements". L'outil considère des gains agronomiques liés à la diversification de la rotation et à l'ajout d'une culture de couverture. Vous pouvez inscrire les gains agronomiques attendus liés à la diversification de la rotation dans la colonne "Vos gains agronomiques". De plus, nous considérons que la culture de couverture permet de compenser pour la fertilisation azotée. Vous pouvez inscrire la compensation azotée attendue dans vos champs. Enfin, cet outil prend en compte que les gains provenant de la diversification de la rotation et de l'ajout de culture de couverture n'est pas instantanné. Ainsi, l'outil permet d'ajuster la portion des gains agronomiques attendus selon le cycle de rotation.
A6: Maïs-grain / Canola / Soya / Orge / Avoine / Blé d'automne / Blé de printemps / Sarrasin | B6: Cet onglet présente les modèles utilisés pour générer les coûts de production des cultures. L'utilisateur peut modifier les coûts pour refléter sa situation. Si un poste de dépenses ou de revenus n'est pas modifié par l'utilisateur, le modèle sélectionnera la donnée inscrite dans la région centrale ou périphérique.
A7: Gains agronomiques | B7: Cet onglet présente les différents gains agronomiques attendus lors de la diversification de la rotation et l'ajout de cultures de couverture. Ces données devront être mises à jour périodiquement.
A8: Cultures de couverture | B8: Cet onglet présente les coûts relatifs à la cultures de couverture.
A9: ASRA_Calculs | B9: Le modèle retient les données de l'ASRA pour calculer le prix minimal attendu par le producteur agricole. Les données de cet onglet devront être mis à jour annuellement.
A10: Rendements_CECPA / Prix_CECPA | B10: Le modèle retient les données initiales du CECPA quant au prix et au rendement des différentes cultures. Ces données pourraient être mises à jour périodiquement.
A11: Intermédiaire_Prod-Résultats | B11: Cet onglet lie les données inscrites par l'usager et les résultats.
A12: Résultats détaillés | B12: Cet onglet présente les résultats des marges bénéficiaires brutes, des marges monétaires et des marges nettes pour différentes rotations. Les résultats sont divisés entre ceux obtenus par le modèle (bleu) et ceux incorporant les modifications effectuées par l'usager (orange).
A13: Résultats sommaires | B13: Cet onglet présente les résultats des marges bénéficiaires brutes, des marges monétaires et des marges nettes selon les différents cycles de rotations. Les résultats sont divisés entre ceux obtenus par le modèle (bleu) et ceux incorporant les modifications effectuées par l'usager (orange). Il s'agit d'une récapitulation des résultats.
A15: LIMITES
A16: Il est à noter que cet outil est un outil d'aide à la décision et il doit être utiliser uniquement en ce sens. Avant de prendre des décisions de production, nous recommandons à ce que le producteur consulte son agronome-conseil pour prendre en compte tous les facteurs spécifiques à son entreprise agricole. Toutes décisions prises par les producteurs à l'aide de cet outil sont la responsabilité du producteur agricole et n'engage en aucun cas le groupe Concertation Grains Québec et les auteurs de l'outil.
A18: CONTACTS
A19: Marlène Thiboutot, Concertation Grains Québec.
A20: marlenethiboutot@concertationgrainsquebec.ca
A22: CONCEPTEURS
A23: Le présent outil est la propriété de Lota D. Tamini et de Philippe Leriche. Les propriétaires autorisent le groupe Concertation Grains Québec à diffuser l'outil, mais n'autorisent pas la commercialisation de celui-ci. Toutes autres diffusions ou commercialisations ne peuvent se faire sans l'autorisation écrites de ses propriétaires.

Sheet Saisies
A1: RÉGION | B1: Périphérique
A2: TYPE DE RÉGIE | B2: Conventionnelle
A4: RENDEMENT
A5: Le modèle utilise les rendements ci-dessous pour la région sélectionnée. Si les rendements présents ne reflètent pas ceux observés sur votre ferme, nous vous invitons à les indiquer dans la colonne inscrite à cet effet. Si votre exploitation ne produit pas cette culture, ne rien inscrire dans la colonne.
B6: Rendements utilisés par le modèle (t/ha)
B7: Rendements associés à la région | C7: Vos rendements
A8: Maïs-grain | B8: =Rendements_CECPA!B3 -> 7.1
A9: Canola | B9: =Rendements_CECPA!B4 -> 2.3
A10: Soya | B10: =Rendements_CECPA!B5 -> 2.7
A11: Orge | B11: =Rendements_CECPA!B6 -> 3.3
A12: Avoine | B12: =Rendements_CECPA!B7 -> 2.6
A13: Blé de printemps panifiable | B13: =Rendements_CECPA!B9 -> 3.2
A14: Blé d'automne panifiable | B14: =Rendements_CECPA!B8 -> 4
A15: Sarrasin | B15: =Rendements_CECPA!B10 -> 1.8
A17: PRIX
A18: Le modèle utilise les prix ci-dessous. Si les prix présents ne reflètent pas ceux observés sur votre ferme, nous vous invitons à les indiquer dans la colonne inscrite à cet effet. Si votre exploitation ne produit pas cette culture, ne rien inscrire dans la colonne.
B19: Prix utilisés par le modèle ($/t)
B20: Prix associés à la région | C20: Vos prix
A21: Maïs-grain | B21: =Prix_CECPA!B3 -> 341
A22: Canola | B22: =Prix_CECPA!B4 -> 681
A23: Soya | B23: =Prix_CECPA!B5 -> 580
A24: Orge | B24: =Prix_CECPA!B6 -> 275
A25: Avoine | B25: =Prix_CECPA!B7 -> 278
A26: Blé de printemps panifiable | B26: =Prix_CECPA!B9 -> 366
A27: Blé d'automne panifiable | B27: =Prix_CECPA!B8 -> 366
A28: Sarrasin | B28: =Prix_CECPA!B10 -> 459
A30: GAINS AGRONOMIQUES DE LA ROTATION ET CULTURES DE COUVERTURE
A31: Le modèle utilise les gains agronomiques1 ci-dessous. Si ces gains ne reflètent pas ceux observés sur votre ferme, nous vous invitons à les indiquer dans la colonne inscrite à cet effet. Si votre exploitation ne produit pas cette culture, ne rien inscrire dans la colonne. Si aucunes cultures de couverture ou engrais verts ne sont considérés par votre entreprise, inscrire 0 dans la case de gains azotée prévue à cet effet.
B33: Cultures de couverture
A34: Présence de cultures de couverture | B34: Oui
B37: Gains de rendement
B38: Gains de rendement | C38: Vos gains de rendement
A39: Maïs-grain | B39: =IF(B34="Oui",11%,0%) -> 0.11
A40: Canola | B40: 0
A41: Soya | B41: 0
A42: Orge | B42: =IF($B$34="Oui",11%,0%) -> 0.11
A43: Avoine | B43: =IF($B$34="Oui",11%,0%) -> 0.11
A44: Blé de printemps panifiable | B44: =IF($B$34="Oui",11%,0%) -> 0.11
A45: Blé d'automne panifiable | B45: =IF($B$34="Oui",11%,0%) -> 0.11
A46: Sarrasin | B46: 0
B48: Gains azotés
B49: Gains azotés | C49: Vos gains azoté
A50: Unités d'azote | B50: =IF(B34="Oui",25,0) -> 25
A51: Coût unitaire de l'azote | B51: =ROUND((985/1000)/0.46,2) -> 2.14
A53: 1. Les gains agronomiques considérés dans ce modèle correspondent à l'augmentation de rendement attendu par la diversification des rotations et l'ajout d'une culture de couverture et à nombre d'unités d'azote fourni par la culture de couverture.
A55: GAINS PROGRESSIFS
A56: Le modèle considère que les gains agronomiques attendus ne seront pas perçus lors du premier cycle de rotation puisqu'il y a une courbe d'apprentissage lorsque l'on se familiarise avec une nouvelle technique et pour prendre en compte l'amélioration progressive de la terre. Le modèle considère donc des portions des gains agronomiques présentés ici. Si ces gains ne reflètent pas ceux observés sur votre ferme, nous vous invitons à les indiquer dans la colonne inscrite à cet effet.
B57: % de gains agronomiques lors de la première rotation
B58: % de gains agronomiques | C58: % de gains de votre ferme
A59: Gains agronomiques - Cycle 1 | B59: 0
A60: Gains agronomiques - Cycle 2 | B60: 0.5
A61: Gains agronomiques - Cycle 3 | B61: 1
A63: AUTRES PRATIQUES BÉNÉFIQUES
A64: Cette section vous permet d'inscrire d'autres coûts de pratiques de gestion bénéfiques que vous utilisez sur votre production agricole. Considérez ici tous les coûts et bénéfices enregistrés sur votre entreprise agricole pour une rotation.
B65: Autres coûts
B66: Autres coûts | C66: Vos autres coûts
B67: 0

Sheet Gains agronomiques
A1: Rotation
A2: Année | B2: Lieu | C2: Rotations | D2: Résultats | E2: Sources
A3: 2015 | B3: Guelph, Ontario | C3: A. Monoculture maïs B. Maïs-Maïs-Soya-Soya C. Maïs-Maïs-Luzerne-Luzerne D. Maïs-Maïs-Soya-Blé d'automne E. Maïs-Maïs-Avoine-Orge F. Maïs-Maïs-Soya-Blé d'automne_CC de trèfle rouge dans blé d'automne G. Maïs-Maïs-Avoine_CC de trèfle rouge dans l'avoine-Orge_CC de trèfle rouge dans l'orge | D3: La rotation B n'a aucune différence significative avec la rotation A. La rotation C permet des rendements de maïs 10 % plus élevés. La rotation D n'a aucune différence significative pour le rendement du maïs que la rotation B, mais permet des rendements 14 % plus élevés pour le soya que la rotation B. Les rotations E et F n'ont aucunes différences significatives avec la rotation B. La rotation G permet des rendements de 6 % plus élevés que la rotation B. | E3: Gaudin A.C.M., Tolhurst T.N., Ker A.P., Janovicek K., Tortora C., et al. (2015). Increasing Crop Diversity Mitigates Weather Variations and Improves Yield Stability. Dans Plos One. Vol 10(2). 20 pages.
A4: 2013 | B4: Guelph, Ontario | C4: A. Monoculture maïs B. Maïs-Soya C. Maïs-Soya-Blé d'automne D. Maïs-Soya-Blé d'automne_CC de trèfle rouge dans blé d'automne | D4: La rotation B permet des rendements de maïs entre 5-27 % plus élevée que la monoculture de maïs, et de soya entre 5-17 % plus élevé que la monoculture de soya. La rotation C permet des rendements de maïs de 12 % plus élevé que la rotation B, et des gains de rendements de soya de 10 % plus élevé que la rotation B. L'ajout de trèfle rouge augmente les rendements de 5 %. | E4: Tremblay G. (2016) Bénéfices des rotations en grandes cultures. Drummondville : CÉROM. 42 pages.
A5: 2009 | B5: Pennsylvanie | C5: A. Monoculture maïs B. Maïs-Soya C. 4 X Maïs- 4 X Luzerne D. Maïs-Avoine/Blé- 2 X Trèfle Rouge / Fléole des prés | D5: La rotation C permet des rendement de maïs entre 7 et 12 % plus élevée que la monoculture de maïs.
A6: 2011 | B6: Saint-Hyacinthe et Normandin | C6: A. Monoculture maïs B. Monoculture soya C. Maïs-soya D. Maïs-soya-Blé | D6: La rotation permet des gains de rendements de maïs de 6.8 % lorsqu'il y a labour et de 7.7 % lorsqu'il y a chisel par rapport à la monoculture. La rotation permet des gains de rendement du soya de 6.3 % lorsqu'il y a labour et de 3.5 % lorsqu'il y a chisel par rapport à la monoculture.
A7: 2014 | B7: Beloeil | C7: A. Monoculture de maïs B. Maïs-Soya-Blé C. Maïs-Soya-Blé-3X Prairie D. Prairie | D7: La rotation B permet des gains de rendements du maïs-grain de 14 % par rapport à la monoculture de maïs. La rotation C permet des gains de rendements de maïs-grain de 11 % par rapport à la monoculture de maïs.
A10: Cultures de couverture
A11: Année | B11: Lieu | C11: Cultures de couverture | D11: Résultats | E11: Sources
A12: 2022 | B12: Québec | C12: A. Tous types de cultures de couverture, tout mode d'implantation B. Tous types de cultures de couverture, implantation en dérobé et intercalaire. | D12: Les cultures de couverture en A permettent une augmentation du rendement de maïs de 13 % et des céréales de 22 %. Aucun impact dans le soya. Les cultures de couverture en B permettent une augmentation du rendement de maïs de 11 % et des céréales de 11 %. Aucun impact dans le soya. | E12: Vanasse A., Thibaudeau S. & Weill A. (2022). Guide des cultures de couverture en grandes cultures. Centre de référence en agriculture et agroalimentaire au Québec (CRAAQ). 204 pages.

Sheet Maïs-grain
E1: $/ha | G1: $/ha
E2: Périphérique | G2: Vos coûts
A4: PRODUITS
A5: Vente | E5: =Saisies!B8*Saisies!B21 -> 2421.1 | G5: =IF(Saisies!C8="",Saisies!B8,Saisies!C8)*IF(Saisies!C21="",Saisies!B21,Saisies!C21) -> 2421.1 | H5: =IF(G5="","",IF(OR(G5>E5*(1+0.5),G5<E5*(1-0.5)),"La valeur saisie diffère grandement des coûts utilisés dans le modèle. Assurez-vous qu'il ne s'agit pas d'une erreur de saisie",""))
A6: Compensation d'assurance stabilisation | E6: =IF(ASRA_Calculs!B2>ASRA_Calculs!C2,(ASRA_Calculs!C2-ASRA_Calculs!B2)*ASRA_Calculs!D2,0) -> 0 | G6: =E6 -> 0 | H6: =IF(G6="","",IF(OR(G6>E6*(1+0.5),G6<E6*(1-0.5)),"La valeur saisie diffère grandement des coûts utilisés dans le modèle. Assurez-vous qu'il ne s'agit pas d'une erreur de saisie",""))
A7: Revenus de sous-produits | E7: 4.21 | H7: =IF(G7="","",IF(OR(G7>E7*(1+0.5),G7<E7*(1-0.5)),"La valeur saisie diffère grandement des coûts utilisés dans le modèle. Assurez-vous qu'il ne s'agit pas d'une erreur de saisie",""))
A8: Agri-Québec et Agri-Investissement | E8: =(E5-E16)*0.042 -> 89.2395 | G8: =(G5-G16)*0.042 -> 101.6862 | H8: =IF(G8="","",IF(OR(G8>E8*(1+0.5),G8<E8*(1-0.5)),"La valeur saisie diffère grandement des coûts utilisés dans le modèle. Assurez-vous qu'il ne s'agit pas d'une erreur de saisie",""))
A9: Autres revenus | E9: 0 | H9: =IF(G9="","",IF(OR(G9>E9*(1+0.5),G9<E9*(1-0.5)),"La valeur saisie diffère grandement des coûts utilisés dans le modèle. Assurez-vous qu'il ne s'agit pas d'une erreur de saisie",""))
A10: Autres revenus | E10: =SUM(E8:E9) -> 89.2395 | G10: =SUM(G8:G9) -> 101.6862
A12: TOTAL PRODUITS | E12: =SUM(E5:E10) -> 2603.789 | G12: =SUM(G5:G10) -> 2624.4724
A15: FRAIS VARIABLES
A16: Semences | E16: 296.35 | H16: =IF(G16="","",IF(OR(G16>E16*(1+0.5),G16<E16*(1-0.5)),"La valeur saisie diffère grandement des coûts utilisés dans le modèle. Assurez-vous qu'il ne s'agit pas d'une erreur de saisie",""))
A17: Fertilisants | E17: 399.03 | H17: =IF(G17="","",IF(OR(G17>E17*(1+0.5),G17<E17*(1-0.5)),"La valeur saisie diffère grandement des coûts utilisés dans le modèle. Assurez-vous qu'il ne s'agit pas d'une erreur de saisie",""))
A18: Chaulage | E18: 7.31 | H18: =IF(G18="","",IF(OR(G18>E18*(1+0.5),G18<E18*(1-0.5)),"La valeur saisie diffère grandement des coûts utilisés dans le modèle. Assurez-vous qu'il ne s'agit pas d'une erreur de saisie",""))
A19: Pesticides | E19: 60.69 | H19: =IF(G19="","",IF(OR(G19>E19*(1+0.5),G19<E19*(1-0.5)),"La valeur saisie diffère grandement des coûts utilisés dans le modèle. Assurez-vous qu'il ne s'agit pas d'une erreur de saisie",""))
A20: Total des intrants | E20: =SUM(E16:E19) -> 763.38 | G20: =SUM(G16:G19) -> 0
A21: Location de machineries, bâtiments | E21: 7.12 | H21: =IF(G21="","",IF(OR(G21>E21*(1+0.5),G21<E21*(1-0.5)),"La valeur saisie diffère grandement des coûts utilisés dans le modèle. Assurez-vous qu'il ne s'agit pas d'une erreur de saisie",""))
A22: Location de fonds de terre | E22: 125.6 | H22: =IF(G22="","",IF(OR(G22>E22*(1+0.5),G22<E22*(1-0.5)),"La valeur saisie diffère grandement des coûts utilisés dans le modèle. Assurez-vous qu'il ne s'agit pas d'une erreur de saisie",""))
A23: Travaux à forfait | E23: 79.93 | H23: =IF(G23="","",IF(OR(G23>E23*(1+0.5),G23<E23*(1-0.5)),"La valeur saisie diffère grandement des coûts utilisés dans le modèle. Assurez-vous qu'il ne s'agit pas d'une erreur de saisie",""))
A24: Mais-d'oeuvre additionnelle | E24: 94.32 | H24: =IF(G24="","",IF(OR(G24>E24*(1+0.5),G24<E24*(1-0.5)),"La valeur saisie diffère grandement des coûts utilisés dans le modèle. Assurez-vous qu'il ne s'agit pas d'une erreur de saisie",""))
A25: Entretien et réparation machinerie | E25: 119.87 | H25: =IF(G25="","",IF(OR(G25>E25*(1+0.5),G25<E25*(1-0.5)),"La valeur saisie diffère grandement des coûts utilisés dans le modèle. Assurez-vous qu'il ne s'agit pas d'une erreur de saisie",""))
A26: Carburants | E26: 92.68 | H26: =IF(G26="","",IF(OR(G26>E26*(1+0.5),G26<E26*(1-0.5)),"La valeur saisie diffère grandement des coûts utilisés dans le modèle. Assurez-vous qu'il ne s'agit pas d'une erreur de saisie",""))
A27: Gaz propane | D27: =240.09/7.1 -> 33.815493 | E27: =240.09 -> 240.09 | H27: =IF(G27="","",IF(OR(G27>E27*(1+0.5),G27<E27*(1-0.5)),"La valeur saisie diffère grandement des coûts utilisés dans le modèle. Assurez-vous qu'il ne s'agit pas d'une erreur de saisie",""))
A28: Total des frais de machinerie et main-d'oeuvre | E28: =SUM(E21:E27) -> 759.61 | G28: =SUM(G21:G27) -> 0
A29: Électricité | E29: 9.36 | H29: =IF(G29="","",IF(OR(G29>E29*(1+0.5),G29<E29*(1-0.5)),"La valeur saisie diffère grandement des coûts utilisés dans le modèle. Assurez-vous qu'il ne s'agit pas d'une erreur de saisie",""))
A30: Frais de mise en marché | D30: =19.61/7.1 -> 2.7619718 | E30: 19.61 | H30: =IF(G30="","",IF(OR(G30>E30*(1+0.5),G30<E30*(1-0.5)),"La valeur saisie diffère grandement des coûts utilisés dans le modèle. Assurez-vous qu'il ne s'agit pas d'une erreur de saisie",""))
A31: Intérêts sur emprunt à court terme | E31: 9.24 | H31: =IF(G31="","",IF(OR(G31>E31*(1+0.5),G31<E31*(1-0.5)),"La valeur saisie diffère grandement des coûts utilisés dans le modèle. Assurez-vous qu'il ne s'agit pas d'une erreur de saisie",""))
A32: Total des autres frais directs | E32: =SUM(E29:E31) -> 38.21 | G32: =SUM(G29:G31) -> 0
B33: Sous-total | E33: =E20+E28+E32 -> 1561.2 | G33: =G20+G28+G32 -> 0
H34: =IF(G34="","",IF(OR(G34>E34*(1+0.5),G34<E34*(1-0.5)),"La valeur saisie diffère grandement des coûts utilisés dans le modèle. Assurez-vous qu'il ne s'agit pas d'une erreur de saisie",""))
A35: Contribution d'assurance stabilisation | E35: 0 | H35: =IF(G35="","",IF(OR(G35>E35*(1+0.5),G35<E35*(1-0.5)),"La valeur saisie diffère grandement des coûts utilisés dans le modèle. Assurez-vous qu'il ne s'agit pas d'une erreur de saisie",""))
A36: Contribution aux autres programmes | E36: 8.44 | H36: =IF(G36="","",IF(OR(G36>E36*(1+0.5),G36<E36*(1-0.5)),"La valeur saisie diffère grandement des coûts utilisés dans le modèle. Assurez-vous qu'il ne s'agit pas d'une erreur de saisie",""))
A38: MARGE BÉNÉFICIAIRE APRÈS COÛTS VARIABLES (MARGE VARIABLE) | E38: =E12-(E33+SUM(E35:E36)) -> 1034.149 | G38: =G12-(G33+SUM(G35:G36)) -> 2624.4724
A40: FRAIS FIXES
A41: Entretien bâtiments et fonds de terre | E41: 29.65 | H41: =IF(G41="","",IF(OR(G41>E41*(1+0.5),G41<E41*(1-0.5)),"La valeur saisie diffère grandement des coûts utilisés dans le modèle. Assurez-vous qu'il ne s'agit pas d'une erreur de saisie",""))
A42: Assurances diverses | E42: 51.08 | H42: =IF(G42="","",IF(OR(G42>E42*(1+0.5),G42<E42*(1-0.5)),"La valeur saisie diffère grandement des coûts utilisés dans le modèle. Assurez-vous qu'il ne s'agit pas d'une erreur de saisie",""))
A43: Taxes foncières | E43: 33.29 | H43: =IF(G43="","",IF(OR(G43>E43*(1+0.5),G43<E43*(1-0.5)),"La valeur saisie diffère grandement des coûts utilisés dans le modèle. Assurez-vous qu'il ne s'agit pas d'une erreur de saisie",""))
A44: Intérêts sur emprunts à moyen et long terme | E44: 86.13 | H44: =IF(G44="","",IF(OR(G44>E44*(1+0.5),G44<E44*(1-0.5)),"La valeur saisie diffère grandement des coûts utilisés dans le modèle. Assurez-vous qu'il ne s'agit pas d'une erreur de saisie",""))
A45: Autres frais | E45: 47.46 | H45: =IF(G45="","",IF(OR(G45>E45*(1+0.5),G45<E45*(1-0.5)),"La valeur saisie diffère grandement des coûts utilisés dans le modèle. Assurez-vous qu'il ne s'agit pas d'une erreur de saisie",""))
B46: Sous-total | E46: =SUM(E41:E45) -> 247.61 | G46: =SUM(G41:G45) -> 0
A48: MARGE BÉNÉFICIAIRE APRÈS FRAIS MONÉTAIRES (MARGE MONÉTAIRE) | E48: =E38-E46 -> 786.539 | G48: =G38-G46 -> 2624.4724
A50: FRAIS NON MONÉTAIRES
A51: Amortissements | E51: 257.36 | H51: =IF(G51="","",IF(OR(G51>E51*(1+0.5),G51<E51*(1-0.5)),"La valeur saisie diffère grandement des coûts utilisés dans le modèle. Assurez-vous qu'il ne s'agit pas d'une erreur de saisie",""))
A52: Rénumération du travail de l'exploitant | E52: 171.29 | H52: =IF(G52="","",IF(OR(G52>E52*(1+0.5),G52<E52*(1-0.5)),"La valeur saisie diffère grandement des coûts utilisés dans le modèle. Assurez-vous qu'il ne s'agit pas d'une erreur de saisie",""))
A53: Rénumération de l'avoir du propriétaire | E53: 149.86 | H53: =IF(G53="","",IF(OR(G53>E53*(1+0.5),G53<E53*(1-0.5)),"La valeur saisie diffère grandement des coûts utilisés dans le modèle. Assurez-vous qu'il ne s'agit pas d'une erreur de saisie",""))
B54: Sous-total | E54: =SUM(E51:E53) -> 578.51 | G54: =SUM(G51:G53) -> 0
A56: MARGE BÉNÉFICIAIRE APRÈS LES AMORTISSEMENTS ET LES RÉNUMÉRATIONS DU TRAVAIL ET DE L'AVOIR (MARGE NETTE) | E56: =E48-E54 -> 208.029 | G56: =G48-G54 -> 2624.4724

Sheet Canola
E1: $/ha | G1: $/ha
E2: Périphérique | G2: Vos coûts
A3: PRODUITS
A4: Vente | E4: =Saisies!B9*Saisies!B22 -> 1566.3 | G4: =IF(Saisies!C9="",Saisies!B9,Saisies!C9)*IF(Saisies!C22="",Saisies!B22,Saisies!C22) -> 1566.3 | H4: =IF(G4="","",IF(OR(G4>E4*(1+0.5),G4<E4*(1-0.5)),"La valeur saisie diffère grandement des coûts utilisés dans le modèle. Assurez-vous qu'il ne s'agit pas d'une erreur de saisie",""))
A5: Compensation d'assurance stabilisation | E5: =IF(ASRA_Calculs!$B$3>ASRA_Calculs!$C$3,(ASRA_Calculs!$C$3-ASRA_Calculs!$B$3)*ASRA_Calculs!$D$3,0) -> 0 | G5: =IF(ASRA_Calculs!$B$3>ASRA_Calculs!$C$3,(ASRA_Calculs!$C$3-ASRA_Calculs!$B$3)*ASRA_Calculs!$D$3,0) -> 0 | H5: =IF(G5="","",IF(OR(G5>E5*(1+0.5),G5<E5*(1-0.5)),"La valeur saisie diffère grandement des coûts utilisés dans le modèle. Assurez-vous qu'il ne s'agit pas d'une erreur de saisie",""))
A6: Revenus de sous-produits | E6: 0 | H6: =IF(G6="","",IF(OR(G6>E6*(1+0.5),G6<E6*(1-0.5)),"La valeur saisie diffère grandement des coûts utilisés dans le modèle. Assurez-vous qu'il ne s'agit pas d'une erreur de saisie",""))
A7: Agri-Québec et Agri-Investissement | E7: =(E4-E15)*0.01 -> 13.9181 | G7: =(G4-G15)*0.01 -> 15.663
A8: Autres revenus | E8: 39.78
A9: Autres revenus | E9: =SUM(E7:E8) -> 53.6981 | G9: =SUM(G7:G8) -> 15.663
A11: TOTAL PRODUITS | E11: =SUM(E4:E9) -> 1673.6962 | G11: =SUM(G4:G9) -> 1597.626
A14: FRAIS VARIABLES
A15: Semences | E15: 174.49 | H15: =IF(G15="","",IF(OR(G15>E15*(1+0.5),G15<E15*(1-0.5)),"La valeur saisie diffère grandement des coûts utilisés dans le modèle. Assurez-vous qu'il ne s'agit pas d'une erreur de saisie",""))
A16: Fertilisants | E16: 268.87 | H16: =IF(G16="","",IF(OR(G16>E16*(1+0.5),G16<E16*(1-0.5)),"La valeur saisie diffère grandement des coûts utilisés dans le modèle. Assurez-vous qu'il ne s'agit pas d'une erreur de saisie",""))
A17: Chaulage | E17: 8.99 | H17: =IF(G17="","",IF(OR(G17>E17*(1+0.5),G17<E17*(1-0.5)),"La valeur saisie diffère grandement des coûts utilisés dans le modèle. Assurez-vous qu'il ne s'agit pas d'une erreur de saisie",""))
A18: Pesticides | E18: 70.78 | H18: =IF(G18="","",IF(OR(G18>E18*(1+0.5),G18<E18*(1-0.5)),"La valeur saisie diffère grandement des coûts utilisés dans le modèle. Assurez-vous qu'il ne s'agit pas d'une erreur de saisie",""))
A19: Total des intrants | E19: =SUM(E15:E18) -> 523.13 | G19: =SUM(G15:G18) -> 0
A20: Location de machineries, bâtiments | E20: 25.46 | H20: =IF(G20="","",IF(OR(G20>E20*(1+0.5),G20<E20*(1-0.5)),"La valeur saisie diffère grandement des coûts utilisés dans le modèle. Assurez-vous qu'il ne s'agit pas d'une erreur de saisie",""))
A21: Location de fonds de terre | E21: 47.58 | H21: =IF(G21="","",IF(OR(G21>E21*(1+0.5),G21<E21*(1-0.5)),"La valeur saisie diffère grandement des coûts utilisés dans le modèle. Assurez-vous qu'il ne s'agit pas d'une erreur de saisie",""))
A22: Travaux à forfait | E22: 20.18 | H22: =IF(G22="","",IF(OR(G22>E22*(1+0.5),G22<E22*(1-0.5)),"La valeur saisie diffère grandement des coûts utilisés dans le modèle. Assurez-vous qu'il ne s'agit pas d'une erreur de saisie",""))
A23: Mais-d'oeuvre additionnelle | E23: 38.03 | H23: =IF(G23="","",IF(OR(G23>E23*(1+0.5),G23<E23*(1-0.5)),"La valeur saisie diffère grandement des coûts utilisés dans le modèle. Assurez-vous qu'il ne s'agit pas d'une erreur de saisie",""))
A24: Entretien et réparation machinerie | E24: 71.81 | H24: =IF(G24="","",IF(OR(G24>E24*(1+0.5),G24<E24*(1-0.5)),"La valeur saisie diffère grandement des coûts utilisés dans le modèle. Assurez-vous qu'il ne s'agit pas d'une erreur de saisie",""))
A25: Carburants | E25: 62.44 | H25: =IF(G25="","",IF(OR(G25>E25*(1+0.5),G25<E25*(1-0.5)),"La valeur saisie diffère grandement des coûts utilisés dans le modèle. Assurez-vous qu'il ne s'agit pas d'une erreur de saisie",""))
A26: Gaz propane | D26: =30.13/2.3 -> 13.1 | E26: 30.13 | H26: =IF(G26="","",IF(OR(G26>E26*(1+0.5),G26<E26*(1-0.5)),"La valeur saisie diffère grandement des coûts utilisés dans le modèle. Assurez-vous qu'il ne s'agit pas d'une erreur de saisie",""))
A27: Total des frais de machinerie et main-d'oeuvre | E27: =SUM(E20:E26) -> 295.63 | G27: =SUM(G20:G26) -> 0
A28: Électricité | E28: 4.53 | H28: =IF(G28="","",IF(OR(G28>E28*(1+0.5),G28<E28*(1-0.5)),"La valeur saisie diffère grandement des coûts utilisés dans le modèle. Assurez-vous qu'il ne s'agit pas d'une erreur de saisie",""))
A29: Frais de mise en marché | D29: =33.51/2.3 -> 14.569565 | E29: 33.51 | H29: =IF(G29="","",IF(OR(G29>E29*(1+0.5),G29<E29*(1-0.5)),"La valeur saisie diffère grandement des coûts utilisés dans le modèle. Assurez-vous qu'il ne s'agit pas d'une erreur de saisie",""))
A30: Intérêts sur emprunt à court terme | E30: 18.18 | H30: =IF(G30="","",IF(OR(G30>E30*(1+0.5),G30<E30*(1-0.5)),"La valeur saisie diffère grandement des coûts utilisés dans le modèle. Assurez-vous qu'il ne s'agit pas d'une erreur de saisie",""))
A31: Total des autres frais directs | E31: =SUM(E28:E30) -> 56.22 | G31: =SUM(G28:G30) -> 0
B32: Sous-total | E32: =E19+E27+E31 -> 874.98 | G32: =G19+G27+G31 -> 0
A34: Contribution d'assurance stabilisation | E34: 10.57 | H34: =IF(G34="","",IF(OR(G34>E34*(1+0.5),G34<E34*(1-0.5)),"La valeur saisie diffère grandement des coûts utilisés dans le modèle. Assurez-vous qu'il ne s'agit pas d'une erreur de saisie",""))
A35: Contribution aux autres programmes | E35: 6.78 | H35: =IF(G35="","",IF(OR(G35>E35*(1+0.5),G35<E35*(1-0.5)),"La valeur saisie diffère grandement des coûts utilisés dans le modèle. Assurez-vous qu'il ne s'agit pas d'une erreur de saisie",""))
A37: MARGE BÉNÉFICIAIRE APRÈS COÛTS VARIABLES (MARGE VARIABLE) | E37: =E11-(E32+SUM(E34:E35)) -> 781.3662 | G37: =G11-(G32+SUM(G34:G35)) -> 1597.626
A39: FRAIS FIXES
A40: Entretien bâtiments et fonds de terre | E40: 8.71 | H40: =IF(G40="","",IF(OR(G40>E40*(1+0.5),G40<E40*(1-0.5)),"La valeur saisie diffère grandement des coûts utilisés dans le modèle. Assurez-vous qu'il ne s'agit pas d'une erreur de saisie",""))
A41: Assurances diverses | E41: 18.08 | H41: =IF(G41="","",IF(OR(G41>E41*(1+0.5),G41<E41*(1-0.5)),"La valeur saisie diffère grandement des coûts utilisés dans le modèle. Assurez-vous qu'il ne s'agit pas d'une erreur de saisie",""))
A42: Taxes foncières | E42: 10.47 | H42: =IF(G42="","",IF(OR(G42>E42*(1+0.5),G42<E42*(1-0.5)),"La valeur saisie diffère grandement des coûts utilisés dans le modèle. Assurez-vous qu'il ne s'agit pas d'une erreur de saisie",""))
A43: Intérêts sur emprunts à moyen et long terme | E43: 50.3 | H43: =IF(G43="","",IF(OR(G43>E43*(1+0.5),G43<E43*(1-0.5)),"La valeur saisie diffère grandement des coûts utilisés dans le modèle. Assurez-vous qu'il ne s'agit pas d'une erreur de saisie",""))
A44: Autres frais | E44: 30.74 | H44: =IF(G44="","",IF(OR(G44>E44*(1+0.5),G44<E44*(1-0.5)),"La valeur saisie diffère grandement des coûts utilisés dans le modèle. Assurez-vous qu'il ne s'agit pas d'une erreur de saisie",""))
B45: Sous-total | E45: =SUM(E40:E44) -> 118.3 | G45: =SUM(G40:G44) -> 0
A47: MARGE BÉNÉFICIAIRE APRÈS FRAIS MONÉTAIRES (MARGE MONÉTAIRE) | E47: =E37-E45 -> 663.0662 | G47: =G37-G45 -> 1597.626
A49: FRAIS NON MONÉTAIRES
A50: Amortissements | E50: 134.34 | H50: =IF(G50="","",IF(OR(G50>E50*(1+0.5),G50<E50*(1-0.5)),"La valeur saisie diffère grandement des coûts utilisés dans le modèle. Assurez-vous qu'il ne s'agit pas d'une erreur de saisie",""))
A51: Rénumération du travail de l'exploitant | E51: 133.45 | H51: =IF(G51="","",IF(OR(G51>E51*(1+0.5),G51<E51*(1-0.5)),"La valeur saisie diffère grandement des coûts utilisés dans le modèle. Assurez-vous qu'il ne s'agit pas d'une erreur de saisie",""))
A52: Rénumération de l'avoir du propriétaire | E52: 17.05 | H52: =IF(G52="","",IF(OR(G52>E52*(1+0.5),G52<E52*(1-0.5)),"La valeur saisie diffère grandement des coûts utilisés dans le modèle. Assurez-vous qu'il ne s'agit pas d'une erreur de saisie",""))
B53: Sous-total | E53: =SUM(E50:E52) -> 284.84 | G53: =SUM(G50:G52) -> 0
A55: MARGE BÉNÉFICIAIRE APRÈS LES AMORTISSEMENTS ET LES RÉNUMÉRATIONS DU TRAVAIL ET DE L'AVOIR (MARGE NETTE) | E55: =E47-E53 -> 378.2262 | G55: =G47-G53 -> 1597.626

Sheet Soya
E1: $/ha | G1: $/ha
E2: Périphérique | G2: Vos coûts
A3: PRODUITS
A4: Vente | E4: =Saisies!B10*Saisies!B23 -> 1566 | G4: =IF(Saisies!C10="",Saisies!B10,Saisies!C10)*IF(Saisies!C23="",Saisies!B23,Saisies!C23) -> 1566 | H4: =IF(G4="","",IF(OR(G4>E4*(1+0.5),G4<E4*(1-0.5)),"La valeur saisie diffère grandement des coûts utilisés dans le modèle. Assurez-vous qu'il ne s'agit pas d'une erreur de saisie",""))
A5: Compensation d'assurance stabilisation | E5: =IF(ASRA_Calculs!$B$4<ASRA_Calculs!$C$4,(ASRA_Calculs!$C$4-ASRA_Calculs!$B$4)*ASRA_Calculs!$D$4,0) -> 0 | G5: =IF(ASRA_Calculs!$B$4<ASRA_Calculs!$C$4,(ASRA_Calculs!$C$4-ASRA_Calculs!$B$4)*ASRA_Calculs!$D$4,0) -> 0 | H5: =IF(G5="","",IF(OR(G5>E5*(1+0.5),G5<E5*(1-0.5)),"La valeur saisie diffère grandement des coûts utilisés dans le modèle. Assurez-vous qu'il ne s'agit pas d'une erreur de saisie",""))
A6: Revenus de sous-produits | E6: 53.32 | H6: =IF(G6="","",IF(OR(G6>E6*(1+0.5),G6<E6*(1-0.5)),"La valeur saisie diffère grandement des coûts utilisés dans le modèle. Assurez-vous qu'il ne s'agit pas d'une erreur de saisie",""))
A7: Agri-Québec et Agri-Investissement | E7: =(E4-E15)*0.042 -> 57.70044 | G7: =(G4-G15)*0.042 -> 65.772 | H7: =IF(G7="","",IF(OR(G7>E7*(1+0.5),G7<E7*(1-0.5)),"La valeur saisie diffère grandement des coûts utilisés dans le modèle. Assurez-vous qu'il ne s'agit pas d'une erreur de saisie",""))
A8: Autres revenus | E8: 19.11 | H8: =IF(G8="","",IF(OR(G8>E8*(1+0.5),G8<E8*(1-0.5)),"La valeur saisie diffère grandement des coûts utilisés dans le modèle. Assurez-vous qu'il ne s'agit pas d'une erreur de saisie",""))
A9: Autres revenus | E9: =SUM(E7:E8) -> 76.81044 | G9: =SUM(G7:G8) -> 65.772
A11: TOTAL PRODUITS | E11: =SUM(E4:E9) -> 1772.9409 | G11: =SUM(G4:G9) -> 1697.544
A14: FRAIS VARIABLES
A15: Semences | E15: 192.18 | H15: =IF(G15="","",IF(OR(G15>E15*(1+0.5),G15<E15*(1-0.5)),"La valeur saisie diffère grandement des coûts utilisés dans le modèle. Assurez-vous qu'il ne s'agit pas d'une erreur de saisie",""))
A16: Fertilisants | E16: 47.68 | H16: =IF(G16="","",IF(OR(G16>E16*(1+0.5),G16<E16*(1-0.5)),"La valeur saisie diffère grandement des coûts utilisés dans le modèle. Assurez-vous qu'il ne s'agit pas d'une erreur de saisie",""))
A17: Chaulage | E17: 2.69 | H17: =IF(G17="","",IF(OR(G17>E17*(1+0.5),G17<E17*(1-0.5)),"La valeur saisie diffère grandement des coûts utilisés dans le modèle. Assurez-vous qu'il ne s'agit pas d'une erreur de saisie",""))
A18: Pesticides | E18: 93.36 | H18: =IF(G18="","",IF(OR(G18>E18*(1+0.5),G18<E18*(1-0.5)),"La valeur saisie diffère grandement des coûts utilisés dans le modèle. Assurez-vous qu'il ne s'agit pas d'une erreur de saisie",""))
A19: Total des intrants | E19: =SUM(E15:E18) -> 335.91 | G19: =SUM(G15:G18) -> 0
A20: Location de machineries, bâtiments | E20: 10.63 | H20: =IF(G20="","",IF(OR(G20>E20*(1+0.5),G20<E20*(1-0.5)),"La valeur saisie diffère grandement des coûts utilisés dans le modèle. Assurez-vous qu'il ne s'agit pas d'une erreur de saisie",""))
A21: Location de fonds de terre | E21: 125.62 | H21: =IF(G21="","",IF(OR(G21>E21*(1+0.5),G21<E21*(1-0.5)),"La valeur saisie diffère grandement des coûts utilisés dans le modèle. Assurez-vous qu'il ne s'agit pas d'une erreur de saisie",""))
A22: Travaux à forfait | E22: 39.55 | H22: =IF(G22="","",IF(OR(G22>E22*(1+0.5),G22<E22*(1-0.5)),"La valeur saisie diffère grandement des coûts utilisés dans le modèle. Assurez-vous qu'il ne s'agit pas d'une erreur de saisie",""))
A23: Mais-d'oeuvre additionnelle | E23: 74.71 | H23: =IF(G23="","",IF(OR(G23>E23*(1+0.5),G23<E23*(1-0.5)),"La valeur saisie diffère grandement des coûts utilisés dans le modèle. Assurez-vous qu'il ne s'agit pas d'une erreur de saisie",""))
A24: Entretien et réparation machinerie | E24: 92.87 | H24: =IF(G24="","",IF(OR(G24>E24*(1+0.5),G24<E24*(1-0.5)),"La valeur saisie diffère grandement des coûts utilisés dans le modèle. Assurez-vous qu'il ne s'agit pas d'une erreur de saisie",""))
A25: Carburants | E25: 77.68 | H25: =IF(G25="","",IF(OR(G25>E25*(1+0.5),G25<E25*(1-0.5)),"La valeur saisie diffère grandement des coûts utilisés dans le modèle. Assurez-vous qu'il ne s'agit pas d'une erreur de saisie",""))
A26: Gaz propane | D26: =0.2/2.7 -> 0.074074074 | E26: 0.2 | H26: =IF(G26="","",IF(OR(G26>E26*(1+0.5),G26<E26*(1-0.5)),"La valeur saisie diffère grandement des coûts utilisés dans le modèle. Assurez-vous qu'il ne s'agit pas d'une erreur de saisie",""))
A27: Total des frais de machinerie et main-d'oeuvre | E27: =SUM(E20:E26) -> 421.26 | G27: =SUM(G20:G26) -> 0
A28: Électricité | E28: 5.13 | H28: =IF(G28="","",IF(OR(G28>E28*(1+0.5),G28<E28*(1-0.5)),"La valeur saisie diffère grandement des coûts utilisés dans le modèle. Assurez-vous qu'il ne s'agit pas d'une erreur de saisie",""))
A29: Frais de mise en marché | D29: =14.1/2.7 -> 5.2222222 | E29: 14.1 | H29: =IF(G29="","",IF(OR(G29>E29*(1+0.5),G29<E29*(1-0.5)),"La valeur saisie diffère grandement des coûts utilisés dans le modèle. Assurez-vous qu'il ne s'agit pas d'une erreur de saisie",""))
A30: Intérêts sur emprunt à court terme | E30: 6.55 | H30: =IF(G30="","",IF(OR(G30>E30*(1+0.5),G30<E30*(1-0.5)),"La valeur saisie diffère grandement des coûts utilisés dans le modèle. Assurez-vous qu'il ne s'agit pas d'une erreur de saisie",""))
A31: Total des autres frais directs | E31: =SUM(E28:E30) -> 25.78 | G31: =SUM(G28:G30) -> 0
B32: Sous-total | E32: =E19+E27+E31 -> 782.95 | G32: =G31+G27+G19 -> 0
A34: Contribution d'assurance stabilisation | E34: 0 | H34: =IF(G34="","",IF(OR(G34>E34*(1+0.5),G34<E34*(1-0.5)),"La valeur saisie diffère grandement des coûts utilisés dans le modèle. Assurez-vous qu'il ne s'agit pas d'une erreur de saisie",""))
A35: Contribution aux autres programmes | E35: 7.84 | H35: =IF(G35="","",IF(OR(G35>E35*(1+0.5),G35<E35*(1-0.5)),"La valeur saisie diffère grandement des coûts utilisés dans le modèle. Assurez-vous qu'il ne s'agit pas d'une erreur de saisie",""))
A37: MARGE BÉNÉFICIAIRE APRÈS COÛTS VARIABLES | E37: =E11-(E32+SUM(E34:E35)) -> 982.15088 | G37: =G11-(G32+SUM(G34:G35)) -> 1697.544
A39: FRAIS FIXES
A40: Entretien bâtiments et fonds de terre | E40: 17.21 | H40: =IF(G40="","",IF(OR(G40>E40*(1+0.5),G40<E40*(1-0.5)),"La valeur saisie diffère grandement des coûts utilisés dans le modèle. Assurez-vous qu'il ne s'agit pas d'une erreur de saisie",""))
A41: Assurances diverses | E41: 31.83 | H41: =IF(G41="","",IF(OR(G41>E41*(1+0.5),G41<E41*(1-0.5)),"La valeur saisie diffère grandement des coûts utilisés dans le modèle. Assurez-vous qu'il ne s'agit pas d'une erreur de saisie",""))
A42: Taxes foncières | E42: 27.29 | H42: =IF(G42="","",IF(OR(G42>E42*(1+0.5),G42<E42*(1-0.5)),"La valeur saisie diffère grandement des coûts utilisés dans le modèle. Assurez-vous qu'il ne s'agit pas d'une erreur de saisie",""))
A43: Intérêts sur emprunts à moyen et long terme | E43: 75.48 | H43: =IF(G43="","",IF(OR(G43>E43*(1+0.5),G43<E43*(1-0.5)),"La valeur saisie diffère grandement des coûts utilisés dans le modèle. Assurez-vous qu'il ne s'agit pas d'une erreur de saisie",""))
A44: Autres frais | E44: 30.53 | H44: =IF(G44="","",IF(OR(G44>E44*(1+0.5),G44<E44*(1-0.5)),"La valeur saisie diffère grandement des coûts utilisés dans le modèle. Assurez-vous qu'il ne s'agit pas d'une erreur de saisie",""))
B45: Sous-total | E45: =SUM(E40:E44) -> 182.34 | G45: =SUM(G40:G44) -> 0
A47: MARGE BÉNÉFICIAIRE APRÈS FRAIS MONÉTAIRES | E47: =E37-E45 -> 799.81088 | G47: =G37-G45 -> 1697.544
A49: FRAIS NON MONÉTAIRES
A50: Amortissements | E50: 176.77 | H50: =IF(G50="","",IF(OR(G50>E50*(1+0.5),G50<E50*(1-0.5)),"La valeur saisie diffère grandement des coûts utilisés dans le modèle. Assurez-vous qu'il ne s'agit pas d'une erreur de saisie",""))
A51: Rénumération du travail de l'exploitant | E51: 165.51 | H51: =IF(G51="","",IF(OR(G51>E51*(1+0.5),G51<E51*(1-0.5)),"La valeur saisie diffère grandement des coûts utilisés dans le modèle. Assurez-vous qu'il ne s'agit pas d'une erreur de saisie",""))
A52: Rénumération de l'avoir du propriétaire | E52: 114.21 | H52: =IF(G52="","",IF(OR(G52>E52*(1+0.5),G52<E52*(1-0.5)),"La valeur saisie diffère grandement des coûts utilisés dans le modèle. Assurez-vous qu'il ne s'agit pas d'une erreur de saisie",""))
B53: Sous-total | E53: =SUM(E50:E52) -> 456.49 | G53: =SUM(G50:G52) -> 0
A55: MARGE BÉNÉFICIAIRE APRÈS LES AMORTISSEMENTS ET LES RÉNUMÉRATIONS DU TRAVAIL ET DE L'AVOIR | E55: =E47-E53 -> 343.32088 | G55: =G47-G53 -> 1697.544

Sheet Orge
E1: $/ha | G1: $/ha
E2: Périphérique | G2: Vos Coûts
A3: PRODUITS
A4: Vente | E4: =Saisies!B11*Saisies!B24 -> 907.5 | G4: =IF(Saisies!C11="",Saisies!B11,Saisies!C11)*IF(Saisies!C24="",Saisies!B24,Saisies!C24) -> 907.5 | H4: =IF(G4="","",IF(OR(G4>E4*(1+0.5),G4<E4*(1-0.5)),"La valeur saisie diffère grandement des coûts utilisés dans le modèle. Assurez-vous qu'il ne s'agit pas d'une erreur de saisie",""))
A5: Compensation d'assurance stabilisation | E5: =IF(ASRA_Calculs!$B$5<ASRA_Calculs!$C$5,(ASRA_Calculs!$C$5-ASRA_Calculs!$B$5)*ASRA_Calculs!$D$5,0) -> 0 | G5: =IF(ASRA_Calculs!$B$5<ASRA_Calculs!$C$5,(ASRA_Calculs!$C$5-ASRA_Calculs!$B$5)*ASRA_Calculs!$D$5,0) -> 0 | H5: =IF(G5="","",IF(OR(G5>E5*(1+0.5),G5<E5*(1-0.5)),"La valeur saisie diffère grandement des coûts utilisés dans le modèle. Assurez-vous qu'il ne s'agit pas d'une erreur de saisie",""))
A6: Revenus de pailles | E6: 165.64 | H6: =IF(G6="","",IF(OR(G6>E6*(1+0.5),G6<E6*(1-0.5)),"La valeur saisie diffère grandement des coûts utilisés dans le modèle. Assurez-vous qu'il ne s'agit pas d'une erreur de saisie",""))
A7: Agri-Québec et Agri-Investissement | E7: =(E4+E6-E15)*0.01 -> 9.3592 | G7: =(G4+G6-G15)*0.01 -> 9.075 | H7: =IF(G7="","",IF(OR(G7>E7*(1+0.5),G7<E7*(1-0.5)),"La valeur saisie diffère grandement des coûts utilisés dans le modèle. Assurez-vous qu'il ne s'agit pas d'une erreur de saisie",""))
A8: Autres revenus | E8: 74.01 | H8: =IF(G8="","",IF(OR(G8>E8*(1+0.5),G8<E8*(1-0.5)),"La valeur saisie diffère grandement des coûts utilisés dans le modèle. Assurez-vous qu'il ne s'agit pas d'une erreur de saisie",""))
A9: Autres revenus | E9: =SUM(E7:E8) -> 83.3692 | G9: =SUM(G7:G8) -> 9.075
A11: TOTAL PRODUITS | E11: =SUM(E4:E9) -> 1239.8784 | G11: =SUM(G4:G9) -> 925.65
A14: FRAIS VARIABLES
A15: Semences | E15: 137.22 | H15: =IF(G15="","",IF(OR(G15>E15*(1+0.5),G15<E15*(1-0.5)),"La valeur saisie diffère grandement des coûts utilisés dans le modèle. Assurez-vous qu'il ne s'agit pas d'une erreur de saisie",""))
A16: Fertilisants | E16: 143.56 | H16: =IF(G16="","",IF(OR(G16>E16*(1+0.5),G16<E16*(1-0.5)),"La valeur saisie diffère grandement des coûts utilisés dans le modèle. Assurez-vous qu'il ne s'agit pas d'une erreur de saisie",""))
A17: Chaulage | E17: 4.89 | H17: =IF(G17="","",IF(OR(G17>E17*(1+0.5),G17<E17*(1-0.5)),"La valeur saisie diffère grandement des coûts utilisés dans le modèle. Assurez-vous qu'il ne s'agit pas d'une erreur de saisie",""))
A18: Pesticides | E18: 44.38 | H18: =IF(G18="","",IF(OR(G18>E18*(1+0.5),G18<E18*(1-0.5)),"La valeur saisie diffère grandement des coûts utilisés dans le modèle. Assurez-vous qu'il ne s'agit pas d'une erreur de saisie",""))
A19: Total des intrants | E19: =SUM(E15:E18) -> 330.05 | G19: =SUM(G15:G18) -> 0
A20: Location de machineries, bâtiments | E20: 13.28 | H20: =IF(G20="","",IF(OR(G20>E20*(1+0.5),G20<E20*(1-0.5)),"La valeur saisie diffère grandement des coûts utilisés dans le modèle. Assurez-vous qu'il ne s'agit pas d'une erreur de saisie",""))
A21: Location de fonds de terre | E21: 22.08 | H21: =IF(G21="","",IF(OR(G21>E21*(1+0.5),G21<E21*(1-0.5)),"La valeur saisie diffère grandement des coûts utilisés dans le modèle. Assurez-vous qu'il ne s'agit pas d'une erreur de saisie",""))
A22: Travaux à forfait | E22: 4.98 | H22: =IF(G22="","",IF(OR(G22>E22*(1+0.5),G22<E22*(1-0.5)),"La valeur saisie diffère grandement des coûts utilisés dans le modèle. Assurez-vous qu'il ne s'agit pas d'une erreur de saisie",""))
A23: Main-d'oeuvre additionnelle | E23: 35.67 | H23: =IF(G23="","",IF(OR(G23>E23*(1+0.5),G23<E23*(1-0.5)),"La valeur saisie diffère grandement des coûts utilisés dans le modèle. Assurez-vous qu'il ne s'agit pas d'une erreur de saisie",""))
A24: Entretien et réparation machinerie | E24: 90.77 | H24: =IF(G24="","",IF(OR(G24>E24*(1+0.5),G24<E24*(1-0.5)),"La valeur saisie diffère grandement des coûts utilisés dans le modèle. Assurez-vous qu'il ne s'agit pas d'une erreur de saisie",""))
A25: Carburants | E25: 66.17 | H25: =IF(G25="","",IF(OR(G25>E25*(1+0.5),G25<E25*(1-0.5)),"La valeur saisie diffère grandement des coûts utilisés dans le modèle. Assurez-vous qu'il ne s'agit pas d'une erreur de saisie",""))
A26: Gaz propane | D26: =62.15/3.3 -> 18.833333 | E26: 62.15 | H26: =IF(G26="","",IF(OR(G26>E26*(1+0.5),G26<E26*(1-0.5)),"La valeur saisie diffère grandement des coûts utilisés dans le modèle. Assurez-vous qu'il ne s'agit pas d'une erreur de saisie",""))
A27: Total des frais de machinerie et main-d'oeuvre | E27: =SUM(E20:E26) -> 295.1 | G27: =SUM(G20:G26) -> 0
A28: Électricité | E28: 7.12 | H28: =IF(G28="","",IF(OR(G28>E28*(1+0.5),G28<E28*(1-0.5)),"La valeur saisie diffère grandement des coûts utilisés dans le modèle. Assurez-vous qu'il ne s'agit pas d'une erreur de saisie",""))
A29: Frais de mise en marché | D29: =39.92/3.3 -> 12.09697 | E29: 39.92 | H29: =IF(G29="","",IF(OR(G29>E29*(1+0.5),G29<E29*(1-0.5)),"La valeur saisie diffère grandement des coûts utilisés dans le modèle. Assurez-vous qu'il ne s'agit pas d'une erreur de saisie",""))
A30: Intérêts sur emprunt à court terme | E30: 16.42 | H30: =IF(G30="","",IF(OR(G30>E30*(1+0.5),G30<E30*(1-0.5)),"La valeur saisie diffère grandement des coûts utilisés dans le modèle. Assurez-vous qu'il ne s'agit pas d'une erreur de saisie",""))
A31: Total des autres frais directs | E31: =SUM(E28:E30) -> 63.46 | G31: =SUM(G28:G30) -> 0
B32: Sous-total | E32: =E19+E27+E31 -> 688.61 | G32: =G19+G27+G31 -> 0
A34: Contribution d'assurance stabilisation | E34: 47.09 | H34: =IF(G34="","",IF(OR(G34>E34*(1+0.5),G34<E34*(1-0.5)),"La valeur saisie diffère grandement des coûts utilisés dans le modèle. Assurez-vous qu'il ne s'agit pas d'une erreur de saisie",""))
A35: Contribution aux autres programmes | E35: =1.81+8.74 -> 10.55 | H35: =IF(G35="","",IF(OR(G35>E35*(1+0.5),G35<E35*(1-0.5)),"La valeur saisie diffère grandement des coûts utilisés dans le modèle. Assurez-vous qu'il ne s'agit pas d'une erreur de saisie",""))
A37: MARGE BÉNÉFICIAIRE APRÈS COÛTS VARIABLES | E37: =E11-(E32+SUM(E34:E35)) -> 493.6284 | G37: =G11-(G32+SUM(G34:G35)) -> 925.65
A39: FRAIS FIXES
A40: Entretien bâtiments et fonds de terre | E40: 12.39 | H40: =IF(G40="","",IF(OR(G40>E40*(1+0.5),G40<E40*(1-0.5)),"La valeur saisie diffère grandement des coûts utilisés dans le modèle. Assurez-vous qu'il ne s'agit pas d'une erreur de saisie",""))
A41: Assurances diverses | E41: 25.84 | H41: =IF(G41="","",IF(OR(G41>E41*(1+0.5),G41<E41*(1-0.5)),"La valeur saisie diffère grandement des coûts utilisés dans le modèle. Assurez-vous qu'il ne s'agit pas d'une erreur de saisie",""))
A42: Taxes foncières | E42: 13.22 | H42: =IF(G42="","",IF(OR(G42>E42*(1+0.5),G42<E42*(1-0.5)),"La valeur saisie diffère grandement des coûts utilisés dans le modèle. Assurez-vous qu'il ne s'agit pas d'une erreur de saisie",""))
A43: Intérêts sur emprunts à moyen et long terme | E43: 51.4 | H43: =IF(G43="","",IF(OR(G43>E43*(1+0.5),G43<E43*(1-0.5)),"La valeur saisie diffère grandement des coûts utilisés dans le modèle. Assurez-vous qu'il ne s'agit pas d'une erreur de saisie",""))
A44: Autres frais | E44: 30.8 | H44: =IF(G44="","",IF(OR(G44>E44*(1+0.5),G44<E44*(1-0.5)),"La valeur saisie diffère grandement des coûts utilisés dans le modèle. Assurez-vous qu'il ne s'agit pas d'une erreur de saisie",""))
B45: Sous-total | E45: =SUM(E40:E44) -> 133.65 | G45: =SUM(G40:G44) -> 0
A47: MARGE BÉNÉFICIAIRE APRÈS FRAIS MONÉTAIRES | E47: =E37-E45 -> 359.9784 | G47: =G37-G45 -> 925.65
A49: FRAIS NON MONÉTAIRES
A50: Amortissements | E50: 161.34 | H50: =IF(G50="","",IF(OR(G50>E50*(1+0.5),G50<E50*(1-0.5)),"La valeur saisie diffère grandement des coûts utilisés dans le modèle. Assurez-vous qu'il ne s'agit pas d'une erreur de saisie",""))
A51: Rénumération du travail de l'exploitant | E51: 157.68 | H51: =IF(G51="","",IF(OR(G51>E51*(1+0.5),G51<E51*(1-0.5)),"La valeur saisie diffère grandement des coûts utilisés dans le modèle. Assurez-vous qu'il ne s'agit pas d'une erreur de saisie",""))
A52: Rénumération de l'avoir du propriétaire | E52: 24.42 | H52: =IF(G52="","",IF(OR(G52>E52*(1+0.5),G52<E52*(1-0.5)),"La valeur saisie diffère grandement des coûts utilisés dans le modèle. Assurez-vous qu'il ne s'agit pas d'une erreur de saisie",""))
B53: Sous-total | E53: =SUM(E50:E52) -> 343.44 | G53: =SUM(G50:G52) -> 0
A55: MARGE BÉNÉFICIAIRE APRÈS LES AMORTISSEMENTS ET LES RÉNUMÉRATIONS DU TRAVAIL ET DE L'AVOIR | E55: =E47-E53 -> 16.5384 | G55: =G47-G53 -> 925.65

Sheet Avoine
E1: $/ha | G1: $/ha
E2: Périphérique | G2: Vos Coûts
A3: PRODUITS
A4: Vente | E4: =Saisies!B12*Saisies!B25 -> 722.8 | G4: =IF(Saisies!C12="",Saisies!B12,Saisies!C12)*IF(Saisies!C25="",Saisies!B25,Saisies!C25) -> 722.8 | H4: =IF(G4="","",IF(OR(G4>E4*(1+0.5),G4<E4*(1-0.5)),"La valeur saisie diffère grandement des coûts utilisés dans le modèle. Assurez-vous qu'il ne s'agit pas d'une erreur de saisie",""))
A5: Compensation d'assurance stabilisation | E5: =IF(ASRA_Calculs!$B$6<ASRA_Calculs!$C$6,(ASRA_Calculs!$C$6-ASRA_Calculs!$B$6)*ASRA_Calculs!$D$6,0) -> 0 | G5: =IF(ASRA_Calculs!$B$6<ASRA_Calculs!$C$6,(ASRA_Calculs!$C$6-ASRA_Calculs!$B$6)*ASRA_Calculs!$D$6,0) -> 0 | H5: =IF(G5="","",IF(OR(G5>E5*(1+0.5),G5<E5*(1-0.5)),"La valeur saisie diffère grandement des coûts utilisés dans le modèle. Assurez-vous qu'il ne s'agit pas d'une erreur de saisie",""))
A6: Revenus de pailles | E6: 89.45 | H6: =IF(G6="","",IF(OR(G6>E6*(1+0.5),G6<E6*(1-0.5)),"La valeur saisie diffère grandement des coûts utilisés dans le modèle. Assurez-vous qu'il ne s'agit pas d'une erreur de saisie",""))
A7: Agri-Québec et Agri-Investissement | E7: =(E4+E6-E15)*0.01 -> 7.1457 | G7: =(G4+G6-G15)*0.01 -> 7.228 | H7: =IF(G7="","",IF(OR(G7>E7*(1+0.5),G7<E7*(1-0.5)),"La valeur saisie diffère grandement des coûts utilisés dans le modèle. Assurez-vous qu'il ne s'agit pas d'une erreur de saisie",""))
A8: Autres revenus | E8: 43.9 | H8: =IF(G8="","",IF(OR(G8>E8*(1+0.5),G8<E8*(1-0.5)),"La valeur saisie diffère grandement des coûts utilisés dans le modèle. Assurez-vous qu'il ne s'agit pas d'une erreur de saisie",""))
A9: Autres revenus | E9: =SUM(E7:E8) -> 51.0457 | G9: =SUM(G7:G8) -> 7.228
A11: TOTAL PRODUITS | E11: =SUM(E4:E9) -> 914.3414 | G11: =SUM(G4:G9) -> 737.256
A14: FRAIS VARIABLES
A15: Semences | E15: 97.68 | H15: =IF(G15="","",IF(OR(G15>E15*(1+0.5),G15<E15*(1-0.5)),"La valeur saisie diffère grandement des coûts utilisés dans le modèle. Assurez-vous qu'il ne s'agit pas d'une erreur de saisie",""))
A16: Fertilisants | E16: 105.11 | H16: =IF(G16="","",IF(OR(G16>E16*(1+0.5),G16<E16*(1-0.5)),"La valeur saisie diffère grandement des coûts utilisés dans le modèle. Assurez-vous qu'il ne s'agit pas d'une erreur de saisie",""))
A17: Chaulage | E17: 7.21 | H17: =IF(G17="","",IF(OR(G17>E17*(1+0.5),G17<E17*(1-0.5)),"La valeur saisie diffère grandement des coûts utilisés dans le modèle. Assurez-vous qu'il ne s'agit pas d'une erreur de saisie",""))
A18: Pesticides | E18: 25.32 | H18: =IF(G18="","",IF(OR(G18>E18*(1+0.5),G18<E18*(1-0.5)),"La valeur saisie diffère grandement des coûts utilisés dans le modèle. Assurez-vous qu'il ne s'agit pas d'une erreur de saisie",""))
A19: Total des intrants | E19: =SUM(E15:E18) -> 235.32 | G19: =SUM(G15:G18) -> 0
A20: Location de machineries, bâtiments | E20: 18.17 | H20: =IF(G20="","",IF(OR(G20>E20*(1+0.5),G20<E20*(1-0.5)),"La valeur saisie diffère grandement des coûts utilisés dans le modèle. Assurez-vous qu'il ne s'agit pas d'une erreur de saisie",""))
A21: Location de fonds de terre | E21: 22.45 | H21: =IF(G21="","",IF(OR(G21>E21*(1+0.5),G21<E21*(1-0.5)),"La valeur saisie diffère grandement des coûts utilisés dans le modèle. Assurez-vous qu'il ne s'agit pas d'une erreur de saisie",""))
A22: Travaux à forfait | E22: 12.2 | H22: =IF(G22="","",IF(OR(G22>E22*(1+0.5),G22<E22*(1-0.5)),"La valeur saisie diffère grandement des coûts utilisés dans le modèle. Assurez-vous qu'il ne s'agit pas d'une erreur de saisie",""))
A23: Mais-d'oeuvre additionnelle | E23: 41.43 | H23: =IF(G23="","",IF(OR(G23>E23*(1+0.5),G23<E23*(1-0.5)),"La valeur saisie diffère grandement des coûts utilisés dans le modèle. Assurez-vous qu'il ne s'agit pas d'une erreur de saisie",""))
A24: Entretien et réparation machinerie | E24: 63.2 | H24: =IF(G24="","",IF(OR(G24>E24*(1+0.5),G24<E24*(1-0.5)),"La valeur saisie diffère grandement des coûts utilisés dans le modèle. Assurez-vous qu'il ne s'agit pas d'une erreur de saisie",""))
A25: Carburants | E25: 57.4 | H25: =IF(G25="","",IF(OR(G25>E25*(1+0.5),G25<E25*(1-0.5)),"La valeur saisie diffère grandement des coûts utilisés dans le modèle. Assurez-vous qu'il ne s'agit pas d'une erreur de saisie",""))
A26: Gaz propane | D26: =29.68/2.6 -> 11.415385 | E26: 29.68 | H26: =IF(G26="","",IF(OR(G26>E26*(1+0.5),G26<E26*(1-0.5)),"La valeur saisie diffère grandement des coûts utilisés dans le modèle. Assurez-vous qu'il ne s'agit pas d'une erreur de saisie",""))
A27: Total des frais de machinerie et main-d'oeuvre | E27: =SUM(E20:E26) -> 244.53 | G27: =SUM(G20:G26) -> 0
A28: Électricité | E28: 8.45 | H28: =IF(G28="","",IF(OR(G28>E28*(1+0.5),G28<E28*(1-0.5)),"La valeur saisie diffère grandement des coûts utilisés dans le modèle. Assurez-vous qu'il ne s'agit pas d'une erreur de saisie",""))
A29: Frais de mise en marché | D29: =30.5/2.6 -> 11.730769 | E29: 30.5 | H29: =IF(G29="","",IF(OR(G29>E29*(1+0.5),G29<E29*(1-0.5)),"La valeur saisie diffère grandement des coûts utilisés dans le modèle. Assurez-vous qu'il ne s'agit pas d'une erreur de saisie",""))
A30: Intérêts sur emprunt à court terme | E30: 12.31 | H30: =IF(G30="","",IF(OR(G30>E30*(1+0.5),G30<E30*(1-0.5)),"La valeur saisie diffère grandement des coûts utilisés dans le modèle. Assurez-vous qu'il ne s'agit pas d'une erreur de saisie",""))
A31: Total des autres frais directs | E31: =SUM(E28:E30) -> 51.26 | G31: =SUM(G28:G30) -> 0
B32: Sous-total | E32: =E19+E27+E31 -> 531.11 | G32: =G19+G27+G31 -> 0
A34: Contribution d'assurance stabilisation | E34: 69.78 | H34: =IF(G34="","",IF(OR(G34>E34*(1+0.5),G34<E34*(1-0.5)),"La valeur saisie diffère grandement des coûts utilisés dans le modèle. Assurez-vous qu'il ne s'agit pas d'une erreur de saisie",""))
A35: Contribution aux autres programmes | E35: 3.51 | H35: =IF(G35="","",IF(OR(G35>E35*(1+0.5),G35<E35*(1-0.5)),"La valeur saisie diffère grandement des coûts utilisés dans le modèle. Assurez-vous qu'il ne s'agit pas d'une erreur de saisie",""))
A37: MARGE BÉNÉFICIAIRE APRÈS COÛTS VARIABLES | E37: =E11-(E32+SUM(E34:E35)) -> 309.9414 | G37: =G11-(G32+SUM(G34:G35)) -> 737.256
A39: FRAIS FIXES
A40: Entretien bâtiments et fonds de terre | E40: 9.38 | H40: =IF(G40="","",IF(OR(G40>E40*(1+0.5),G40<E40*(1-0.5)),"La valeur saisie diffère grandement des coûts utilisés dans le modèle. Assurez-vous qu'il ne s'agit pas d'une erreur de saisie",""))
A41: Assurances diverses | E41: 20.02 | H41: =IF(G41="","",IF(OR(G41>E41*(1+0.5),G41<E41*(1-0.5)),"La valeur saisie diffère grandement des coûts utilisés dans le modèle. Assurez-vous qu'il ne s'agit pas d'une erreur de saisie",""))
A42: Taxes foncières | E42: 10.89 | H42: =IF(G42="","",IF(OR(G42>E42*(1+0.5),G42<E42*(1-0.5)),"La valeur saisie diffère grandement des coûts utilisés dans le modèle. Assurez-vous qu'il ne s'agit pas d'une erreur de saisie",""))
A43: Intérêts sur emprunts à moyen et long terme | E43: 47.94 | H43: =IF(G43="","",IF(OR(G43>E43*(1+0.5),G43<E43*(1-0.5)),"La valeur saisie diffère grandement des coûts utilisés dans le modèle. Assurez-vous qu'il ne s'agit pas d'une erreur de saisie",""))
A44: Autres frais | E44: 23.52 | H44: =IF(G44="","",IF(OR(G44>E44*(1+0.5),G44<E44*(1-0.5)),"La valeur saisie diffère grandement des coûts utilisés dans le modèle. Assurez-vous qu'il ne s'agit pas d'une erreur de saisie",""))
B45: Sous-total | E45: =SUM(E40:E44) -> 111.75 | G45: =SUM(G40:G44) -> 0
A47: MARGE BÉNÉFICIAIRE APRÈS FRAIS MONÉTAIRES | E47: =E37-E45 -> 198.1914 | G47: =G37-G45 -> 737.256
A49: FRAIS NON MONÉTAIRES
A50: Amortissements | E50: 123.39 | H50: =IF(G50="","",IF(OR(G50>E50*(1+0.5),G50<E50*(1-0.5)),"La valeur saisie diffère grandement des coûts utilisés dans le modèle. Assurez-vous qu'il ne s'agit pas d'une erreur de saisie",""))
A51: Rénumération du travail de l'exploitant | E51: 103.92 | H51: =IF(G51="","",IF(OR(G51>E51*(1+0.5),G51<E51*(1-0.5)),"La valeur saisie diffère grandement des coûts utilisés dans le modèle. Assurez-vous qu'il ne s'agit pas d'une erreur de saisie",""))
A52: Rénumération de l'avoir du propriétaire | E52: 14.03 | H52: =IF(G52="","",IF(OR(G52>E52*(1+0.5),G52<E52*(1-0.5)),"La valeur saisie diffère grandement des coûts utilisés dans le modèle. Assurez-vous qu'il ne s'agit pas d'une erreur de saisie",""))
B53: Sous-total | E53: =SUM(E50:E52) -> 241.34 | G53: =SUM(G50:G52) -> 0
A55: MARGE BÉNÉFICIAIRE APRÈS LES AMORTISSEMENTS ET LES RÉNUMÉRATIONS DU TRAVAIL ET DE L'AVOIR | E55: =E47-E53 -> -43.1486 | G55: =G47-G53 -> 737.256

Sheet Blé_d'automne
E1: $/ha | G1: $/ha
E2: Périphérique | G2: Vos Coûts
A3: PRODUITS
A4: Vente | E4: =Saisies!B14*Saisies!B27 -> 1464 | G4: =IF(Saisies!C14="",Saisies!B14,Saisies!C14)*IF(Saisies!C27="",Saisies!B27,Saisies!C27) -> 1464 | H4: =IF(G4="","",IF(OR(G4>E4*(1+0.5),G4<E4*(1-0.5)),"La valeur saisie diffère grandement des coûts utilisés dans le modèle. Assurez-vous qu'il ne s'agit pas d'une erreur de saisie",""))
A5: Compensation d'assurance stabilisation | E5: =IF(ASRA_Calculs!$B$7<ASRA_Calculs!$C$7,(ASRA_Calculs!$C$7-ASRA_Calculs!$B$7)*ASRA_Calculs!$D$7,0) -> 0 | G5: =IF(ASRA_Calculs!$B$7<ASRA_Calculs!$C$7,(ASRA_Calculs!$C$7-ASRA_Calculs!$B$7)*ASRA_Calculs!$D$7,0) -> 0 | H5: =IF(G5="","",IF(OR(G5>E5*(1+0.5),G5<E5*(1-0.5)),"La valeur saisie diffère grandement des coûts utilisés dans le modèle. Assurez-vous qu'il ne s'agit pas d'une erreur de saisie",""))
A6: Revenus de pailles | E6: 148.98 | H6: =IF(G6="","",IF(OR(G6>E6*(1+0.5),G6<E6*(1-0.5)),"La valeur saisie diffère grandement des coûts utilisés dans le modèle. Assurez-vous qu'il ne s'agit pas d'une erreur de saisie",""))
A7: Agri-Québec et Agri-Investissement | E7: =(E4+E6-E15)*0.01 -> 14.4737 | G7: =(G4+G6-G15)*0.01 -> 14.64 | H7: =IF(G7="","",IF(OR(G7>E7*(1+0.5),G7<E7*(1-0.5)),"La valeur saisie diffère grandement des coûts utilisés dans le modèle. Assurez-vous qu'il ne s'agit pas d'une erreur de saisie",""))
A8: Autres revenus | E8: 56.21 | H8: =IF(G8="","",IF(OR(G8>E8*(1+0.5),G8<E8*(1-0.5)),"La valeur saisie diffère grandement des coûts utilisés dans le modèle. Assurez-vous qu'il ne s'agit pas d'une erreur de saisie",""))
A9: Autres revenus | E9: =SUM(E7:E8) -> 70.6837 | G9: =SUM(G7:G8) -> 14.64
A11: TOTAL PRODUITS | E11: =SUM(E4:E9) -> 1754.3474 | G11: =SUM(G4:G9) -> 1493.28
A14: FRAIS VARIABLES
A15: Semences | E15: 165.61 | H15: =IF(G15="","",IF(OR(G15>E15*(1+0.5),G15<E15*(1-0.5)),"La valeur saisie diffère grandement des coûts utilisés dans le modèle. Assurez-vous qu'il ne s'agit pas d'une erreur de saisie",""))
A16: Fertilisants | E16: 193.93 | H16: =IF(G16="","",IF(OR(G16>E16*(1+0.5),G16<E16*(1-0.5)),"La valeur saisie diffère grandement des coûts utilisés dans le modèle. Assurez-vous qu'il ne s'agit pas d'une erreur de saisie",""))
A17: Chaulage | E17: 4.7 | H17: =IF(G17="","",IF(OR(G17>E17*(1+0.5),G17<E17*(1-0.5)),"La valeur saisie diffère grandement des coûts utilisés dans le modèle. Assurez-vous qu'il ne s'agit pas d'une erreur de saisie",""))
A18: Pesticides | E18: 34.13 | H18: =IF(G18="","",IF(OR(G18>E18*(1+0.5),G18<E18*(1-0.5)),"La valeur saisie diffère grandement des coûts utilisés dans le modèle. Assurez-vous qu'il ne s'agit pas d'une erreur de saisie",""))
A19: Total des intrants | E19: =SUM(E15:E18) -> 398.37 | G19: =SUM(G15:G18) -> 0
A20: Location de machineries, bâtiments | E20: 7.55 | H20: =IF(G20="","",IF(OR(G20>E20*(1+0.5),G20<E20*(1-0.5)),"La valeur saisie diffère grandement des coûts utilisés dans le modèle. Assurez-vous qu'il ne s'agit pas d'une erreur de saisie",""))
A21: Location de fonds de terre | E21: 37.01 | H21: =IF(G21="","",IF(OR(G21>E21*(1+0.5),G21<E21*(1-0.5)),"La valeur saisie diffère grandement des coûts utilisés dans le modèle. Assurez-vous qu'il ne s'agit pas d'une erreur de saisie",""))
A22: Travaux à forfait | E22: 1.16 | H22: =IF(G22="","",IF(OR(G22>E22*(1+0.5),G22<E22*(1-0.5)),"La valeur saisie diffère grandement des coûts utilisés dans le modèle. Assurez-vous qu'il ne s'agit pas d'une erreur de saisie",""))
A23: Mais-d'oeuvre additionnelle | E23: 48.46 | H23: =IF(G23="","",IF(OR(G23>E23*(1+0.5),G23<E23*(1-0.5)),"La valeur saisie diffère grandement des coûts utilisés dans le modèle. Assurez-vous qu'il ne s'agit pas d'une erreur de saisie",""))
A24: Entretien et réparation machinerie | E24: 81.79 | H24: =IF(G24="","",IF(OR(G24>E24*(1+0.5),G24<E24*(1-0.5)),"La valeur saisie diffère grandement des coûts utilisés dans le modèle. Assurez-vous qu'il ne s'agit pas d'une erreur de saisie",""))
A25: Carburants | E25: 69.55 | H25: =IF(G25="","",IF(OR(G25>E25*(1+0.5),G25<E25*(1-0.5)),"La valeur saisie diffère grandement des coûts utilisés dans le modèle. Assurez-vous qu'il ne s'agit pas d'une erreur de saisie",""))
A26: Gaz propane | D26: =42.85/4 -> 10.7125 | E26: 53.49 | H26: =IF(G26="","",IF(OR(G26>E26*(1+0.5),G26<E26*(1-0.5)),"La valeur saisie diffère grandement des coûts utilisés dans le modèle. Assurez-vous qu'il ne s'agit pas d'une erreur de saisie",""))
A27: Total des frais de machinerie et main-d'oeuvre | E27: =SUM(E20:E26) -> 299.01 | G27: =SUM(G20:G26) -> 0
A28: Électricité | E28: 8.47 | H28: =IF(G28="","",IF(OR(G28>E28*(1+0.5),G28<E28*(1-0.5)),"La valeur saisie diffère grandement des coûts utilisés dans le modèle. Assurez-vous qu'il ne s'agit pas d'une erreur de saisie",""))
A29: Frais de mise en marché | D29: =51.96/4 -> 12.99 | E29: 21.48 | H29: =IF(G29="","",IF(OR(G29>E29*(1+0.5),G29<E29*(1-0.5)),"La valeur saisie diffère grandement des coûts utilisés dans le modèle. Assurez-vous qu'il ne s'agit pas d'une erreur de saisie",""))
A30: Intérêts sur emprunt à court terme | E30: 19.45 | H30: =IF(G30="","",IF(OR(G30>E30*(1+0.5),G30<E30*(1-0.5)),"La valeur saisie diffère grandement des coûts utilisés dans le modèle. Assurez-vous qu'il ne s'agit pas d'une erreur de saisie",""))
A31: Total des autres frais directs | E31: =SUM(E28:E30) -> 49.4 | G31: =SUM(G28:G30) -> 0
B32: Sous-total | E32: =E31+E27+E19 -> 746.78 | G32: =G19+G27+G31 -> 0
A34: Contribution d'assurance stabilisation | E34: 9.34 | H34: =IF(G34="","",IF(OR(G34>E34*(1+0.5),G34<E34*(1-0.5)),"La valeur saisie diffère grandement des coûts utilisés dans le modèle. Assurez-vous qu'il ne s'agit pas d'une erreur de saisie",""))
A35: Contribution aux autres programmes | E35: =27.06+9.41 -> 36.47 | H35: =IF(G35="","",IF(OR(G35>E35*(1+0.5),G35<E35*(1-0.5)),"La valeur saisie diffère grandement des coûts utilisés dans le modèle. Assurez-vous qu'il ne s'agit pas d'une erreur de saisie",""))
A37: MARGE BÉNÉFICIAIRE APRÈS COÛTS VARIABLES | E37: =E11-(E32+SUM(E34:E35)) -> 961.7574 | G37: =G11-(G32+SUM(G34:G35)) -> 1493.28
A39: FRAIS FIXES
A40: Entretien bâtiments et fonds de terre | E40: 13.01 | H40: =IF(G40="","",IF(OR(G40>E40*(1+0.5),G40<E40*(1-0.5)),"La valeur saisie diffère grandement des coûts utilisés dans le modèle. Assurez-vous qu'il ne s'agit pas d'une erreur de saisie",""))
A41: Assurances diverses | E41: 26.08 | H41: =IF(G41="","",IF(OR(G41>E41*(1+0.5),G41<E41*(1-0.5)),"La valeur saisie diffère grandement des coûts utilisés dans le modèle. Assurez-vous qu'il ne s'agit pas d'une erreur de saisie",""))
A42: Taxes foncières | E42: 11.88 | H42: =IF(G42="","",IF(OR(G42>E42*(1+0.5),G42<E42*(1-0.5)),"La valeur saisie diffère grandement des coûts utilisés dans le modèle. Assurez-vous qu'il ne s'agit pas d'une erreur de saisie",""))
A43: Intérêts sur emprunts à moyen et long terme | E43: 53.09 | H43: =IF(G43="","",IF(OR(G43>E43*(1+0.5),G43<E43*(1-0.5)),"La valeur saisie diffère grandement des coûts utilisés dans le modèle. Assurez-vous qu'il ne s'agit pas d'une erreur de saisie",""))
A44: Autres frais | E44: 36.15 | H44: =IF(G44="","",IF(OR(G44>E44*(1+0.5),G44<E44*(1-0.5)),"La valeur saisie diffère grandement des coûts utilisés dans le modèle. Assurez-vous qu'il ne s'agit pas d'une erreur de saisie",""))
B45: Sous-total | E45: =SUM(E40:E44) -> 140.21 | G45: =SUM(G40:G44) -> 0
A47: MARGE BÉNÉFICIAIRE APRÈS FRAIS MONÉTAIRES | E47: =E37-E45 -> 821.5474 | G47: =G37-G45 -> 1493.28
A49: FRAIS NON MONÉTAIRES
A50: Amortissements | E50: 162.49 | H50: =IF(G50="","",IF(OR(G50>E50*(1+0.5),G50<E50*(1-0.5)),"La valeur saisie diffère grandement des coûts utilisés dans le modèle. Assurez-vous qu'il ne s'agit pas d'une erreur de saisie",""))
A51: Rénumération du travail de l'exploitant | E51: 152.99 | H51: =IF(G51="","",IF(OR(G51>E51*(1+0.5),G51<E51*(1-0.5)),"La valeur saisie diffère grandement des coûts utilisés dans le modèle. Assurez-vous qu'il ne s'agit pas d'une erreur de saisie",""))
A52: Rénumération de l'avoir du propriétaire | E52: 23.21 | H52: =IF(G52="","",IF(OR(G52>E52*(1+0.5),G52<E52*(1-0.5)),"La valeur saisie diffère grandement des coûts utilisés dans le modèle. Assurez-vous qu'il ne s'agit pas d'une erreur de saisie",""))
B53: Sous-total | E53: =SUM(E50:E52) -> 338.69 | G53: =SUM(G50:G52) -> 0
A55: MARGE BÉNÉFICIAIRE APRÈS LES AMORTISSEMENTS ET LES RÉNUMÉRATIONS DU TRAVAIL ET DE L'AVOIR | E55: =E47-E53 -> 482.8574 | G55: =G47-G53 -> 1493.28

Sheet Blé_printemps
E1: $/ha | G1: $/ha
E2: Périphérique | G2: Vos Coûts
A3: PRODUITS
A4: Vente | E4: =Saisies!B13*Saisies!B26 -> 1171.2 | G4: =IF(Saisies!C13="",Saisies!B13,Saisies!C13)*IF(Saisies!C26="",Saisies!B26,Saisies!C26) -> 1171.2 | H4: =IF(G4="","",IF(OR(G4>E4*(1+0.5),G4<E4*(1-0.5)),"La valeur saisie diffère grandement des coûts utilisés dans le modèle. Assurez-vous qu'il ne s'agit pas d'une erreur de saisie",""))
A5: Compensation d'assurance stabilisation | E5: =IF(ASRA_Calculs!$B$7<ASRA_Calculs!$C$7,(ASRA_Calculs!$C$7-ASRA_Calculs!$B$7)*ASRA_Calculs!$D$7,0) -> 0 | G5: =IF(ASRA_Calculs!$B$7<ASRA_Calculs!$C$7,(ASRA_Calculs!$C$7-ASRA_Calculs!$B$7)*ASRA_Calculs!$D$7,0) -> 0 | H5: =IF(G5="","",IF(OR(G5>E5*(1+0.5),G5<E5*(1-0.5)),"La valeur saisie diffère grandement des coûts utilisés dans le modèle. Assurez-vous qu'il ne s'agit pas d'une erreur de saisie",""))
A6: Revenus de pailles | E6: 148.98 | H6: =IF(G6="","",IF(OR(G6>E6*(1+0.5),G6<E6*(1-0.5)),"La valeur saisie diffère grandement des coûts utilisés dans le modèle. Assurez-vous qu'il ne s'agit pas d'une erreur de saisie",""))
A7: Agri-Québec et Agri-Investissement | E7: =(E4+E6-E15)*0.01 -> 11.4278 | G7: =(G4+G6-G15)*0.01 -> 11.712 | H7: =IF(G7="","",IF(OR(G7>E7*(1+0.5),G7<E7*(1-0.5)),"La valeur saisie diffère grandement des coûts utilisés dans le modèle. Assurez-vous qu'il ne s'agit pas d'une erreur de saisie",""))
A8: Autres revenus | E8: 59.25 | H8: =IF(G8="","",IF(OR(G8>E8*(1+0.5),G8<E8*(1-0.5)),"La valeur saisie diffère grandement des coûts utilisés dans le modèle. Assurez-vous qu'il ne s'agit pas d'une erreur de saisie",""))
A9: Autres revenus | E9: =SUM(E7:E8) -> 70.6778 | G9: =SUM(G7:G8) -> 11.712
A11: TOTAL PRODUITS | E11: =SUM(E4:E9) -> 1461.5356 | G11: =SUM(G4:G9) -> 1194.624
A14: FRAIS VARIABLES
A15: Semences | E15: 177.4 | H15: =IF(G15="","",IF(OR(G15>E15*(1+0.5),G15<E15*(1-0.5)),"La valeur saisie diffère grandement des coûts utilisés dans le modèle. Assurez-vous qu'il ne s'agit pas d'une erreur de saisie",""))
A16: Fertilisants | E16: 193.93 | H16: =IF(G16="","",IF(OR(G16>E16*(1+0.5),G16<E16*(1-0.5)),"La valeur saisie diffère grandement des coûts utilisés dans le modèle. Assurez-vous qu'il ne s'agit pas d'une erreur de saisie",""))
A17: Chaulage | E17: 4.7 | H17: =IF(G17="","",IF(OR(G17>E17*(1+0.5),G17<E17*(1-0.5)),"La valeur saisie diffère grandement des coûts utilisés dans le modèle. Assurez-vous qu'il ne s'agit pas d'une erreur de saisie",""))
A18: Pesticides | E18: 60.95 | H18: =IF(G18="","",IF(OR(G18>E18*(1+0.5),G18<E18*(1-0.5)),"La valeur saisie diffère grandement des coûts utilisés dans le modèle. Assurez-vous qu'il ne s'agit pas d'une erreur de saisie",""))
A19: Total des intrants | E19: =SUM(E15:E18) -> 436.98 | G19: =SUM(G15:G18) -> 0
A20: Location de machineries, bâtiments | E20: 7.55 | H20: =IF(G20="","",IF(OR(G20>E20*(1+0.5),G20<E20*(1-0.5)),"La valeur saisie diffère grandement des coûts utilisés dans le modèle. Assurez-vous qu'il ne s'agit pas d'une erreur de saisie",""))
A21: Location de fonds de terre | E21: 37.01 | H21: =IF(G21="","",IF(OR(G21>E21*(1+0.5),G21<E21*(1-0.5)),"La valeur saisie diffère grandement des coûts utilisés dans le modèle. Assurez-vous qu'il ne s'agit pas d'une erreur de saisie",""))
A22: Travaux à forfait | E22: 1.16 | H22: =IF(G22="","",IF(OR(G22>E22*(1+0.5),G22<E22*(1-0.5)),"La valeur saisie diffère grandement des coûts utilisés dans le modèle. Assurez-vous qu'il ne s'agit pas d'une erreur de saisie",""))
A23: Mais-d'oeuvre additionnelle | E23: 48.46 | H23: =IF(G23="","",IF(OR(G23>E23*(1+0.5),G23<E23*(1-0.5)),"La valeur saisie diffère grandement des coûts utilisés dans le modèle. Assurez-vous qu'il ne s'agit pas d'une erreur de saisie",""))
A24: Entretien et réparation machinerie | E24: 81.79 | H24: =IF(G24="","",IF(OR(G24>E24*(1+0.5),G24<E24*(1-0.5)),"La valeur saisie diffère grandement des coûts utilisés dans le modèle. Assurez-vous qu'il ne s'agit pas d'une erreur de saisie",""))
A25: Carburants | E25: 69.55 | H25: =IF(G25="","",IF(OR(G25>E25*(1+0.5),G25<E25*(1-0.5)),"La valeur saisie diffère grandement des coûts utilisés dans le modèle. Assurez-vous qu'il ne s'agit pas d'une erreur de saisie",""))
A26: Gaz propane | D26: =42.85/3.2 -> 13.390625 | E26: 53.49 | H26: =IF(G26="","",IF(OR(G26>E26*(1+0.5),G26<E26*(1-0.5)),"La valeur saisie diffère grandement des coûts utilisés dans le modèle. Assurez-vous qu'il ne s'agit pas d'une erreur de saisie",""))
A27: Total des frais de machinerie et main-d'oeuvre | E27: =SUM(E20:E26) -> 299.01 | G27: =SUM(G20:G26) -> 0
A28: Électricité | E28: 8.47 | H28: =IF(G28="","",IF(OR(G28>E28*(1+0.5),G28<E28*(1-0.5)),"La valeur saisie diffère grandement des coûts utilisés dans le modèle. Assurez-vous qu'il ne s'agit pas d'une erreur de saisie",""))
A29: Frais de mise en marché | D29: =51.96/3.2 -> 16.2375 | E29: 21.48 | H29: =IF(G29="","",IF(OR(G29>E29*(1+0.5),G29<E29*(1-0.5)),"La valeur saisie diffère grandement des coûts utilisés dans le modèle. Assurez-vous qu'il ne s'agit pas d'une erreur de saisie",""))
A30: Intérêts sur emprunt à court terme | E30: 19.45 | H30: =IF(G30="","",IF(OR(G30>E30*(1+0.5),G30<E30*(1-0.5)),"La valeur saisie diffère grandement des coûts utilisés dans le modèle. Assurez-vous qu'il ne s'agit pas d'une erreur de saisie",""))
A31: Total des autres frais directs | E31: =SUM(E28:E30) -> 49.4 | G31: =SUM(G28:G30) -> 0
B32: Sous-total | E32: =E31+E27+E19 -> 785.39 | G32: =G19+G27+G31 -> 0
A34: Contribution d'assurance stabilisation | E34: 9.34 | H34: =IF(G34="","",IF(OR(G34>E34*(1+0.5),G34<E34*(1-0.5)),"La valeur saisie diffère grandement des coûts utilisés dans le modèle. Assurez-vous qu'il ne s'agit pas d'une erreur de saisie",""))
A35: Contribution aux autres programmes | E35: =27.06+9.41 -> 36.47 | H35: =IF(G35="","",IF(OR(G35>E35*(1+0.5),G35<E35*(1-0.5)),"La valeur saisie diffère grandement des coûts utilisés dans le modèle. Assurez-vous qu'il ne s'agit pas d'une erreur de saisie",""))
A37: MARGE BÉNÉFICIAIRE APRÈS COÛTS VARIABLES | E37: =E11-(E32+SUM(E34:E35)) -> 630.3356 | G37: =G11-(G32+SUM(G34:G35)) -> 1194.624
A39: FRAIS FIXES
A40: Entretien bâtiments et fonds de terre | E40: 13.01 | H40: =IF(G40="","",IF(OR(G40>E40*(1+0.5),G40<E40*(1-0.5)),"La valeur saisie diffère grandement des coûts utilisés dans le modèle. Assurez-vous qu'il ne s'agit pas d'une erreur de saisie",""))
A41: Assurances diverses | E41: 26.08 | H41: =IF(G41="","",IF(OR(G41>E41*(1+0.5),G41<E41*(1-0.5)),"La valeur saisie diffère grandement des coûts utilisés dans le modèle. Assurez-vous qu'il ne s'agit pas d'une erreur de saisie",""))
A42: Taxes foncières | E42: 11.88 | H42: =IF(G42="","",IF(OR(G42>E42*(1+0.5),G42<E42*(1-0.5)),"La valeur saisie diffère grandement des coûts utilisés dans le modèle. Assurez-vous qu'il ne s'agit pas d'une erreur de saisie",""))
A43: Intérêts sur emprunts à moyen et long terme | E43: 53.09 | H43: =IF(G43="","",IF(OR(G43>E43*(1+0.5),G43<E43*(1-0.5)),"La valeur saisie diffère grandement des coûts utilisés dans le modèle. Assurez-vous qu'il ne s'agit pas d'une erreur de saisie",""))
A44: Autres frais | E44: 36.15 | H44: =IF(G44="","",IF(OR(G44>E44*(1+0.5),G44<E44*(1-0.5)),"La valeur saisie diffère grandement des coûts utilisés dans le modèle. Assurez-vous qu'il ne s'agit pas d'une erreur de saisie",""))
B45: Sous-total | E45: =SUM(E40:E44) -> 140.21 | G45: =SUM(G40:G44) -> 0
A47: MARGE BÉNÉFICIAIRE APRÈS FRAIS MONÉTAIRES | E47: =E37-E45 -> 490.1256 | G47: =G37-G45 -> 1194.624
A49: FRAIS NON MONÉTAIRES
A50: Amortissements | E50: 162.49 | H50: =IF(G50="","",IF(OR(G50>E50*(1+0.5),G50<E50*(1-0.5)),"La valeur saisie diffère grandement des coûts utilisés dans le modèle. Assurez-vous qu'il ne s'agit pas d'une erreur de saisie",""))
A51: Rénumération du travail de l'exploitant | E51: 152.99 | H51: =IF(G51="","",IF(OR(G51>E51*(1+0.5),G51<E51*(1-0.5)),"La valeur saisie diffère grandement des coûts utilisés dans le modèle. Assurez-vous qu'il ne s'agit pas d'une erreur de saisie",""))
A52: Rénumération de l'avoir du propriétaire | E52: 23.21 | H52: =IF(G52="","",IF(OR(G52>E52*(1+0.5),G52<E52*(1-0.5)),"La valeur saisie diffère grandement des coûts utilisés dans le modèle. Assurez-vous qu'il ne s'agit pas d'une erreur de saisie",""))
B53: Sous-total | E53: =SUM(E50:E52) -> 338.69 | G53: =SUM(G50:G52) -> 0
A55: MARGE BÉNÉFICIAIRE APRÈS LES AMORTISSEMENTS ET LES RÉNUMÉRATIONS DU TRAVAIL ET DE L'AVOIR | E55: =E47-E53 -> 151.4356 | G55: =G47-G53 -> 1194.624

Sheet Sarrasin
E1: $/ha | G1: $/ha
E2: Périphérique | G2: Vos Coûts
A3: PRODUITS
A4: Vente | E4: =Saisies!B15*Saisies!B28 -> 826.2 | G4: =IF(Saisies!C15="",Saisies!B15,Saisies!C15)*IF(Saisies!C28="",Saisies!B28,Saisies!C28) -> 826.2 | H4: =IF(G4="","",IF(OR(G4>E4*(1+0.5),G4<E4*(1-0.5)),"La valeur saisie diffère grandement des coûts utilisés dans le modèle. Assurez-vous qu'il ne s'agit pas d'une erreur de saisie",""))
A5: Compensation d'assurance stabilisation | E5: =IF(ASRA_Calculs!$B$9<ASRA_Calculs!$C$9,(ASRA_Calculs!$C$9-ASRA_Calculs!$B$9)*ASRA_Calculs!$D$9,0) -> 0 | G5: =IF(ASRA_Calculs!$B$9<ASRA_Calculs!$C$9,(ASRA_Calculs!$C$9-ASRA_Calculs!$B$9)*ASRA_Calculs!$D$9,0) -> 0 | H5: =IF(G5="","",IF(OR(G5>E5*(1+0.5),G5<E5*(1-0.5)),"La valeur saisie diffère grandement des coûts utilisés dans le modèle. Assurez-vous qu'il ne s'agit pas d'une erreur de saisie",""))
A6: Revenus de pailles | E6: 0 | H6: =IF(G6="","",IF(OR(G6>E6*(1+0.5),G6<E6*(1-0.5)),"La valeur saisie diffère grandement des coûts utilisés dans le modèle. Assurez-vous qu'il ne s'agit pas d'une erreur de saisie",""))
A7: Agri-Québec et Agri-Investissement | E7: =(E4+E6-E15)*0.042 -> 32.16948 | G7: =(G4+G6-G15)*0.042 -> 34.7004 | H7: =IF(G7="","",IF(OR(G7>E7*(1+0.5),G7<E7*(1-0.5)),"La valeur saisie diffère grandement des coûts utilisés dans le modèle. Assurez-vous qu'il ne s'agit pas d'une erreur de saisie",""))
A8: Autres revenus | E8: 29.08 | H8: =IF(G8="","",IF(OR(G8>E8*(1+0.5),G8<E8*(1-0.5)),"La valeur saisie diffère grandement des coûts utilisés dans le modèle. Assurez-vous qu'il ne s'agit pas d'une erreur de saisie",""))
A9: Autres revenus | E9: =SUM(E7:E8) -> 61.24948 | G9: =SUM(G7:G8) -> 34.7004
A11: TOTAL PRODUITS | E11: =SUM(E4:E6)+E9 -> 887.44948 | G11: =SUM(G4:G9) -> 895.6008
A14: FRAIS VARIABLES
A15: Semences | E15: 60.26 | H15: =IF(G15="","",IF(OR(G15>E15*(1+0.5),G15<E15*(1-0.5)),"La valeur saisie diffère grandement des coûts utilisés dans le modèle. Assurez-vous qu'il ne s'agit pas d'une erreur de saisie",""))
A16: Fertilisants | E16: 83.04 | H16: =IF(G16="","",IF(OR(G16>E16*(1+0.5),G16<E16*(1-0.5)),"La valeur saisie diffère grandement des coûts utilisés dans le modèle. Assurez-vous qu'il ne s'agit pas d'une erreur de saisie",""))
A17: Chaulage | E17: 0 | H17: =IF(G17="","",IF(OR(G17>E17*(1+0.5),G17<E17*(1-0.5)),"La valeur saisie diffère grandement des coûts utilisés dans le modèle. Assurez-vous qu'il ne s'agit pas d'une erreur de saisie",""))
A18: Pesticides | E18: 0 | H18: =IF(G18="","",IF(OR(G18>E18*(1+0.5),G18<E18*(1-0.5)),"La valeur saisie diffère grandement des coûts utilisés dans le modèle. Assurez-vous qu'il ne s'agit pas d'une erreur de saisie",""))
A19: Total des intrants | E19: =SUM(E15:E18) -> 143.3 | G19: =SUM(G15:G18) -> 0
A20: Location de machineries, bâtiments | E20: 67.88 | H20: =IF(G20="","",IF(OR(G20>E20*(1+0.5),G20<E20*(1-0.5)),"La valeur saisie diffère grandement des coûts utilisés dans le modèle. Assurez-vous qu'il ne s'agit pas d'une erreur de saisie",""))
A21: Location de fonds de terre | E21: 0 | H21: =IF(G21="","",IF(OR(G21>E21*(1+0.5),G21<E21*(1-0.5)),"La valeur saisie diffère grandement des coûts utilisés dans le modèle. Assurez-vous qu'il ne s'agit pas d'une erreur de saisie",""))
A22: Travaux à forfait | E22: 0 | H22: =IF(G22="","",IF(OR(G22>E22*(1+0.5),G22<E22*(1-0.5)),"La valeur saisie diffère grandement des coûts utilisés dans le modèle. Assurez-vous qu'il ne s'agit pas d'une erreur de saisie",""))
A23: Mais-d'oeuvre additionnelle | E23: 0 | H23: =IF(G23="","",IF(OR(G23>E23*(1+0.5),G23<E23*(1-0.5)),"La valeur saisie diffère grandement des coûts utilisés dans le modèle. Assurez-vous qu'il ne s'agit pas d'une erreur de saisie",""))
A24: Entretien et réparation machinerie | E24: 70.92 | H24: =IF(G24="","",IF(OR(G24>E24*(1+0.5),G24<E24*(1-0.5)),"La valeur saisie diffère grandement des coûts utilisés dans le modèle. Assurez-vous qu'il ne s'agit pas d'une erreur de saisie",""))
A25: Carburants | E25: 0 | H25: =IF(G25="","",IF(OR(G25>E25*(1+0.5),G25<E25*(1-0.5)),"La valeur saisie diffère grandement des coûts utilisés dans le modèle. Assurez-vous qu'il ne s'agit pas d'une erreur de saisie",""))
A26: Gaz propane | D26: =0/1.8 -> 0 | E26: 0 | H26: =IF(G26="","",IF(OR(G26>E26*(1+0.5),G26<E26*(1-0.5)),"La valeur saisie diffère grandement des coûts utilisés dans le modèle. Assurez-vous qu'il ne s'agit pas d'une erreur de saisie",""))
A27: Total des frais de machinerie et main-d'oeuvre | E27: =SUM(E20:E26) -> 138.8 | G27: =SUM(G20:G26) -> 0
A28: Électricité | E28: 35.57 | H28: =IF(G28="","",IF(OR(G28>E28*(1+0.5),G28<E28*(1-0.5)),"La valeur saisie diffère grandement des coûts utilisés dans le modèle. Assurez-vous qu'il ne s'agit pas d'une erreur de saisie",""))
A29: Frais de mise en marché | D29: =1.55/1.8 -> 0.86111111 | E29: 1.55 | H29: =IF(G29="","",IF(OR(G29>E29*(1+0.5),G29<E29*(1-0.5)),"La valeur saisie diffère grandement des coûts utilisés dans le modèle. Assurez-vous qu'il ne s'agit pas d'une erreur de saisie",""))
A30: Intérêts sur emprunt à court terme | E30: 94.01 | H30: =IF(G30="","",IF(OR(G30>E30*(1+0.5),G30<E30*(1-0.5)),"La valeur saisie diffère grandement des coûts utilisés dans le modèle. Assurez-vous qu'il ne s'agit pas d'une erreur de saisie",""))
A31: Total des autres frais directs | E31: =SUM(E28:E30) -> 131.13 | G31: =SUM(G28:G30) -> 0
B32: Sous-total | E32: =E19+E27+E31 -> 413.23 | G32: =G19+G27+G31 -> 0
A34: Contribution d'assurance stabilisation | E34: 0 | H34: =IF(G34="","",IF(OR(G34>E34*(1+0.5),G34<E34*(1-0.5)),"La valeur saisie diffère grandement des coûts utilisés dans le modèle. Assurez-vous qu'il ne s'agit pas d'une erreur de saisie",""))
A35: Contribution aux autres programmes | E35: 0 | H35: =IF(G35="","",IF(OR(G35>E35*(1+0.5),G35<E35*(1-0.5)),"La valeur saisie diffère grandement des coûts utilisés dans le modèle. Assurez-vous qu'il ne s'agit pas d'une erreur de saisie",""))
A37: MARGE BÉNÉFICIAIRE APRÈS COÛTS VARIABLES | E37: =E11-(E32+SUM(E34:E35)) -> 474.21948 | G37: =G11-(G32+SUM(G34:G35)) -> 895.6008
A39: FRAIS FIXES
A40: Entretien bâtiments et fonds de terre | E40: 10.55 | H40: =IF(G40="","",IF(OR(G40>E40*(1+0.5),G40<E40*(1-0.5)),"La valeur saisie diffère grandement des coûts utilisés dans le modèle. Assurez-vous qu'il ne s'agit pas d'une erreur de saisie",""))
A41: Assurances diverses | E41: 0 | H41: =IF(G41="","",IF(OR(G41>E41*(1+0.5),G41<E41*(1-0.5)),"La valeur saisie diffère grandement des coûts utilisés dans le modèle. Assurez-vous qu'il ne s'agit pas d'une erreur de saisie",""))
A42: Taxes foncières | E42: 0 | H42: =IF(G42="","",IF(OR(G42>E42*(1+0.5),G42<E42*(1-0.5)),"La valeur saisie diffère grandement des coûts utilisés dans le modèle. Assurez-vous qu'il ne s'agit pas d'une erreur de saisie",""))
A43: Intérêts sur emprunts à moyen et long terme | E43: 0 | H43: =IF(G43="","",IF(OR(G43>E43*(1+0.5),G43<E43*(1-0.5)),"La valeur saisie diffère grandement des coûts utilisés dans le modèle. Assurez-vous qu'il ne s'agit pas d'une erreur de saisie",""))
A44: Autres frais | E44: 65.8 | H44: =IF(G44="","",IF(OR(G44>E44*(1+0.5),G44<E44*(1-0.5)),"La valeur saisie diffère grandement des coûts utilisés dans le modèle. Assurez-vous qu'il ne s'agit pas d'une erreur de saisie",""))
B45: Sous-total | E45: =SUM(E40:E44) -> 76.35 | G45: =SUM(G40:G44) -> 0
A47: MARGE BÉNÉFICIAIRE APRÈS FRAIS MONÉTAIRES | E47: =E37-E45 -> 397.86948 | G47: =G37-G45 -> 895.6008
A49: FRAIS NON MONÉTAIRES
A50: Amortissements | E50: 148.03 | H50: =IF(G50="","",IF(OR(G50>E50*(1+0.5),G50<E50*(1-0.5)),"La valeur saisie diffère grandement des coûts utilisés dans le modèle. Assurez-vous qu'il ne s'agit pas d'une erreur de saisie",""))
A51: Rénumération du travail de l'exploitant | E51: 160.92 | H51: =IF(G51="","",IF(OR(G51>E51*(1+0.5),G51<E51*(1-0.5)),"La valeur saisie diffère grandement des coûts utilisés dans le modèle. Assurez-vous qu'il ne s'agit pas d'une erreur de saisie",""))
A52: Rénumération de l'avoir du propriétaire | E52: 27.22 | H52: =IF(G52="","",IF(OR(G52>E52*(1+0.5),G52<E52*(1-0.5)),"La valeur saisie diffère grandement des coûts utilisés dans le modèle. Assurez-vous qu'il ne s'agit pas d'une erreur de saisie",""))
B53: Sous-total | E53: =SUM(E50:E52) -> 336.17 | G53: =SUM(G50:G52) -> 0
A55: MARGE BÉNÉFICIAIRE APRÈS LES AMORTISSEMENTS ET LES RÉNUMÉRATIONS DU TRAVAIL ET DE L'AVOIR | E55: =E47-E53 -> 61.69948 | G55: =G47-G53 -> 895.6008

Sheet Cultures de couverture
A1: Mélange avoine-pois-radis précédant un maïs
B2: Quantité (kg/ha) | C2: Prix ($/25kg) | D2: Total ($/ha) | E2: Total ($/ha)
A3: Coûts de semences
A4: Pois fourrager | B4: 40 | C4: 30.24 | D4: =ROUND(B4/25*C4,2) -> 48.38
A5: Avoine | B5: 20 | C5: 26.43 | D5: =ROUND(B5/25*C5,2) -> 21.14
A6: Opérations de semis | E6: =SUM(D4:D5) -> 69.52
A7: Coûts de semis-direct | E7: 54.45
A9: Coût total de la culture de couverture | E9: =E6+E7 -> 123.97
A12: Correspond à un mélange de pois fourrager, avoine et radis huileux. Les doses de semis proviennent du guide des cultures de couverture en grandes cultures provenant du CRAAQ. Le coût des semences provient des références économiques du CRAAQ sur les grains de semences. Le coût du semis-direct provient des références économique du CRAAQ sur la machinerie.

Sheet ASRA_Calculs
A1: 2020-2021 | B1: Revenu stabilisé ajusté | C1: Prix de marché | D1: Rendement du modèle
A2: Maïs-grain | B2: 0 | C2: 0 | D2: 0
A3: Canola | B3: 480.61 | C3: 519.85 | D3: 2.12
A4: Soya | B4: 0 | C4: 0 | D4: 0
A5: Orge | B5: 240.5 | C5: 240.12 | D5: 3.21
A6: Avoine | B6: 272.29 | C6: 243.64 | D6: 2.8
A7: Blé d'alimentation humaine | B7: 277.09 | C7: 276.01 | D7: 3.73
A8: Blé d'alimentation animale | B8: 257.53 | C8: 283.1 | D8: 3.56
A9: Sarrasin | B9: 0 | C9: 0 | D9: 0

Sheet Rendements_CECPA
A1: tm/ha
B2: Périphérique Conventionnelle
A3: Maïs-grain | B3: =ROUND((6.954+6.9+7.437)/3,1) -> 7.1
A4: Canola | B4: 2.3
A5: Soya | B5: =ROUND(3.65*0.75,1) -> 2.7
A6: Orge | B6: 3.3
A7: Avoine | B7: 2.6
A8: Blé d'automne | B8: =ROUND(B9*1.25,1) -> 4
A9: Blé de printemps | B9: 3.2
A10: Sarrasin | B10: 1.8
A12: Région & Régie | B12: =Saisies!B1&" "&Saisies!B2 -> Périphérique Conventionnelle

Sheet Prix_CECPA
A1: $/tm
B2: Périphérique Conventionnelle
A3: Maïs-grain | B3: 341
A4: Canola | B4: 681
A5: Soya | B5: 580
A6: Orge | B6: 275
A7: Avoine | B7: 278
A8: Blé d'automne | B8: 366
A9: Blé de printemps | B9: 366
A10: Sarrasin | B10: 459
A12: Région et Régie | B12: =Saisies!B1&" "&Saisies!B2 -> Périphérique Conventionnelle

Sheet Intermédiaire_Prod-Résultats
D1: Aucun gains agronomiques | AB1: 50 % de gains agronomiques | AZ1: 100 % de gains agronomiques
D2: Périphérique | E2: Votre ferme | G2: =Saisies!B1 -> Périphérique | H2: Votre ferme | J2: =G2 -> Périphérique | K2: Votre ferme | M2: =J2 -> Périphérique | N2: Votre ferme | P2: =M2 -> Périphérique | Q2: Votre ferme | S2: =P2 -> Périphérique | T2: Votre ferme | V2: =S2 -> Périphérique | W2: Votre ferme | Y2: Périphérique | Z2: Votre ferme | AB2: Périphérique | AC2: Votre ferme | AE2: =G2 -> Périphérique | AF2: Votre ferme | AH2: =AE2 -> Périphérique | AI2: Votre ferme | AK2: =AH2 -> Périphérique | AL2: Votre ferme | AN2: =AK2 -> Périphérique | AO2: Votre ferme | AQ2: =AN2 -> Périphérique | AR2: Votre ferme | AT2: =AQ2 -> Périphérique | AU2: Votre ferme | AW2: Périphérique | AX2: Votre ferme | AZ2: Périphérique | BA2: Votre ferme | BC2: =AE2 -> Périphérique | BD2: Votre ferme | BF2: =BC2 -> Périphérique | BG2: Votre ferme | BI2: =BF2 -> Périphérique | BJ2: Votre ferme | BL2: =BI2 -> Périphérique | BM2: Votre ferme | BO2: =BL2 -> Périphérique | BP2: Votre ferme | BR2: =BO2 -> Périphérique | BS2: Votre ferme | BU2: Périphérique | BV2: Votre ferme
D3: Maïs-grain | E3: Maïs-grain | G3: Canola | H3: Canola | J3: Soya | K3: Soya | M3: Orge | N3: Orge | P3: Avoine | Q3: Avoine | S3: Blé d'automne | T3: =S3 -> Blé d'automne | V3: Blé de printemps | W3: Blé de printemps | Y3: Sarrasin | Z3: Sarrasin | AB3: Maïs-grain | AC3: Maïs-grain | AE3: Canola | AF3: Canola | AH3: Soya | AI3: Soya | AK3: Orge | AL3: Orge | AN3: Avoine | AO3: Avoine | AQ3: Blé d'automne | AR3: =AQ3 -> Blé d'automne | AT3: Blé de printemps | AU3: Blé de printemps | AW3: Sarrasin | AX3: Sarrasin | AZ3: Maïs-grain | BA3: Maïs-grain | BC3: Canola | BD3: Canola | BF3: Soya | BG3: Soya | BI3: Orge | BJ3: Orge | BL3: Avoine | BM3: Avoine | BO3: Blé d'automne | BP3: =BO3 -> Blé d'automne | BR3: Blé de printemps | BS3: Blé de printemps | BU3: Sarrasin | BV3: Sarrasin
A4: PRODUITS
A5: Vente | D5: ='Maïs-grain'!E5*(1+Saisies!B39*Saisies!B59) -> 2421.1 | E5: =IF('Maïs-grain'!G5="",'Intermédiaire_Prod-Résultats'!D5,'Maïs-grain'!G5)*(1+IF(Saisies!C39="",Saisies!B39,Saisies!C39)*IF(Saisies!C59="",Saisies!B59,Saisies!C59)) -> 2421.1 | G5: =Canola!E4*(1+Saisies!B40*Saisies!B59) -> 1566.3 | H5: =IF(Canola!G4="",'Intermédiaire_Prod-Résultats'!G5,Canola!G4)*(1+IF(Saisies!C40="",Saisies!B40,Saisies!C40)*IF(Saisies!C59="",Saisies!B59,Saisies!C59)) -> 1566.3 | J5: =Soya!E4*(1+Saisies!B41*Saisies!B59) -> 1566 | K5: =IF(Soya!G4="",'Intermédiaire_Prod-Résultats'!J5,Soya!G4)*(1+IF(Saisies!C41="",Saisies!B41,Saisies!C41)*IF(Saisies!C59="",Saisies!B59,Saisies!C59)) -> 1566 | M5: =Orge!E4*(1+Saisies!B42*Saisies!B59) -> 907.5 | N5: =IF(Orge!G4="",'Intermédiaire_Prod-Résultats'!M5,Orge!G4)*(1+IF(Saisies!C42="",Saisies!B42,Saisies!C42)*IF(Saisies!C59="",Saisies!B59,Saisies!C59)) -> 907.5 | P5: =Avoine!E4*(1+Saisies!B43*Saisies!B59) -> 722.8 | Q5: =IF(Avoine!G4="",'Intermédiaire_Prod-Résultats'!P5,Avoine!G4)*(1+IF(Saisies!C43="",Saisies!B43,Saisies!C43)*IF(Saisies!C59="",Saisies!B59,Saisies!C59)) -> 722.8 | S5: ='Blé_d''automne'!E4*(1+Saisies!B45*Saisies!B59) -> 1464 | T5: =IF('Blé_d''automne'!G4="",'Intermédiaire_Prod-Résultats'!S5,'Blé_d''automne'!G4)*(1+IF(Saisies!C45="",Saisies!B45,Saisies!C45)*IF(Saisies!C59="",Saisies!B59,Saisies!C59)) -> 1464 | V5: =Blé_printemps!E4*(1+Saisies!B44*Saisies!B59) -> 1171.2 | W5: =IF(Blé_printemps!G4="",'Intermédiaire_Prod-Résultats'!V5,Blé_printemps!G4)*(1+IF(Saisies!C44="",Saisies!B44,Saisies!C44)*IF(Saisies!C59="",Saisies!B59,Saisies!C59)) -> 1171.2 | Y5: =Sarrasin!E4*(1+Saisies!B46*Saisies!B59) -> 826.2 | Z5: =IF(Sarrasin!G4="",'Intermédiaire_Prod-Résultats'!Y5,Sarrasin!G4)*(1+IF(Saisies!C46="",Saisies!B46,Saisies!C46)*IF(Saisies!C59="",Saisies!B59,Saisies!C59)) -> 826.2 | AB5: ='Maïs-grain'!E5*(1+Saisies!B39*Saisies!B60) -> 2554.2605 | AC5: =IF('Maïs-grain'!G5="",IF(Saisies!C8="",Saisies!B8,Saisies!C8)*IF(Saisies!C21="",Saisies!B21,Saisies!C21),'Maïs-grain'!G5)*(1+IF(Saisies!C39="",Saisies!B39,Saisies!C39)*IF(Saisies!C60="",Saisies!B60,Saisies!C60)) -> 2554.2605 | AE5: =Canola!E4*(1+Saisies!B40*Saisies!B60) -> 1566.3 | AF5: =IF(Canola!G4="",IF(Saisies!C9="",Saisies!B9,Saisies!C9)*IF(Saisies!C22="",Saisies!B22,Saisies!C22),Canola!G4)*(1+IF(Saisies!C40="",Saisies!B40,Saisies!C40)*IF(Saisies!C60="",Saisies!B60,Saisies!C60)) -> 1566.3 | AH5: =Soya!E4*(1+Saisies!B41*Saisies!B60) -> 1566 | AI5: =IF(Soya!G4="",IF(Saisies!C10="",Saisies!B10,Saisies!C10)*IF(Saisies!C23="",Saisies!B23,Saisies!C23),Soya!G4)*(1+IF(Saisies!C41="",Saisies!B41,Saisies!C41)*IF(Saisies!C60="",Saisies!B60,Saisies!C60)) -> 1566 | AK5: =Orge!E4*(1+Saisies!B42*Saisies!B60) -> 957.4125 | AL5: =IF(Orge!G4="",IF(Saisies!C11="",Saisies!B11,Saisies!C11)*IF(Saisies!C24="",Saisies!B24,Saisies!C24),Orge!G4)*(1+IF(Saisies!C42="",Saisies!B42,Saisies!C42)*IF(Saisies!C60="",Saisies!B60,Saisies!C60)) -> 957.4125 | AN5: =Avoine!E4*(1+Saisies!B43*Saisies!B60) -> 762.554 | AO5: =IF(Avoine!G4="",IF(Saisies!C12="",Saisies!B12,Saisies!C12)*IF(Saisies!C25="",Saisies!B25,Saisies!C25),Avoine!G4)*(1+IF(Saisies!C43="",Saisies!B43,Saisies!C43)*IF(Saisies!C60="",Saisies!B60,Saisies!C60)) -> 762.554 | AQ5: ='Blé_d''automne'!E4*(1+Saisies!B45*Saisies!B60) -> 1544.52 | AR5: =IF('Blé_d''automne'!G4="",IF(Saisies!C14="",Saisies!B14,Saisies!C14)*IF(Saisies!C27="",Saisies!B27,Saisies!C27),'Blé_d''automne'!G4)*(1+IF(Saisies!C45="",Saisies!B45,Saisies!C45)*IF(Saisies!C60="",Saisies!B60,Saisies!C60)) -> 1544.52 | AT5: =Blé_printemps!E4*(1+Saisies!B44*Saisies!B60) -> 1235.616 | AU5: =IF(Blé_printemps!G4="",IF(Saisies!C13="",Saisies!B13,Saisies!C13)*IF(Saisies!C26="",Saisies!B26,Saisies!C26),Blé_printemps!G4)*(1+IF(Saisies!C44="",Saisies!B44,Saisies!C44)*IF(Saisies!C60="",Saisies!B60,Saisies!C60)) -> 1235.616 | AW5: =Sarrasin!E4*(1+Saisies!B46*Saisies!B60) -> 826.2 | AX5: =IF(Sarrasin!G4="",IF(Saisies!C15="",Saisies!B15,Saisies!C15)*IF(Saisies!C28="",Saisies!B28,Saisies!C28),Sarrasin!G4)*(1+IF(Saisies!C46="",Saisies!B46,Saisies!C46)*IF(Saisies!C60="",Saisies!B60,Saisies!C60)) -> 826.2 | AZ5: ='Maïs-grain'!E5*(1+Saisies!B39*Saisies!B61) -> 2687.421 | BA5: =IF('Maïs-grain'!G5="",IF(Saisies!C8="",Saisies!B8,Saisies!C8)*IF(Saisies!C21="",Saisies!B21,Saisies!C21),'Maïs-grain'!G5)*(1+IF(Saisies!C39="",Saisies!B39,Saisies!C39)*IF(Saisies!C61="",Saisies!B61,Saisies!C61)) -> 2687.421 | BC5: =Canola!E4*(1+Saisies!B40*Saisies!B61) -> 1566.3 | BD5: =IF(Canola!G4="",IF(Saisies!C9="",Saisies!B9,Saisies!C9)*IF(Saisies!C22="",Saisies!B22,Saisies!C22),Canola!G4)*(1+IF(Saisies!C40="",Saisies!B40,Saisies!C40)*IF(Saisies!C61="",Saisies!B61,Saisies!C61)) -> 1566.3 | BF5: =Soya!E4*(1+Saisies!B41*Saisies!B61) -> 1566 | BG5: =IF(Soya!G4="",IF(Saisies!C10="",Saisies!B10,Saisies!C10)*IF(Saisies!C23="",Saisies!B23,Saisies!C23),Soya!G4)*(1+IF(Saisies!C41="",Saisies!B41,Saisies!C41)*IF(Saisies!C61="",Saisies!B61,Saisies!C61)) -> 1566 | BI5: =Orge!E4*(1+Saisies!B42*Saisies!B61) -> 1007.325 | BJ5: =IF(Orge!G4="",IF(Saisies!C11="",Saisies!B11,Saisies!C11)*IF(Saisies!C24="",Saisies!B24,Saisies!C24),Orge!G4)*(1+IF(Saisies!C42="",Saisies!B42,Saisies!C42)*IF(Saisies!C61="",Saisies!B61,Saisies!C61)) -> 1007.325 | BL5: =Avoine!E4*(1+Saisies!B43*Saisies!B61) -> 802.308 | BM5: =IF(Avoine!G4="",IF(Saisies!C12="",Saisies!B12,Saisies!C12)*IF(Saisies!C25="",Saisies!B25,Saisies!C25),Avoine!G4)*(1+IF(Saisies!C43="",Saisies!B43,Saisies!C43)*IF(Saisies!C61="",Saisies!B61,Saisies!C61)) -> 802.308 | BO5: ='Blé_d''automne'!E4*(1+Saisies!B45*Saisies!B61) -> 1625.04 | BP5: =IF('Blé_d''automne'!G4="",IF(Saisies!C14="",Saisies!B14,Saisies!C14)*IF(Saisies!C27="",Saisies!B27,Saisies!C27),'Blé_d''automne'!G4)*(1+IF(Saisies!C45="",Saisies!B45,Saisies!C45)*IF(Saisies!C61="",Saisies!B61,Saisies!C61)) -> 1625.04 | BR5: =Blé_printemps!E4*(1+Saisies!B44*Saisies!B61) -> 1300.032 | BS5: =IF(Blé_printemps!G4="",IF(Saisies!C13="",Saisies!B13,Saisies!C13)*IF(Saisies!C26="",Saisies!B26,Saisies!C26),Blé_printemps!G4)*(1+IF(Saisies!C44="",Saisies!B44,Saisies!C44)*IF(Saisies!C61="",Saisies!B61,Saisies!C61)) -> 1300.032 | BU5: =Sarrasin!E4*(1+Saisies!B46*Saisies!B61) -> 826.2 | BV5: =IF(Sarrasin!G4="",IF(Saisies!C15="",Saisies!B15,Saisies!C15)*IF(Saisies!C28="",Saisies!B28,Saisies!C28),Sarrasin!G4)*(1+IF(Saisies!C46="",Saisies!B46,Saisies!C46)*IF(Saisies!C61="",Saisies!B61,Saisies!C61)) -> 826.2
A6: Compensation d'assurance stabilisation | D6: ='Maïs-grain'!E6 -> 0 | E6: =IF('Maïs-grain'!G6="",'Intermédiaire_Prod-Résultats'!D6,'Maïs-grain'!G6) -> 0 | G6: =Canola!E5 -> 0 | H6: =IF(Canola!G5="",'Intermédiaire_Prod-Résultats'!G6,Canola!G5) -> 0 | J6: =Soya!E5 -> 0 | K6: =IF(Soya!G5="",'Intermédiaire_Prod-Résultats'!J6,Soya!G5) -> 0 | M6: =Orge!E5 -> 0 | N6: =IF(Orge!G5="",'Intermédiaire_Prod-Résultats'!M6,Orge!G5) -> 0 | P6: =Avoine!E5 -> 0 | Q6: =IF(Avoine!G5="",'Intermédiaire_Prod-Résultats'!P6,Avoine!G5) -> 0 | S6: ='Blé_d''automne'!E5 -> 0 | T6: =IF('Blé_d''automne'!G5="",'Intermédiaire_Prod-Résultats'!S6,'Blé_d''automne'!G5) -> 0 | V6: =Blé_printemps!E5 -> 0 | W6: =IF(Blé_printemps!G5="",'Intermédiaire_Prod-Résultats'!V6,Blé_printemps!G5) -> 0 | Y6: =Sarrasin!E5 -> 0 | Z6: =IF(Sarrasin!G5="",'Intermédiaire_Prod-Résultats'!Y6,Sarrasin!G5) -> 0 | AB6: ='Maïs-grain'!E6 -> 0 | AC6: =IF('Maïs-grain'!G6="",'Intermédiaire_Prod-Résultats'!AB6,'Maïs-grain'!G6) -> 0 | AE6: =Canola!E5 -> 0 | AF6: =IF(Canola!G5="",'Intermédiaire_Prod-Résultats'!AE6,Canola!G5) -> 0 | AH6: =Soya!E5 -> 0 | AI6: =IF(Soya!G5="",'Intermédiaire_Prod-Résultats'!AH6,Soya!G5) -> 0 | AK6: =Orge!E5 -> 0 | AL6: =IF(Orge!G5="",'Intermédiaire_Prod-Résultats'!AK6,Orge!G5) -> 0 | AN6: =Avoine!E5 -> 0 | AO6: =IF(Avoine!G5="",'Intermédiaire_Prod-Résultats'!AN6,Avoine!G5) -> 0 | AQ6: ='Blé_d''automne'!E5 -> 0 | AR6: =IF('Blé_d''automne'!G5="",'Intermédiaire_Prod-Résultats'!AQ6,'Blé_d''automne'!G5) -> 0 | AT6: =Blé_printemps!E5 -> 0 | AU6: =IF(Blé_printemps!G5="",'Intermédiaire_Prod-Résultats'!AT6,Blé_printemps!G5) -> 0 | AW6: =Sarrasin!E5 -> 0 | AX6: =IF(Sarrasin!G5="",'Intermédiaire_Prod-Résultats'!AW6,Sarrasin!G5) -> 0 | AZ6: ='Maïs-grain'!E6 -> 0 | BA6: =IF('Maïs-grain'!G6="",'Intermédiaire_Prod-Résultats'!AZ6,'Maïs-grain'!G6) -> 0 | BC6: =Canola!E5 -> 0 | BD6: =IF(Canola!G5="",'Intermédiaire_Prod-Résultats'!BC6,Canola!G5) -> 0 | BF6: =Soya!E5 -> 0 | BG6: =IF(Soya!G5="",'Intermédiaire_Prod-Résultats'!BF6,Soya!G5) -> 0 | BI6: =Orge!E5 -> 0 | BJ6: =IF(Orge!G5="",'Intermédiaire_Prod-Résultats'!BI6,Orge!G5) -> 0 | BL6: =Avoine!E5 -> 0 | BM6: =IF(Avoine!G5="",'Intermédiaire_Prod-Résultats'!BL6,Avoine!G5) -> 0 | BO6: ='Blé_d''automne'!E5 -> 0 | BP6: =IF('Blé_d''automne'!G5="",'Intermédiaire_Prod-Résultats'!BO6,'Blé_d''automne'!G5) -> 0 | BR6: =Blé_printemps!E5 -> 0 | BS6: =IF(Blé_printemps!G5="",'Intermédiaire_Prod-Résultats'!BR6,Blé_printemps!G5) -> 0 | BU6: =Sarrasin!E5 -> 0 | BV6: =IF(Sarrasin!G5="",'Intermédiaire_Prod-Résultats'!BU6,Sarrasin!G5) -> 0
A7: Revenus de sous-produits | D7: ='Maïs-grain'!E7 -> 4.21 | E7: =IF('Maïs-grain'!G7="",'Intermédiaire_Prod-Résultats'!D7,'Maïs-grain'!G7) -> 4.21 | G7: =Canola!E6 -> 0 | H7: =IF(Canola!G6="",'Intermédiaire_Prod-Résultats'!G7,Canola!G6) -> 0 | J7: =Soya!E6 -> 53.32 | K7: =IF(Soya!G6="",'Intermédiaire_Prod-Résultats'!J7,Soya!G6) -> 53.32 | M7: =Orge!E6 -> 165.64 | N7: =IF(Orge!G6="",'Intermédiaire_Prod-Résultats'!M7,Orge!G6) -> 165.64 | P7: =Avoine!E6 -> 89.45 | Q7: =IF(Avoine!G6="",'Intermédiaire_Prod-Résultats'!P7,Avoine!G6) -> 89.45 | S7: ='Blé_d''automne'!E6 -> 148.98 | T7: =IF('Blé_d''automne'!G6="",'Intermédiaire_Prod-Résultats'!S7,'Blé_d''automne'!G6) -> 148.98 | V7: =Blé_printemps!E6 -> 148.98 | W7: =IF(Blé_printemps!G6="",'Intermédiaire_Prod-Résultats'!V7,Blé_printemps!G6) -> 148.98 | Y7: =Sarrasin!E6 -> 0 | Z7: =IF(Sarrasin!G6="",'Intermédiaire_Prod-Résultats'!Y7,Sarrasin!G6) -> 0 | AB7: ='Maïs-grain'!E7 -> 4.21 | AC7: =IF('Maïs-grain'!G7="",'Intermédiaire_Prod-Résultats'!AB7,'Maïs-grain'!G7) -> 4.21 | AE7: =Canola!E6 -> 0 | AF7: =IF(Canola!G6="",'Intermédiaire_Prod-Résultats'!AE7,Canola!G6) -> 0 | AH7: =Soya!E6 -> 53.32 | AI7: =IF(Soya!G6="",'Intermédiaire_Prod-Résultats'!AH7,Soya!G6) -> 53.32 | AK7: =Orge!E6 -> 165.64 | AL7: =IF(Orge!G6="",'Intermédiaire_Prod-Résultats'!AK7,Orge!G6) -> 165.64 | AN7: =Avoine!E6 -> 89.45 | AO7: =IF(Avoine!G6="",'Intermédiaire_Prod-Résultats'!AN7,Avoine!G6) -> 89.45 | AQ7: ='Blé_d''automne'!E6 -> 148.98 | AR7: =IF('Blé_d''automne'!G6="",'Intermédiaire_Prod-Résultats'!AQ7,'Blé_d''automne'!G6) -> 148.98 | AT7: =Blé_printemps!E6 -> 148.98 | AU7: =IF(Blé_printemps!G6="",'Intermédiaire_Prod-Résultats'!AT7,Blé_printemps!G6) -> 148.98 | AW7: =Sarrasin!E6 -> 0 | AX7: =IF(Sarrasin!G6="",'Intermédiaire_Prod-Résultats'!AW7,Sarrasin!G6) -> 0 | AZ7: ='Maïs-grain'!E7 -> 4.21 | BA7: =IF('Maïs-grain'!G7="",'Intermédiaire_Prod-Résultats'!AZ7,'Maïs-grain'!G7) -> 4.21 | BC7: =Canola!E6 -> 0 | BD7: =IF(Canola!G6="",'Intermédiaire_Prod-Résultats'!BC7,Canola!G6) -> 0 | BF7: =Soya!E6 -> 53.32 | BG7: =IF(Soya!G6="",'Intermédiaire_Prod-Résultats'!BF7,Soya!G6) -> 53.32 | BI7: =Orge!E6 -> 165.64 | BJ7: =IF(Orge!G6="",'Intermédiaire_Prod-Résultats'!BI7,Orge!G6) -> 165.64 | BL7: =Avoine!E6 -> 89.45 | BM7: =IF(Avoine!G6="",'Intermédiaire_Prod-Résultats'!BL7,Avoine!G6) -> 89.45 | BO7: ='Blé_d''automne'!E6 -> 148.98 | BP7: =IF('Blé_d''automne'!G6="",'Intermédiaire_Prod-Résultats'!BO7,'Blé_d''automne'!G6) -> 148.98 | BR7: =Blé_printemps!E6 -> 148.98 | BS7: =IF(Blé_printemps!G6="",'Intermédiaire_Prod-Résultats'!BR7,Blé_printemps!G6) -> 148.98 | BU7: =Sarrasin!E6 -> 0 | BV7: =IF(Sarrasin!G6="",'Intermédiaire_Prod-Résultats'!BU7,Sarrasin!G6) -> 0
A8: Agri-Québec et Agri-Investissement | D8: =(D5-D15)*0.042 -> 89.2395 | E8: =(E5-E15)*0.042 -> 89.2395 | G8: =(G5-G15)*0.01 -> 13.9181 | H8: =(H5-H15)*0.01 -> 13.9181 | J8: =(J5-J15)*0.042 -> 52.4937 | K8: =(K5-K15)*0.042 -> 52.4937 | M8: =(M5+M7-M15)*0.01 -> 9.3592 | N8: =(N5+N7-N15)*0.01 -> 9.3592 | P8: =(P5+P7-P15)*0.01 -> 7.1457 | Q8: =(Q5+Q7-Q15)*0.01 -> 7.1457 | S8: =(S5+S7-S15)*0.01 -> 14.4737 | T8: =(T5+T7-T15)*0.01 -> 14.4737 | V8: =(V5+V7-V15)*0.01 -> 11.4278 | W8: =(W5+W7-W15)*0.01 -> 11.4278 | Y8: =(Y5+Y7-Y15)*0.01 -> 7.6594 | Z8: =(Z5+Z7-Z15)*0.01 -> 7.6594 | AB8: =(AB5-AB15)*0.042 -> 94.832241 | AC8: =(AC5-AC15)*0.042 -> 94.832241 | AE8: =(AE5-AE15)*0.01 -> 13.9181 | AF8: =(AF5-AF15)*0.01 -> 13.9181 | AH8: =(AH5-AH15)*0.042 -> 52.4937 | AI8: =(AI5-AI15)*0.042 -> 52.4937 | AK8: =(AK5+AK7-AK15)*0.01 -> 9.858325 | AL8: =(AL5+AL7-AL15)*0.01 -> 9.858325 | AN8: =(AN5+AN7-AN15)*0.01 -> 7.54324 | AO8: =(AO5+AO7-AO15)*0.01 -> 7.54324 | AQ8: =(AQ5+AQ7-AQ15)*0.01 -> 15.2789 | AR8: =(AR5+AR7-AR15)*0.01 -> 15.2789 | AT8: =(AT5+AT7-AT15)*0.01 -> 12.07196 | AU8: =(AU5+AU7-AU15)*0.01 -> 12.07196 | AW8: =(AW5-AW15)*0.01 -> 7.6594 | AX8: =(AX5-AX15)*0.01 -> 7.6594 | AZ8: =(AZ5-AZ15)*0.042 -> 100.42498 | BA8: =(BA5-BA15)*0.042 -> 100.42498 | BC8: =(BC5-BC15)*0.01 -> 13.9181 | BD8: =(BD5-BD15)*0.01 -> 13.9181 | BF8: =(BF5-BF15)*0.042 -> 52.4937 | BG8: =(BG5-BG15)*0.042 -> 52.4937 | BI8: =(BI5+BI7-BI15)*0.01 -> 10.35745 | BJ8: =(BJ5+BJ7-BJ15)*0.01 -> 10.35745 | BL8: =(BL5+BL7-BL15)*0.01 -> 7.94078 | BM8: =(BM5+BM7-BM15)*0.01 -> 7.94078 | BO8: =(BO5+BO7-BO15)*0.01 -> 16.0841 | BP8: =(BP5+BP7-BP15)*0.01 -> 16.0841 | BR8: =(BR5+BR7-BR15)*0.01 -> 12.71612 | BS8: =(BS5+BS7-BS15)*0.01 -> 12.71612 | BU8: =(BU5+BU7-BU15)*0.01 -> 7.6594 | BV8: =(BV5+BV7-BV15)*0.01 -> 7.6594
A9: Autres revenus | D9: ='Maïs-grain'!E9 -> 0 | E9: =IF('Maïs-grain'!G9="",'Intermédiaire_Prod-Résultats'!D9,'Maïs-grain'!G9) -> 0 | G9: =Canola!E8 -> 39.78 | H9: =IF(Canola!G8="",'Intermédiaire_Prod-Résultats'!G9,Canola!G8) -> 39.78 | J9: =Soya!E8 -> 19.11 | K9: =IF(Soya!G8="",'Intermédiaire_Prod-Résultats'!J9,Soya!G8) -> 19.11 | M9: =Orge!E8 -> 74.01 | N9: =IF(Orge!G8="",'Intermédiaire_Prod-Résultats'!M9,Orge!G8) -> 74.01 | P9: =Avoine!E8 -> 43.9 | Q9: =IF(Avoine!G8="",'Intermédiaire_Prod-Résultats'!P9,Avoine!G8) -> 43.9 | S9: ='Blé_d''automne'!E8 -> 56.21 | T9: =IF('Blé_d''automne'!G8="",'Intermédiaire_Prod-Résultats'!S9,'Blé_d''automne'!G8) -> 56.21 | V9: =Blé_printemps!E8 -> 59.25 | W9: =IF(Blé_printemps!G8="",'Intermédiaire_Prod-Résultats'!V9,Blé_printemps!G8) -> 59.25 | Y9: =Sarrasin!E8 -> 29.08 | Z9: =IF(Sarrasin!G8="",'Intermédiaire_Prod-Résultats'!Y9,Sarrasin!G8) -> 29.08 | AB9: ='Maïs-grain'!E9 -> 0 | AC9: =IF('Maïs-grain'!G9="",'Intermédiaire_Prod-Résultats'!AB9,'Maïs-grain'!G9) -> 0 | AE9: =Canola!E8 -> 39.78 | AF9: =IF(Canola!G8="",'Intermédiaire_Prod-Résultats'!AE9,Canola!G8) -> 39.78 | AH9: =Soya!E8 -> 19.11 | AI9: =IF(Soya!G8="",'Intermédiaire_Prod-Résultats'!AH9,Soya!G8) -> 19.11 | AK9: =Orge!E8 -> 74.01 | AL9: =IF(Orge!G8="",'Intermédiaire_Prod-Résultats'!AK9,Orge!G8) -> 74.01 | AN9: =Avoine!E8 -> 43.9 | AO9: =IF(Avoine!G8="",'Intermédiaire_Prod-Résultats'!AN9,Avoine!G8) -> 43.9 | AQ9: ='Blé_d''automne'!E8 -> 56.21 | AR9: =IF('Blé_d''automne'!G8="",'Intermédiaire_Prod-Résultats'!AQ9,'Blé_d''automne'!G8) -> 56.21 | AT9: =Blé_printemps!E8 -> 59.25 | AU9: =IF(Blé_printemps!G8="",'Intermédiaire_Prod-Résultats'!AT9,Blé_printemps!G8) -> 59.25 | AW9: =Sarrasin!E8 -> 29.08 | AX9: =IF(Sarrasin!G8="",'Intermédiaire_Prod-Résultats'!AW9,Sarrasin!G8) -> 29.08 | AZ9: ='Maïs-grain'!E9 -> 0 | BA9: =IF('Maïs-grain'!G9="",'Intermédiaire_Prod-Résultats'!AZ9,'Maïs-grain'!G9) -> 0 | BC9: =Canola!E8 -> 39.78 | BD9: =IF(Canola!G8="",'Intermédiaire_Prod-Résultats'!BC9,Canola!G8) -> 39.78 | BF9: =Soya!E8 -> 19.11 | BG9: =IF(Soya!G8="",'Intermédiaire_Prod-Résultats'!BF9,Soya!G8) -> 19.11 | BI9: =Orge!E8 -> 74.01 | BJ9: =IF(Orge!G8="",'Intermédiaire_Prod-Résultats'!BI9,Orge!G8) -> 74.01 | BL9: =Avoine!E8 -> 43.9 | BM9: =IF(Avoine!G8="",'Intermédiaire_Prod-Résultats'!BL9,Avoine!G8) -> 43.9 | BO9: ='Blé_d''automne'!E8 -> 56.21 | BP9: =IF('Blé_d''automne'!G8="",'Intermédiaire_Prod-Résultats'!BO9,'Blé_d''automne'!G8) -> 56.21 | BR9: =Blé_printemps!E8 -> 59.25 | BS9: =IF(Blé_printemps!G8="",'Intermédiaire_Prod-Résultats'!BR9,Blé_printemps!G8) -> 59.25 | BU9: =Sarrasin!E8 -> 29.08 | BV9: =IF(Sarrasin!G8="",'Intermédiaire_Prod-Résultats'!BU9,Sarrasin!G8) -> 29.08
A11: TOTAL PRODUITS | D11: =SUM(D5:D9) -> 2514.5495 | E11: =SUM(E5:E9) -> 2514.5495 | G11: =SUM(G5:G9) -> 1619.9981 | H11: =SUM(H5:H9) -> 1619.9981 | J11: =SUM(J5:J9) -> 1690.9237 | K11: =SUM(K5:K9) -> 1690.9237 | M11: =SUM(M5:M9) -> 1156.5092 | N11: =SUM(N5:N9) -> 1156.5092 | P11: =SUM(P5:P9) -> 863.2957 | Q11: =SUM(Q5:Q9) -> 863.2957 | S11: =SUM(S5:S9) -> 1683.6637 | T11: =SUM(T5:T9) -> 1683.6637 | V11: =SUM(V5:V9) -> 1390.8578 | W11: =SUM(W5:W9) -> 1390.8578 | Y11: =SUM(Y5:Y9) -> 862.9394 | Z11: =SUM(Z5:Z9) -> 862.9394 | AB11: =SUM(AB5:AB9) -> 2653.3027 | AC11: =SUM(AC5:AC9) -> 2653.3027 | AE11: =SUM(AE5:AE9) -> 1619.9981 | AF11: =SUM(AF5:AF9) -> 1619.9981 | AH11: =SUM(AH5:AH9) -> 1690.9237 | AI11: =SUM(AI5:AI9) -> 1690.9237 | AK11: =SUM(AK5:AK9) -> 1206.9208 | AL11: =SUM(AL5:AL9) -> 1206.9208 | AN11: =SUM(AN5:AN9) -> 903.44724 | AO11: =SUM(AO5:AO9) -> 903.44724 | AQ11: =SUM(AQ5:AQ9) -> 1764.9889 | AR11: =SUM(AR5:AR9) -> 1764.9889 | AT11: =SUM(AT5:AT9) -> 1455.918 | AU11: =SUM(AU5:AU9) -> 1455.918 | AW11: =SUM(AW5:AW9) -> 862.9394 | AX11: =SUM(AX5:AX9) -> 862.9394 | AZ11: =SUM(AZ5:AZ9) -> 2792.056 | BA11: =SUM(BA5:BA9) -> 2792.056 | BC11: =SUM(BC5:BC9) -> 1619.9981 | BD11: =SUM(BD5:BD9) -> 1619.9981 | BF11: =SUM(BF5:BF9) -> 1690.9237 | BG11: =SUM(BG5:BG9) -> 1690.9237 | BI11: =SUM(BI5:BI9) -> 1257.3325 | BJ11: =SUM(BJ5:BJ9) -> 1257.3325 | BL11: =SUM(BL5:BL9) -> 943.59878 | BM11: =SUM(BM5:BM9) -> 943.59878 | BO11: =SUM(BO5:BO9) -> 1846.3141 | BP11: =SUM(BP5:BP9) -> 1846.3141 | BR11: =SUM(BR5:BR9) -> 1520.9781 | BS11: =SUM(BS5:BS9) -> 1520.9781 | BU11: =SUM(BU5:BU9) -> 862.9394 | BV11: =SUM(BV5:BV9) -> 862.9394
A14: FRAIS VARIABLES
A15: Semence | D15: ='Maïs-grain'!E16 -> 296.35 | E15: =IF('Maïs-grain'!G16="",'Intermédiaire_Prod-Résultats'!D15,'Maïs-grain'!G16) -> 296.35 | G15: =Canola!E15 -> 174.49 | H15: =IF(Canola!G15="",'Intermédiaire_Prod-Résultats'!G15,Canola!G15) -> 174.49 | J15: =Soya!E15+IF(Saisies!B34="Oui",'Cultures de couverture'!E9,0) -> 316.15 | K15: =IF(Soya!G15="",'Intermédiaire_Prod-Résultats'!J15,Soya!G15+IF(Saisies!B34="Oui",'Cultures de couverture'!E9,0)) -> 316.15 | M15: =Orge!E15 -> 137.22 | N15: =IF(Orge!G15="",'Intermédiaire_Prod-Résultats'!M15,Orge!G15) -> 137.22 | P15: =Avoine!E15 -> 97.68 | Q15: =IF(Avoine!G15="",'Intermédiaire_Prod-Résultats'!P15,Avoine!G15) -> 97.68 | S15: ='Blé_d''automne'!E15 -> 165.61 | T15: =IF('Blé_d''automne'!G15="",'Intermédiaire_Prod-Résultats'!S15,'Blé_d''automne'!G15) -> 165.61 | V15: =Blé_printemps!E15 -> 177.4 | W15: =IF(Blé_printemps!G15="",'Intermédiaire_Prod-Résultats'!V15,Blé_printemps!G15) -> 177.4 | Y15: =Sarrasin!E15 -> 60.26 | Z15: =IF(Sarrasin!G15="",'Intermédiaire_Prod-Résultats'!Y15,Sarrasin!G15) -> 60.26 | AB15: ='Maïs-grain'!E16 -> 296.35 | AC15: =IF('Maïs-grain'!G15="",'Intermédiaire_Prod-Résultats'!AB15,'Maïs-grain'!G15) -> 296.35 | AE15: =Canola!E15 -> 174.49 | AF15: =IF(Canola!G15="",'Intermédiaire_Prod-Résultats'!AE15,Canola!G15) -> 174.49 | AH15: =Soya!E15+IF(Saisies!B34="Oui",'Cultures de couverture'!E9,0) -> 316.15 | AI15: =IF(Soya!G15="",'Intermédiaire_Prod-Résultats'!AH15,Soya!G15+IF(Saisies!B34="Oui",'Cultures de couverture'!E9,0)) -> 316.15 | AK15: =Orge!E15 -> 137.22 | AL15: =IF(Orge!G15="",'Intermédiaire_Prod-Résultats'!AK15,Orge!G15) -> 137.22 | AN15: =Avoine!E15 -> 97.68 | AO15: =IF(Avoine!G15="",'Intermédiaire_Prod-Résultats'!AN15,Avoine!G15) -> 97.68 | AQ15: ='Blé_d''automne'!E15 -> 165.61 | AR15: =IF('Blé_d''automne'!G15="",'Intermédiaire_Prod-Résultats'!AQ15,'Blé_d''automne'!G15) -> 165.61 | AT15: =Blé_printemps!E15 -> 177.4 | AU15: =IF(Blé_printemps!G15="",'Intermédiaire_Prod-Résultats'!AT15,Blé_printemps!G15) -> 177.4 | AW15: =Sarrasin!E15 -> 60.26 | AX15: =IF(Sarrasin!G15="",'Intermédiaire_Prod-Résultats'!AW15,Sarrasin!G15) -> 60.26 | AZ15: ='Maïs-grain'!E16 -> 296.35 | BA15: =IF('Maïs-grain'!G16="",'Intermédiaire_Prod-Résultats'!AZ15,'Maïs-grain'!G16) -> 296.35 | BC15: =Canola!E15 -> 174.49 | BD15: =IF(Canola!G15="",'Intermédiaire_Prod-Résultats'!BC15,Canola!G15) -> 174.49 | BF15: =Soya!E15+IF(Saisies!B34="Oui",'Cultures de couverture'!E9,0) -> 316.15 | BG15: =IF(Soya!G15="",'Intermédiaire_Prod-Résultats'!BF15,Soya!G15+IF(Saisies!B34="Oui",'Cultures de couverture'!E9,0)) -> 316.15 | BI15: =Orge!E15 -> 137.22 | BJ15: =IF(Orge!G15="",'Intermédiaire_Prod-Résultats'!BI15,Orge!G15) -> 137.22 | BL15: =Avoine!E15 -> 97.68 | BM15: =IF(Avoine!G15="",'Intermédiaire_Prod-Résultats'!BL15,Avoine!G15) -> 97.68 | BO15: ='Blé_d''automne'!E15 -> 165.61 | BP15: =IF('Blé_d''automne'!G15="",'Intermédiaire_Prod-Résultats'!BO15,'Blé_d''automne'!G15) -> 165.61 | BR15: =Blé_printemps!E15 -> 177.4 | BS15: =IF(Blé_printemps!G15="",'Intermédiaire_Prod-Résultats'!BR15,Blé_printemps!G15) -> 177.4 | BU15: =Sarrasin!E15 -> 60.26 | BV15: =IF(Sarrasin!G15="",'Intermédiaire_Prod-Résultats'!BU15,Sarrasin!G15) -> 60.26
A16: Fertilisants | D16: ='Maïs-grain'!E17 -> 399.03 | E16: =IF('Maïs-grain'!G17="",'Intermédiaire_Prod-Résultats'!D16,'Maïs-grain'!G17) -> 399.03 | G16: =Canola!E16 -> 268.87 | H16: =IF(Canola!G16="",'Intermédiaire_Prod-Résultats'!G16,Canola!G16) -> 268.87 | J16: =Soya!E16-IF(Saisies!B34="Oui",Saisies!B50*Saisies!B51*Saisies!B59,0) -> 47.68 | K16: =IF(Soya!G16="",'Intermédiaire_Prod-Résultats'!J16,Soya!G16-IF(Saisies!B34="Oui",IF(Saisies!C50="",Saisies!B50,Saisies!C50)*IF(Saisies!C51="",Saisies!B51,Saisies!C51)*IF(Saisies!C59="",Saisies!B59,Saisies!C59),0)) -> 47.68 | M16: =Orge!E16 -> 143.56 | N16: =IF(Orge!G16="",'Intermédiaire_Prod-Résultats'!M16,Orge!G16) -> 143.56 | P16: =Avoine!E16 -> 105.11 | Q16: =IF(Avoine!G16="",'Intermédiaire_Prod-Résultats'!P16,Avoine!G16) -> 105.11 | S16: ='Blé_d''automne'!E16 -> 193.93 | T16: =IF('Blé_d''automne'!G16="",'Intermédiaire_Prod-Résultats'!S16,'Blé_d''automne'!G16) -> 193.93 | V16: =Blé_printemps!E16 -> 193.93 | W16: =IF(Blé_printemps!G16="",'Intermédiaire_Prod-Résultats'!V16,Blé_printemps!G16) -> 193.93 | Y16: =Sarrasin!E16 -> 83.04 | Z16: =IF(Sarrasin!G16="",'Intermédiaire_Prod-Résultats'!Y16,Sarrasin!G16) -> 83.04 | AB16: ='Maïs-grain'!E17 -> 399.03 | AC16: =IF('Maïs-grain'!G16="",'Intermédiaire_Prod-Résultats'!AB16,'Maïs-grain'!G16) -> 399.03 | AE16: =Canola!E16 -> 268.87 | AF16: =IF(Canola!G16="",'Intermédiaire_Prod-Résultats'!AE16,Canola!G16) -> 268.87 | AH16: =Soya!E16-(IF(Saisies!B34="Oui",Saisies!B50*Saisies!B51*Saisies!B60,0)) -> 20.93 | AI16: =IF(Soya!G16="",'Intermédiaire_Prod-Résultats'!AH16,Soya!G16-(IF(Saisies!B34="Oui",IF(Saisies!C50="",Saisies!B50,Saisies!C50)*IF(Saisies!C51="",Saisies!B51,Saisies!C51)*IF(Saisies!C60="",Saisies!B60,Saisies!C60),0))) -> 20.93 | AK16: =Orge!E16 -> 143.56 | AL16: =IF(Orge!G16="",'Intermédiaire_Prod-Résultats'!AK16,Orge!G16) -> 143.56 | AN16: =Avoine!E16 -> 105.11 | AO16: =IF(Avoine!G16="",'Intermédiaire_Prod-Résultats'!AN16,Avoine!G16) -> 105.11 | AQ16: ='Blé_d''automne'!E16 -> 193.93 | AR16: =IF('Blé_d''automne'!G16="",'Intermédiaire_Prod-Résultats'!AQ16,'Blé_d''automne'!G16) -> 193.93 | AT16: =Blé_printemps!E16 -> 193.93 | AU16: =IF(Blé_printemps!G16="",'Intermédiaire_Prod-Résultats'!AT16,Blé_printemps!G16) -> 193.93 | AW16: =Sarrasin!E16 -> 83.04 | AX16: =IF(Sarrasin!G16="",'Intermédiaire_Prod-Résultats'!AW16,Sarrasin!G16) -> 83.04 | AZ16: ='Maïs-grain'!E17 -> 399.03 | BA16: =IF('Maïs-grain'!G17="",'Intermédiaire_Prod-Résultats'!AZ16,'Maïs-grain'!G17) -> 399.03 | BC16: =Canola!E16 -> 268.87 | BD16: =IF(Canola!G16="",'Intermédiaire_Prod-Résultats'!BC16,Canola!G16) -> 268.87 | BF16: =Soya!E16-(IF(Saisies!B34="Oui",Saisies!B50*Saisies!B51*Saisies!B61,0)) -> -5.82 | BG16: =IF(Soya!G16="",'Intermédiaire_Prod-Résultats'!BF16,Soya!G16-(IF(Saisies!B34="Oui",IF(Saisies!C50="",Saisies!B50,Saisies!C50)*IF(Saisies!C51="",Saisies!B51,Saisies!C51)*IF(Saisies!C61="",Saisies!B61,Saisies!C61),0))) -> -5.82 | BI16: =Orge!E16 -> 143.56 | BJ16: =IF(Orge!G16="",'Intermédiaire_Prod-Résultats'!BI16,Orge!G16) -> 143.56 | BL16: =Avoine!E16 -> 105.11 | BM16: =IF(Avoine!G16="",'Intermédiaire_Prod-Résultats'!BL16,Avoine!G16) -> 105.11 | BO16: ='Blé_d''automne'!E16 -> 193.93 | BP16: =IF('Blé_d''automne'!G16="",'Intermédiaire_Prod-Résultats'!BO16,'Blé_d''automne'!G16) -> 193.93 | BR16: =Blé_printemps!E16 -> 193.93 | BS16: =IF(Blé_printemps!G16="",'Intermédiaire_Prod-Résultats'!BR16,Blé_printemps!G16) -> 193.93 | BU16: =Sarrasin!E16 -> 83.04 | BV16: =IF(Sarrasin!G16="",'Intermédiaire_Prod-Résultats'!BU16,Sarrasin!G16) -> 83.04
A17: Chaulage | D17: ='Maïs-grain'!E18 -> 7.31 | E17: =IF('Maïs-grain'!G18="",'Intermédiaire_Prod-Résultats'!D17,'Maïs-grain'!G18) -> 7.31 | G17: =Canola!E17 -> 8.99 | H17: =IF(Canola!G17="",'Intermédiaire_Prod-Résultats'!G17,Canola!G17) -> 8.99 | J17: =Soya!E17 -> 2.69 | K17: =IF(Soya!G17="",'Intermédiaire_Prod-Résultats'!J17,Soya!G17) -> 2.69 | M17: =Orge!E17 -> 4.89 | N17: =IF(Orge!G17="",'Intermédiaire_Prod-Résultats'!M17,Orge!G17) -> 4.89 | P17: =Avoine!E17 -> 7.21 | Q17: =IF(Avoine!G17="",'Intermédiaire_Prod-Résultats'!P17,Avoine!G17) -> 7.21 | S17: ='Blé_d''automne'!E17 -> 4.7 | T17: =IF('Blé_d''automne'!G17="",'Intermédiaire_Prod-Résultats'!S17,'Blé_d''automne'!G17) -> 4.7 | V17: =Blé_printemps!E17 -> 4.7 | W17: =IF(Blé_printemps!G17="",'Intermédiaire_Prod-Résultats'!V17,Blé_printemps!G17) -> 4.7 | Y17: =Sarrasin!E17 -> 0 | Z17: =IF(Sarrasin!G17="",'Intermédiaire_Prod-Résultats'!Y17,Sarrasin!G17) -> 0 | AB17: ='Maïs-grain'!E18 -> 7.31 | AC17: =IF('Maïs-grain'!G17="",'Intermédiaire_Prod-Résultats'!AB17,'Maïs-grain'!G17) -> 7.31 | AE17: =Canola!E17 -> 8.99 | AF17: =IF(Canola!G17="",'Intermédiaire_Prod-Résultats'!AE17,Canola!G17) -> 8.99 | AH17: =Soya!E17 -> 2.69 | AI17: =IF(Soya!G17="",'Intermédiaire_Prod-Résultats'!AH17,Soya!G17) -> 2.69 | AK17: =Orge!E17 -> 4.89 | AL17: =IF(Orge!G17="",'Intermédiaire_Prod-Résultats'!AK17,Orge!G17) -> 4.89 | AN17: =Avoine!E17 -> 7.21 | AO17: =IF(Avoine!G17="",'Intermédiaire_Prod-Résultats'!AN17,Avoine!G17) -> 7.21 | AQ17: ='Blé_d''automne'!E17 -> 4.7 | AR17: =IF('Blé_d''automne'!G17="",'Intermédiaire_Prod-Résultats'!AQ17,'Blé_d''automne'!G17) -> 4.7 | AT17: =Blé_printemps!E17 -> 4.7 | AU17: =IF(Blé_printemps!G17="",'Intermédiaire_Prod-Résultats'!AT17,Blé_printemps!G17) -> 4.7 | AW17: =Sarrasin!E17 -> 0 | AX17: =IF(Sarrasin!G17="",'Intermédiaire_Prod-Résultats'!AW17,Sarrasin!G17) -> 0 | AZ17: ='Maïs-grain'!E18 -> 7.31 | BA17: =IF('Maïs-grain'!G18="",'Intermédiaire_Prod-Résultats'!AZ17,'Maïs-grain'!G18) -> 7.31 | BC17: =Canola!E17 -> 8.99 | BD17: =IF(Canola!G17="",'Intermédiaire_Prod-Résultats'!BC17,Canola!G17) -> 8.99 | BF17: =Soya!E17 -> 2.69 | BG17: =IF(Soya!G17="",'Intermédiaire_Prod-Résultats'!BF17,Soya!G17) -> 2.69 | BI17: =Orge!E17 -> 4.89 | BJ17: =IF(Orge!G17="",'Intermédiaire_Prod-Résultats'!BI17,Orge!G17) -> 4.89 | BL17: =Avoine!E17 -> 7.21 | BM17: =IF(Avoine!G17="",'Intermédiaire_Prod-Résultats'!BL17,Avoine!G17) -> 7.21 | BO17: ='Blé_d''automne'!E17 -> 4.7 | BP17: =IF('Blé_d''automne'!G17="",'Intermédiaire_Prod-Résultats'!BO17,'Blé_d''automne'!G17) -> 4.7 | BR17: =Blé_printemps!E17 -> 4.7 | BS17: =IF(Blé_printemps!G17="",'Intermédiaire_Prod-Résultats'!BR17,Blé_printemps!G17) -> 4.7 | BU17: =Sarrasin!E17 -> 0 | BV17: =IF(Sarrasin!G17="",'Intermédiaire_Prod-Résultats'!BU17,Sarrasin!G17) -> 0
A18: Pesticides | D18: ='Maïs-grain'!E19 -> 60.69 | E18: =IF('Maïs-grain'!G19="",'Intermédiaire_Prod-Résultats'!D18,'Maïs-grain'!G19) -> 60.69 | G18: =Canola!E18 -> 70.78 | H18: =IF(Canola!G18="",'Intermédiaire_Prod-Résultats'!G18,Canola!G18) -> 70.78 | J18: =Soya!E18 -> 93.36 | K18: =IF(Soya!G18="",'Intermédiaire_Prod-Résultats'!J18,Soya!G18) -> 93.36 | M18: =Orge!E18 -> 44.38 | N18: =IF(Orge!G18="",'Intermédiaire_Prod-Résultats'!M18,Orge!G18) -> 44.38 | P18: =Avoine!E18 -> 25.32 | Q18: =IF(Avoine!G18="",'Intermédiaire_Prod-Résultats'!P18,Avoine!G18) -> 25.32 | S18: ='Blé_d''automne'!E18 -> 34.13 | T18: =IF('Blé_d''automne'!G18="",'Intermédiaire_Prod-Résultats'!S18,'Blé_d''automne'!G18) -> 34.13 | V18: =Blé_printemps!E18 -> 60.95 | W18: =IF(Blé_printemps!G18="",'Intermédiaire_Prod-Résultats'!V18,Blé_printemps!G18) -> 60.95 | Y18: =Sarrasin!E18 -> 0 | Z18: =IF(Sarrasin!G18="",'Intermédiaire_Prod-Résultats'!Y18,Sarrasin!G18) -> 0 | AB18: ='Maïs-grain'!E19 -> 60.69 | AC18: =IF('Maïs-grain'!G18="",'Intermédiaire_Prod-Résultats'!AB18,'Maïs-grain'!G18) -> 60.69 | AE18: =Canola!E18 -> 70.78 | AF18: =IF(Canola!G18="",'Intermédiaire_Prod-Résultats'!AE18,Canola!G18) -> 70.78 | AH18: =Soya!E18 -> 93.36 | AI18: =IF(Soya!G18="",'Intermédiaire_Prod-Résultats'!AH18,Soya!G18) -> 93.36 | AK18: =Orge!E18 -> 44.38 | AL18: =IF(Orge!G18="",'Intermédiaire_Prod-Résultats'!AK18,Orge!G18) -> 44.38 | AN18: =Avoine!E18 -> 25.32 | AO18: =IF(Avoine!G18="",'Intermédiaire_Prod-Résultats'!AN18,Avoine!G18) -> 25.32 | AQ18: ='Blé_d''automne'!E18 -> 34.13 | AR18: =IF('Blé_d''automne'!G18="",'Intermédiaire_Prod-Résultats'!AQ18,'Blé_d''automne'!G18) -> 34.13 | AT18: =Blé_printemps!E18 -> 60.95 | AU18: =IF(Blé_printemps!G18="",'Intermédiaire_Prod-Résultats'!AT18,Blé_printemps!G18) -> 60.95 | AW18: =Sarrasin!E18 -> 0 | AX18: =IF(Sarrasin!G18="",'Intermédiaire_Prod-Résultats'!AW18,Sarrasin!G18) -> 0 | AZ18: ='Maïs-grain'!E19 -> 60.69 | BA18: =IF('Maïs-grain'!G19="",'Intermédiaire_Prod-Résultats'!AZ18,'Maïs-grain'!G19) -> 60.69 | BC18: =Canola!E18 -> 70.78 | BD18: =IF(Canola!G18="",'Intermédiaire_Prod-Résultats'!BC18,Canola!G18) -> 70.78 | BF18: =Soya!E18 -> 93.36 | BG18: =IF(Soya!G18="",'Intermédiaire_Prod-Résultats'!BF18,Soya!G18) -> 93.36 | BI18: =Orge!E18 -> 44.38 | BJ18: =IF(Orge!G18="",'Intermédiaire_Prod-Résultats'!BI18,Orge!G18) -> 44.38 | BL18: =Avoine!E18 -> 25.32 | BM18: =IF(Avoine!G18="",'Intermédiaire_Prod-Résultats'!BL18,Avoine!G18) -> 25.32 | BO18: ='Blé_d''automne'!E18 -> 34.13 | BP18: =IF('Blé_d''automne'!G18="",'Intermédiaire_Prod-Résultats'!BO18,'Blé_d''automne'!G18) -> 34.13 | BR18: =Blé_printemps!E18 -> 60.95 | BS18: =IF(Blé_printemps!G18="",'Intermédiaire_Prod-Résultats'!BR18,Blé_printemps!G18) -> 60.95 | BU18: =Sarrasin!E18 -> 0 | BV18: =IF(Sarrasin!G18="",'Intermédiaire_Prod-Résultats'!BU18,Sarrasin!G18) -> 0
A19: Location de machineries, bâtiments | D19: ='Maïs-grain'!E21 -> 7.12 | E19: =IF('Maïs-grain'!G21="",'Intermédiaire_Prod-Résultats'!D19,'Maïs-grain'!G21) -> 7.12 | G19: =Canola!E20 -> 25.46 | H19: =IF(Canola!G20="",'Intermédiaire_Prod-Résultats'!G19,Canola!G20) -> 25.46 | J19: =Soya!E20 -> 10.63 | K19: =IF(Soya!G20="",'Intermédiaire_Prod-Résultats'!J19,Soya!G20) -> 10.63 | M19: =Orge!E20 -> 13.28 | N19: =IF(Orge!G20="",'Intermédiaire_Prod-Résultats'!M19,Orge!G20) -> 13.28 | P19: =Avoine!E20 -> 18.17 | Q19: =IF(Avoine!G20="",'Intermédiaire_Prod-Résultats'!P19,Avoine!G20) -> 18.17 | S19: ='Blé_d''automne'!E20 -> 7.55 | T19: =IF('Blé_d''automne'!G20="",'Intermédiaire_Prod-Résultats'!S19,'Blé_d''automne'!G20) -> 7.55 | V19: =Blé_printemps!E20 -> 7.55 | W19: =IF(Blé_printemps!G20="",'Intermédiaire_Prod-Résultats'!V19,Blé_printemps!G20) -> 7.55 | Y19: =Sarrasin!E20 -> 67.88 | Z19: =IF(Sarrasin!G20="",'Intermédiaire_Prod-Résultats'!Y19,Sarrasin!G20) -> 67.88 | AB19: ='Maïs-grain'!E21 -> 7.12 | AC19: =IF('Maïs-grain'!G21="",'Intermédiaire_Prod-Résultats'!AB19,'Maïs-grain'!G21) -> 7.12 | AE19: =Canola!E20 -> 25.46 | AF19: =IF(Canola!G20="",'Intermédiaire_Prod-Résultats'!AE19,Canola!G20) -> 25.46 | AH19: =Soya!E20 -> 10.63 | AI19: =IF(Soya!G20="",'Intermédiaire_Prod-Résultats'!AH19,Soya!G20) -> 10.63 | AK19: =Orge!E20 -> 13.28 | AL19: =IF(Orge!G20="",'Intermédiaire_Prod-Résultats'!AK19,Orge!G20) -> 13.28 | AN19: =Avoine!E20 -> 18.17 | AO19: =IF(Avoine!G20="",'Intermédiaire_Prod-Résultats'!AN19,Avoine!G20) -> 18.17 | AQ19: ='Blé_d''automne'!E20 -> 7.55 | AR19: =IF('Blé_d''automne'!G20="",'Intermédiaire_Prod-Résultats'!AQ19,'Blé_d''automne'!G20) -> 7.55 | AT19: =Blé_printemps!E20 -> 7.55 | AU19: =IF(Blé_printemps!G20="",'Intermédiaire_Prod-Résultats'!AT19,Blé_printemps!G20) -> 7.55 | AW19: =Sarrasin!E20 -> 67.88 | AX19: =IF(Sarrasin!G20="",'Intermédiaire_Prod-Résultats'!AW19,Sarrasin!G20) -> 67.88 | AZ19: ='Maïs-grain'!E21 -> 7.12 | BA19: =IF('Maïs-grain'!G21="",'Intermédiaire_Prod-Résultats'!AZ19,'Maïs-grain'!G21) -> 7.12 | BC19: =Canola!E20 -> 25.46 | BD19: =IF(Canola!G20="",'Intermédiaire_Prod-Résultats'!BC19,Canola!G20) -> 25.46 | BF19: =Soya!E20 -> 10.63 | BG19: =IF(Soya!G20="",'Intermédiaire_Prod-Résultats'!BF19,Soya!G20) -> 10.63 | BI19: =Orge!E20 -> 13.28 | BJ19: =IF(Orge!G20="",'Intermédiaire_Prod-Résultats'!BI19,Orge!G20) -> 13.28 | BL19: =Avoine!E20 -> 18.17 | BM19: =IF(Avoine!G20="",'Intermédiaire_Prod-Résultats'!BL19,Avoine!G20) -> 18.17 | BO19: ='Blé_d''automne'!E20 -> 7.55 | BP19: =IF('Blé_d''automne'!G20="",'Intermédiaire_Prod-Résultats'!BO19,'Blé_d''automne'!G20) -> 7.55 | BR19: =Blé_printemps!E20 -> 7.55 | BS19: =IF(Blé_printemps!G20="",'Intermédiaire_Prod-Résultats'!BR19,Blé_printemps!G20) -> 7.55 | BU19: =Sarrasin!E20 -> 67.88 | BV19: =IF(Sarrasin!G20="",'Intermédiaire_Prod-Résultats'!BU19,Sarrasin!G20) -> 67.88
A20: Location de fonds de terre | D20: ='Maïs-grain'!E22 -> 125.6 | E20: =IF('Maïs-grain'!G22="",'Intermédiaire_Prod-Résultats'!D20,'Maïs-grain'!G22) -> 125.6 | G20: =Canola!E21 -> 47.58 | H20: =IF(Canola!G21="",'Intermédiaire_Prod-Résultats'!G20,Canola!G21) -> 47.58 | J20: =Soya!E21 -> 125.62 | K20: =IF(Soya!G21="",'Intermédiaire_Prod-Résultats'!J20,Soya!G21) -> 125.62 | M20: =Orge!E21 -> 22.08 | N20: =IF(Orge!G21="",'Intermédiaire_Prod-Résultats'!M20,Orge!G21) -> 22.08 | P20: =Avoine!E21 -> 22.45 | Q20: =IF(Avoine!G21="",'Intermédiaire_Prod-Résultats'!P20,Avoine!G21) -> 22.45 | S20: ='Blé_d''automne'!E21 -> 37.01 | T20: =IF('Blé_d''automne'!G21="",'Intermédiaire_Prod-Résultats'!S20,'Blé_d''automne'!G21) -> 37.01 | V20: =Blé_printemps!E21 -> 37.01 | W20: =IF(Blé_printemps!G21="",'Intermédiaire_Prod-Résultats'!V20,Blé_printemps!G21) -> 37.01 | Y20: =Sarrasin!E21 -> 0 | Z20: =IF(Sarrasin!G21="",'Intermédiaire_Prod-Résultats'!Y20,Sarrasin!G21) -> 0 | AB20: ='Maïs-grain'!E22 -> 125.6 | AC20: =IF('Maïs-grain'!G22="",'Intermédiaire_Prod-Résultats'!AB20,'Maïs-grain'!G22) -> 125.6 | AE20: =Canola!E21 -> 47.58 | AF20: =IF(Canola!G21="",'Intermédiaire_Prod-Résultats'!AE20,Canola!G21) -> 47.58 | AH20: =Soya!E21 -> 125.62 | AI20: =IF(Soya!G21="",'Intermédiaire_Prod-Résultats'!AH20,Soya!G21) -> 125.62 | AK20: =Orge!E21 -> 22.08 | AL20: =IF(Orge!G21="",'Intermédiaire_Prod-Résultats'!AK20,Orge!G21) -> 22.08 | AN20: =Avoine!E21 -> 22.45 | AO20: =IF(Avoine!G21="",'Intermédiaire_Prod-Résultats'!AN20,Avoine!G21) -> 22.45 | AQ20: ='Blé_d''automne'!E21 -> 37.01 | AR20: =IF('Blé_d''automne'!G21="",'Intermédiaire_Prod-Résultats'!AQ20,'Blé_d''automne'!G21) -> 37.01 | AT20: =Blé_printemps!E21 -> 37.01 | AU20: =IF(Blé_printemps!G21="",'Intermédiaire_Prod-Résultats'!AT20,Blé_printemps!G21) -> 37.01 | AW20: =Sarrasin!E21 -> 0 | AX20: =IF(Sarrasin!G21="",'Intermédiaire_Prod-Résultats'!AW20,Sarrasin!G21) -> 0 | AZ20: ='Maïs-grain'!E22 -> 125.6 | BA20: =IF('Maïs-grain'!G22="",'Intermédiaire_Prod-Résultats'!AZ20,'Maïs-grain'!G22) -> 125.6 | BC20: =Canola!E21 -> 47.58 | BD20: =IF(Canola!G21="",'Intermédiaire_Prod-Résultats'!BC20,Canola!G21) -> 47.58 | BF20: =Soya!E21 -> 125.62 | BG20: =IF(Soya!G21="",'Intermédiaire_Prod-Résultats'!BF20,Soya!G21) -> 125.62 | BI20: =Orge!E21 -> 22.08 | BJ20: =IF(Orge!G21="",'Intermédiaire_Prod-Résultats'!BI20,Orge!G21) -> 22.08 | BL20: =Avoine!E21 -> 22.45 | BM20: =IF(Avoine!G21="",'Intermédiaire_Prod-Résultats'!BL20,Avoine!G21) -> 22.45 | BO20: ='Blé_d''automne'!E21 -> 37.01 | BP20: =IF('Blé_d''automne'!G21="",'Intermédiaire_Prod-Résultats'!BO20,'Blé_d''automne'!G21) -> 37.01 | BR20: =Blé_printemps!E21 -> 37.01 | BS20: =IF(Blé_printemps!G21="",'Intermédiaire_Prod-Résultats'!BR20,Blé_printemps!G21) -> 37.01 | BU20: =Sarrasin!E21 -> 0 | BV20: =IF(Sarrasin!G21="",'Intermédiaire_Prod-Résultats'!BU20,Sarrasin!G21) -> 0
A21: Travaux à forfait | D21: ='Maïs-grain'!E23 -> 79.93 | E21: =IF('Maïs-grain'!G23="",'Intermédiaire_Prod-Résultats'!D21,'Maïs-grain'!G23) -> 79.93 | G21: =Canola!E22 -> 20.18 | H21: =IF(Canola!G22="",'Intermédiaire_Prod-Résultats'!G21,Canola!G22) -> 20.18 | J21: =Soya!E22 -> 39.55 | K21: =IF(Soya!G22="",'Intermédiaire_Prod-Résultats'!J21,Soya!G22) -> 39.55 | M21: =Orge!E22 -> 4.98 | N21: =IF(Orge!G22="",'Intermédiaire_Prod-Résultats'!M21,Orge!G22) -> 4.98 | P21: =Avoine!E22 -> 12.2 | Q21: =IF(Avoine!G22="",'Intermédiaire_Prod-Résultats'!P21,Avoine!G22) -> 12.2 | S21: ='Blé_d''automne'!E22 -> 1.16 | T21: =IF('Blé_d''automne'!G22="",'Intermédiaire_Prod-Résultats'!S21,'Blé_d''automne'!G22) -> 1.16 | V21: =Blé_printemps!E22 -> 1.16 | W21: =IF(Blé_printemps!G22="",'Intermédiaire_Prod-Résultats'!V21,Blé_printemps!G22) -> 1.16 | Y21: =Sarrasin!E22 -> 0 | Z21: =IF(Sarrasin!G22="",'Intermédiaire_Prod-Résultats'!Y21,Sarrasin!G22) -> 0 | AB21: ='Maïs-grain'!E23 -> 79.93 | AC21: =IF('Maïs-grain'!G23="",'Intermédiaire_Prod-Résultats'!AB21,'Maïs-grain'!G23) -> 79.93 | AE21: =Canola!E22 -> 20.18 | AF21: =IF(Canola!G22="",'Intermédiaire_Prod-Résultats'!AE21,Canola!G22) -> 20.18 | AH21: =Soya!E22 -> 39.55 | AI21: =IF(Soya!G22="",'Intermédiaire_Prod-Résultats'!AH21,Soya!G22) -> 39.55 | AK21: =Orge!E22 -> 4.98 | AL21: =IF(Orge!G22="",'Intermédiaire_Prod-Résultats'!AK21,Orge!G22) -> 4.98 | AN21: =Avoine!E22 -> 12.2 | AO21: =IF(Avoine!G22="",'Intermédiaire_Prod-Résultats'!AN21,Avoine!G22) -> 12.2 | AQ21: ='Blé_d''automne'!E22 -> 1.16 | AR21: =IF('Blé_d''automne'!G22="",'Intermédiaire_Prod-Résultats'!AQ21,'Blé_d''automne'!G22) -> 1.16 | AT21: =Blé_printemps!E22 -> 1.16 | AU21: =IF(Blé_printemps!G22="",'Intermédiaire_Prod-Résultats'!AT21,Blé_printemps!G22) -> 1.16 | AW21: =Sarrasin!E22 -> 0 | AX21: =IF(Sarrasin!G22="",'Intermédiaire_Prod-Résultats'!AW21,Sarrasin!G22) -> 0 | AZ21: ='Maïs-grain'!E23 -> 79.93 | BA21: =IF('Maïs-grain'!G23="",'Intermédiaire_Prod-Résultats'!AZ21,'Maïs-grain'!G23) -> 79.93 | BC21: =Canola!E22 -> 20.18 | BD21: =IF(Canola!G22="",'Intermédiaire_Prod-Résultats'!BC21,Canola!G22) -> 20.18 | BF21: =Soya!E22 -> 39.55 | BG21: =IF(Soya!G22="",'Intermédiaire_Prod-Résultats'!BF21,Soya!G22) -> 39.55 | BI21: =Orge!E22 -> 4.98 | BJ21: =IF(Orge!G22="",'Intermédiaire_Prod-Résultats'!BI21,Orge!G22) -> 4.98 | BL21: =Avoine!E22 -> 12.2 | BM21: =IF(Avoine!G22="",'Intermédiaire_Prod-Résultats'!BL21,Avoine!G22) -> 12.2 | BO21: ='Blé_d''automne'!E22 -> 1.16 | BP21: =IF('Blé_d''automne'!G22="",'Intermédiaire_Prod-Résultats'!BO21,'Blé_d''automne'!G22) -> 1.16 | BR21: =Blé_printemps!E22 -> 1.16 | BS21: =IF(Blé_printemps!G22="",'Intermédiaire_Prod-Résultats'!BR21,Blé_printemps!G22) -> 1.16 | BU21: =Sarrasin!E22 -> 0 | BV21: =IF(Sarrasin!G22="",'Intermédiaire_Prod-Résultats'!BU21,Sarrasin!G22) -> 0
A22: Mais-d'oeuvre additionnelle | D22: ='Maïs-grain'!E24 -> 94.32 | E22: =IF('Maïs-grain'!G24="",'Intermédiaire_Prod-Résultats'!D22,'Maïs-grain'!G24) -> 94.32 | G22: =Canola!E23 -> 38.03 | H22: =IF(Canola!G23="",'Intermédiaire_Prod-Résultats'!G22,Canola!G23) -> 38.03 | J22: =Soya!E23 -> 74.71 | K22: =IF(Soya!G23="",'Intermédiaire_Prod-Résultats'!J22,Soya!G23) -> 74.71 | M22: =Orge!E23 -> 35.67 | N22: =IF(Orge!G23="",'Intermédiaire_Prod-Résultats'!M22,Orge!G23) -> 35.67 | P22: =Avoine!E23 -> 41.43 | Q22: =IF(Avoine!G23="",'Intermédiaire_Prod-Résultats'!P22,Avoine!G23) -> 41.43 | S22: ='Blé_d''automne'!E23 -> 48.46 | T22: =IF('Blé_d''automne'!G23="",'Intermédiaire_Prod-Résultats'!S22,'Blé_d''automne'!G23) -> 48.46 | V22: =Blé_printemps!E23 -> 48.46 | W22: =IF(Blé_printemps!G23="",'Intermédiaire_Prod-Résultats'!V22,Blé_printemps!G23) -> 48.46 | Y22: =Sarrasin!E23 -> 0 | Z22: =IF(Sarrasin!G23="",'Intermédiaire_Prod-Résultats'!Y22,Sarrasin!G23) -> 0 | AB22: ='Maïs-grain'!E24 -> 94.32 | AC22: =IF('Maïs-grain'!G24="",'Intermédiaire_Prod-Résultats'!AB22,'Maïs-grain'!G24) -> 94.32 | AE22: =Canola!E23 -> 38.03 | AF22: =IF(Canola!G23="",'Intermédiaire_Prod-Résultats'!AE22,Canola!G23) -> 38.03 | AH22: =Soya!E23 -> 74.71 | AI22: =IF(Soya!G23="",'Intermédiaire_Prod-Résultats'!AH22,Soya!G23) -> 74.71 | AK22: =Orge!E23 -> 35.67 | AL22: =IF(Orge!G23="",'Intermédiaire_Prod-Résultats'!AK22,Orge!G23) -> 35.67 | AN22: =Avoine!E23 -> 41.43 | AO22: =IF(Avoine!G23="",'Intermédiaire_Prod-Résultats'!AN22,Avoine!G23) -> 41.43 | AQ22: ='Blé_d''automne'!E23 -> 48.46 | AR22: =IF('Blé_d''automne'!G23="",'Intermédiaire_Prod-Résultats'!AQ22,'Blé_d''automne'!G23) -> 48.46 | AT22: =Blé_printemps!E23 -> 48.46 | AU22: =IF(Blé_printemps!G23="",'Intermédiaire_Prod-Résultats'!AT22,Blé_printemps!G23) -> 48.46 | AW22: =Sarrasin!E23 -> 0 | AX22: =IF(Sarrasin!G23="",'Intermédiaire_Prod-Résultats'!AW22,Sarrasin!G23) -> 0 | AZ22: ='Maïs-grain'!E24 -> 94.32 | BA22: =IF('Maïs-grain'!G24="",'Intermédiaire_Prod-Résultats'!AZ22,'Maïs-grain'!G24) -> 94.32 | BC22: =Canola!E23 -> 38.03 | BD22: =IF(Canola!G23="",'Intermédiaire_Prod-Résultats'!BC22,Canola!G23) -> 38.03 | BF22: =Soya!E23 -> 74.71 | BG22: =IF(Soya!G23="",'Intermédiaire_Prod-Résultats'!BF22,Soya!G23) -> 74.71 | BI22: =Orge!E23 -> 35.67 | BJ22: =IF(Orge!G23="",'Intermédiaire_Prod-Résultats'!BI22,Orge!G23) -> 35.67 | BL22: =Avoine!E23 -> 41.43 | BM22: =IF(Avoine!G23="",'Intermédiaire_Prod-Résultats'!BL22,Avoine!G23) -> 41.43 | BO22: ='Blé_d''automne'!E23 -> 48.46 | BP22: =IF('Blé_d''automne'!G23="",'Intermédiaire_Prod-Résultats'!BO22,'Blé_d''automne'!G23) -> 48.46 | BR22: =Blé_printemps!E23 -> 48.46 | BS22: =IF(Blé_printemps!G23="",'Intermédiaire_Prod-Résultats'!BR22,Blé_printemps!G23) -> 48.46 | BU22: =Sarrasin!E23 -> 0 | BV22: =IF(Sarrasin!G23="",'Intermédiaire_Prod-Résultats'!BU22,Sarrasin!G23) -> 0
A23: Entretien et réparation machinerie | D23: ='Maïs-grain'!E25 -> 119.87 | E23: =IF('Maïs-grain'!G25="",'Intermédiaire_Prod-Résultats'!D23,'Maïs-grain'!G25) -> 119.87 | G23: =Canola!E24 -> 71.81 | H23: =IF(Canola!G24="",'Intermédiaire_Prod-Résultats'!G23,Canola!G24) -> 71.81 | J23: =Soya!E24 -> 92.87 | K23: =IF(Soya!G24="",'Intermédiaire_Prod-Résultats'!J23,Soya!G24) -> 92.87 | M23: =Orge!E24 -> 90.77 | N23: =IF(Orge!G24="",'Intermédiaire_Prod-Résultats'!M23,Orge!G24) -> 90.77 | P23: =Avoine!E24 -> 63.2 | Q23: =IF(Avoine!G24="",'Intermédiaire_Prod-Résultats'!P23,Avoine!G24) -> 63.2 | S23: ='Blé_d''automne'!E24 -> 81.79 | T23: =IF('Blé_d''automne'!G24="",'Intermédiaire_Prod-Résultats'!S23,'Blé_d''automne'!G24) -> 81.79 | V23: =Blé_printemps!E24 -> 81.79 | W23: =IF(Blé_printemps!G24="",'Intermédiaire_Prod-Résultats'!V23,Blé_printemps!G24) -> 81.79 | Y23: =Sarrasin!E24 -> 70.92 | Z23: =IF(Sarrasin!G24="",'Intermédiaire_Prod-Résultats'!Y23,Sarrasin!G24) -> 70.92 | AB23: ='Maïs-grain'!E25 -> 119.87 | AC23: =IF('Maïs-grain'!G25="",'Intermédiaire_Prod-Résultats'!AB23,'Maïs-grain'!G25) -> 119.87 | AE23: =Canola!E24 -> 71.81 | AF23: =IF(Canola!G24="",'Intermédiaire_Prod-Résultats'!AE23,Canola!G24) -> 71.81 | AH23: =Soya!E24 -> 92.87 | AI23: =IF(Soya!G24="",'Intermédiaire_Prod-Résultats'!AH23,Soya!G24) -> 92.87 | AK23: =Orge!E24 -> 90.77 | AL23: =IF(Orge!G24="",'Intermédiaire_Prod-Résultats'!AK23,Orge!G24) -> 90.77 | AN23: =Avoine!E24 -> 63.2 | AO23: =IF(Avoine!G24="",'Intermédiaire_Prod-Résultats'!AN23,Avoine!G24) -> 63.2 | AQ23: ='Blé_d''automne'!E24 -> 81.79 | AR23: =IF('Blé_d''automne'!G24="",'Intermédiaire_Prod-Résultats'!AQ23,'Blé_d''automne'!G24) -> 81.79 | AT23: =Blé_printemps!E24 -> 81.79 | AU23: =IF(Blé_printemps!G24="",'Intermédiaire_Prod-Résultats'!AT23,Blé_printemps!G24) -> 81.79 | AW23: =Sarrasin!E24 -> 70.92 | AX23: =IF(Sarrasin!G24="",'Intermédiaire_Prod-Résultats'!AW23,Sarrasin!G24) -> 70.92 | AZ23: ='Maïs-grain'!E25 -> 119.87 | BA23: =IF('Maïs-grain'!G25="",'Intermédiaire_Prod-Résultats'!AZ23,'Maïs-grain'!G25) -> 119.87 | BC23: =Canola!E24 -> 71.81 | BD23: =IF(Canola!G24="",'Intermédiaire_Prod-Résultats'!BC23,Canola!G24) -> 71.81 | BF23: =Soya!E24 -> 92.87 | BG23: =IF(Soya!G24="",'Intermédiaire_Prod-Résultats'!BF23,Soya!G24) -> 92.87 | BI23: =Orge!E24 -> 90.77 | BJ23: =IF(Orge!G24="",'Intermédiaire_Prod-Résultats'!BI23,Orge!G24) -> 90.77 | BL23: =Avoine!E24 -> 63.2 | BM23: =IF(Avoine!G24="",'Intermédiaire_Prod-Résultats'!BL23,Avoine!G24) -> 63.2 | BO23: ='Blé_d''automne'!E24 -> 81.79 | BP23: =IF('Blé_d''automne'!G24="",'Intermédiaire_Prod-Résultats'!BO23,'Blé_d''automne'!G24) -> 81.79 | BR23: =Blé_printemps!E24 -> 81.79 | BS23: =IF(Blé_printemps!G24="",'Intermédiaire_Prod-Résultats'!BR23,Blé_printemps!G24) -> 81.79 | BU23: =Sarrasin!E24 -> 70.92 | BV23: =IF(Sarrasin!G24="",'Intermédiaire_Prod-Résultats'!BU23,Sarrasin!G24) -> 70.92
A24: Carburants | D24: ='Maïs-grain'!E26 -> 92.68 | E24: =IF('Maïs-grain'!G26="",'Intermédiaire_Prod-Résultats'!D24,'Maïs-grain'!G26) -> 92.68 | G24: =Canola!E25 -> 62.44 | H24: =IF(Canola!G25="",'Intermédiaire_Prod-Résultats'!G24,Canola!G25) -> 62.44 | J24: =Soya!E25 -> 77.68 | K24: =IF(Soya!G25="",'Intermédiaire_Prod-Résultats'!J24,Soya!G25) -> 77.68 | M24: =Orge!E25 -> 66.17 | N24: =IF(Orge!G25="",'Intermédiaire_Prod-Résultats'!M24,Orge!G25) -> 66.17 | P24: =Avoine!E25 -> 57.4 | Q24: =IF(Avoine!G25="",'Intermédiaire_Prod-Résultats'!P24,Avoine!G25) -> 57.4 | S24: ='Blé_d''automne'!E25 -> 69.55 | T24: =IF('Blé_d''automne'!G25="",'Intermédiaire_Prod-Résultats'!S24,'Blé_d''automne'!G25) -> 69.55 | V24: =Blé_printemps!E25 -> 69.55 | W24: =IF(Blé_printemps!G25="",'Intermédiaire_Prod-Résultats'!V24,Blé_printemps!G25) -> 69.55 | Y24: =Sarrasin!E25 -> 0 | Z24: =IF(Sarrasin!G25="",'Intermédiaire_Prod-Résultats'!Y24,Sarrasin!G25) -> 0 | AB24: ='Maïs-grain'!E26 -> 92.68 | AC24: =IF('Maïs-grain'!G26="",'Intermédiaire_Prod-Résultats'!AB24,'Maïs-grain'!G26) -> 92.68 | AE24: =Canola!E25 -> 62.44 | AF24: =IF(Canola!G25="",'Intermédiaire_Prod-Résultats'!AE24,Canola!G25) -> 62.44 | AH24: =Soya!E25 -> 77.68 | AI24: =IF(Soya!G25="",'Intermédiaire_Prod-Résultats'!AH24,Soya!G25) -> 77.68 | AK24: =Orge!E25 -> 66.17 | AL24: =IF(Orge!G25="",'Intermédiaire_Prod-Résultats'!AK24,Orge!G25) -> 66.17 | AN24: =Avoine!E25 -> 57.4 | AO24: =IF(Avoine!G25="",'Intermédiaire_Prod-Résultats'!AN24,Avoine!G25) -> 57.4 | AQ24: ='Blé_d''automne'!E25 -> 69.55 | AR24: =IF('Blé_d''automne'!G25="",'Intermédiaire_Prod-Résultats'!AQ24,'Blé_d''automne'!G25) -> 69.55 | AT24: =Blé_printemps!E25 -> 69.55 | AU24: =IF(Blé_printemps!G25="",'Intermédiaire_Prod-Résultats'!AT24,Blé_printemps!G25) -> 69.55 | AW24: =Sarrasin!E25 -> 0 | AX24: =IF(Sarrasin!G25="",'Intermédiaire_Prod-Résultats'!AW24,Sarrasin!G25) -> 0 | AZ24: ='Maïs-grain'!E26 -> 92.68 | BA24: =IF('Maïs-grain'!G26="",'Intermédiaire_Prod-Résultats'!AZ24,'Maïs-grain'!G26) -> 92.68 | BC24: =Canola!E25 -> 62.44 | BD24: =IF(Canola!G25="",'Intermédiaire_Prod-Résultats'!BC24,Canola!G25) -> 62.44 | BF24: =Soya!E25 -> 77.68 | BG24: =IF(Soya!G25="",'Intermédiaire_Prod-Résultats'!BF24,Soya!G25) -> 77.68 | BI24: =Orge!E25 -> 66.17 | BJ24: =IF(Orge!G25="",'Intermédiaire_Prod-Résultats'!BI24,Orge!G25) -> 66.17 | BL24: =Avoine!E25 -> 57.4 | BM24: =IF(Avoine!G25="",'Intermédiaire_Prod-Résultats'!BL24,Avoine!G25) -> 57.4 | BO24: ='Blé_d''automne'!E25 -> 69.55 | BP24: =IF('Blé_d''automne'!G25="",'Intermédiaire_Prod-Résultats'!BO24,'Blé_d''automne'!G25) -> 69.55 | BR24: =Blé_printemps!E25 -> 69.55 | BS24: =IF(Blé_printemps!G25="",'Intermédiaire_Prod-Résultats'!BR24,Blé_printemps!G25) -> 69.55 | BU24: =Sarrasin!E25 -> 0 | BV24: =IF(Sarrasin!G25="",'Intermédiaire_Prod-Résultats'!BU24,Sarrasin!G25) -> 0
A25: Gaz propane | D25: ='Maïs-grain'!D27*Saisies!B8*(1+Saisies!B39*Saisies!B59) -> 240.09 | E25: =IF('Maïs-grain'!G27="",IF(Saisies!C8="",'Intermédiaire_Prod-Résultats'!D25,'Maïs-grain'!D27*Saisies!C8),'Maïs-grain'!G27)*(1+IF(Saisies!C39="",Saisies!B39,Saisies!C39)*IF(Saisies!C59="",Saisies!B59,Saisies!C59)) -> 240.09 | G25: =Canola!D26*Saisies!B9*(1+Saisies!B40*Saisies!B59) -> 30.13 | H25: =IF(Canola!G26="",IF(Saisies!C9="",'Intermédiaire_Prod-Résultats'!G25,Canola!D26*Saisies!C9),Canola!G26)*(1+IF(Saisies!C40="",Saisies!B40,Saisies!C40)*IF(Saisies!C59="",Saisies!B59,Saisies!C59)) -> 30.13 | J25: =Soya!D26*Saisies!B10*(1+Saisies!B41*Saisies!B59) -> 0.2 | K25: =IF(Soya!$G26="",IF(Saisies!$C$10="",'Intermédiaire_Prod-Résultats'!J25,Soya!$D26*Saisies!$C$10),Soya!$G26)*(1+IF(Saisies!C41="",Saisies!B41,Saisies!C41)*IF(Saisies!C59="",Saisies!B59,Saisies!C59)) -> 0.2 | M25: =Orge!D26*Saisies!B11*(1+Saisies!B42*Saisies!B59) -> 62.15 | N25: =IF(Orge!$G26="",IF(Saisies!$C$11="",'Intermédiaire_Prod-Résultats'!M25,Orge!$D26*Saisies!$C$11),Orge!$G26)*(1+IF(Saisies!C42="",Saisies!B42,Saisies!C42)*IF(Saisies!C59="",Saisies!B59,Saisies!C59)) -> 62.15 | P25: =Avoine!D26*Saisies!B12*(1+Saisies!B43*Saisies!B59) -> 29.68 | Q25: =IF(Avoine!$G26="",IF(Saisies!$C$12="",'Intermédiaire_Prod-Résultats'!P25,Avoine!$D26*Saisies!$C$12),Avoine!$G26)*(1+IF(Saisies!C43="",Saisies!B43,Saisies!C43)*IF(Saisies!C59="",Saisies!B59,Saisies!C59)) -> 29.68 | S25: ='Blé_d''automne'!D26*Saisies!B14*(1+Saisies!B45*Saisies!B59) -> 42.85 | T25: =IF('Blé_d''automne'!G26="",IF(Saisies!C14="",'Intermédiaire_Prod-Résultats'!S25,'Blé_d''automne'!D26*Saisies!C14),'Blé_d''automne'!G26)*(1+IF(Saisies!C45="",Saisies!B45,Saisies!C45)*IF(Saisies!C59="",Saisies!B59,Saisies!C59)) -> 42.85 | V25: =Blé_printemps!D26*Saisies!B13*(1+Saisies!B44*Saisies!B59) -> 42.85 | W25: =IF(Blé_printemps!G26="",IF(Saisies!C13="",'Intermédiaire_Prod-Résultats'!V25,Blé_printemps!D26*Saisies!C13),Blé_printemps!G26)*(1+IF(Saisies!C44="",Saisies!B44,Saisies!C44)*IF(Saisies!C59="",Saisies!B59,Saisies!C59)) -> 42.85 | Y25: =Sarrasin!D26*Saisies!B15*(1+Saisies!B46*Saisies!B59) -> 0 | Z25: =IF(Sarrasin!G26="",Sarrasin!D26*IF(Saisies!C15="",Saisies!B15,Saisies!C15),Sarrasin!G26)*(1+IF(Saisies!C46="",Saisies!B46,Saisies!C46)*IF(Saisies!C59="",Saisies!B59,Saisies!C59)) -> 0 | AB25: =('Maïs-grain'!D27*Saisies!B8)*(1+Saisies!B39*Saisies!B60) -> 253.29495 | AC25: =IF('Maïs-grain'!G27="",'Maïs-grain'!D27*IF(Saisies!C8="",Saisies!B8,Saisies!C8),'Maïs-grain'!G27)*(1+IF(Saisies!C39="",Saisies!B39,Saisies!C39)*IF(Saisies!C60="",Saisies!B60,Saisies!C60)) -> 253.29495 | AE25: =(Canola!D26*Saisies!B9)*(1+Saisies!B40*Saisies!B60) -> 30.13 | AF25: =IF(Canola!G26="",Canola!D26*IF(Saisies!C9="",Saisies!B9,Saisies!C9),Canola!G26)*(1+IF(Saisies!C40="",Saisies!B40,Saisies!C40)*IF(Saisies!C60="",Saisies!B60,Saisies!C60)) -> 30.13 | AH25: =(Soya!D26*Saisies!B10)*(1+Saisies!B41*Saisies!B60) -> 0.2 | AI25: =IF(Soya!G26="",Soya!D26*IF(Saisies!C10="",Saisies!B10,Saisies!C10),Soya!G26)*(1+IF(Saisies!C41="",Saisies!B41,Saisies!C41)*IF(Saisies!C60="",Saisies!B60,Saisies!C60)) -> 0.2 | AK25: =(Orge!D26*Saisies!B11)*(1+Saisies!B42*Saisies!B60) -> 65.56825 | AL25: =IF(Orge!G26="",Orge!D26*IF(Saisies!C11="",Saisies!B11,Saisies!C11),Orge!G26)*(1+IF(Saisies!C42="",Saisies!B42,Saisies!C42)*IF(Saisies!C60="",Saisies!B60,Saisies!C60)) -> 65.56825 | AN25: =(Avoine!D26*Saisies!B12)*(1+Saisies!B43*Saisies!B60) -> 31.3124 | AO25: =IF(Avoine!G26="",Avoine!D26*IF(Saisies!C12="",Saisies!B12,Saisies!C12),Avoine!G26)*(1+IF(Saisies!C43="",Saisies!B43,Saisies!C43)*IF(Saisies!C60="",Saisies!B60,Saisies!C60)) -> 31.3124 | AQ25: =('Blé_d''automne'!D26*Saisies!B14)*(1+Saisies!B45*Saisies!B60) -> 45.20675 | AR25: =IF('Blé_d''automne'!G26="",'Blé_d''automne'!D26*IF(Saisies!C14="",Saisies!B14,Saisies!C14),'Blé_d''automne'!G26)*(1+IF(Saisies!C45="",Saisies!B45,Saisies!C45)*IF(Saisies!C60="",Saisies!B60,Saisies!C60)) -> 45.20675 | AT25: =(Blé_printemps!D26*Saisies!B13)*(1+Saisies!B44*Saisies!B60) -> 45.20675 | AU25: =IF(Blé_printemps!G26="",Blé_printemps!D26*IF(Saisies!C13="",Saisies!B13,Saisies!C13),Blé_printemps!G26)*(1+IF(Saisies!C44="",Saisies!B44,Saisies!C44)*IF(Saisies!C60="",Saisies!B60,Saisies!C60)) -> 45.20675 | AW25: =(Sarrasin!D26*Saisies!B15)*(1+Saisies!B46*Saisies!B60) -> 0 | AX25: =IF(Sarrasin!G26="",Sarrasin!D26*IF(Saisies!C15="",Saisies!B15,Saisies!C15),Sarrasin!G26)*(1+IF(Saisies!C46="",Saisies!B46,Saisies!C46)*IF(Saisies!C60="",Saisies!B60,Saisies!C60)) -> 0 | AZ25: =('Maïs-grain'!D27*Saisies!B8)*(1+Saisies!B39*Saisies!B61) -> 266.4999 | BA25: =IF('Maïs-grain'!G27="",'Maïs-grain'!D27*IF(Saisies!C8="",Saisies!B8,Saisies!C8),'Maïs-grain'!G27)*(1+IF(Saisies!C39="",Saisies!B39,Saisies!C39)*IF(Saisies!C61="",Saisies!B61,Saisies!C61)) -> 266.4999 | BC25: =(Canola!D26*Saisies!B9)*(1+Saisies!B40*Saisies!B61) -> 30.13 | BD25: =IF(Canola!G26="",Canola!D26*IF(Saisies!C9="",Saisies!B9,Saisies!C9),Canola!G26)*(1+IF(Saisies!C40="",Saisies!B40,Saisies!C40)*IF(Saisies!C61="",Saisies!B61,Saisies!C61)) -> 30.13 | BF25: =(Soya!D26*Saisies!B10)*(1+Saisies!B41*Saisies!B61) -> 0.2 | BG25: =IF(Soya!G26="",Soya!D26*IF(Saisies!C10="",Saisies!B10,Saisies!C10),Soya!G26)*(1+IF(Saisies!C41="",Saisies!B41,Saisies!C41)*IF(Saisies!C61="",Saisies!B61,Saisies!C61)) -> 0.2 | BI25: =(Orge!D26*Saisies!B11)*(1+Saisies!B42*Saisies!B61) -> 68.9865 | BJ25: =IF(Orge!G26="",Orge!D26*IF(Saisies!C11="",Saisies!B11,Saisies!C11),Orge!G26)*(1+IF(Saisies!C42="",Saisies!B42,Saisies!C42)*IF(Saisies!C61="",Saisies!B61,Saisies!C61)) -> 68.9865 | BL25: =(Avoine!D26*Saisies!B12)*(1+Saisies!B43*Saisies!B61) -> 32.9448 | BM25: =IF(Avoine!G26="",Avoine!D26*IF(Saisies!C12="",Saisies!B12,Saisies!C12),Avoine!G26)*(1+IF(Saisies!C43="",Saisies!B43,Saisies!C43)*IF(Saisies!C61="",Saisies!B61,Saisies!C61)) -> 32.9448 | BO25: =('Blé_d''automne'!D26*Saisies!B14)*(1+Saisies!B45*Saisies!B61) -> 47.5635 | BP25: =IF('Blé_d''automne'!G26="",'Blé_d''automne'!D26*IF(Saisies!C14="",Saisies!B14,Saisies!C14),'Blé_d''automne'!G26)*(1+IF(Saisies!C45="",Saisies!B45,Saisies!C45)*IF(Saisies!C61="",Saisies!B61,Saisies!C61)) -> 47.5635 | BR25: =(Blé_printemps!D26*Saisies!B13)*(1+Saisies!B44*Saisies!B61) -> 47.5635 | BS25: =IF(Blé_printemps!G26="",Blé_printemps!D26*IF(Saisies!C13="",Saisies!B13,Saisies!C13),Blé_printemps!G26)*(1+IF(Saisies!C44="",Saisies!B44,Saisies!C44)*IF(Saisies!C61="",Saisies!B61,Saisies!C61)) -> 47.5635 | BU25: =(Sarrasin!D26*Saisies!B15)*(1+Saisies!B46*Saisies!B61) -> 0 | BV25: =IF(Sarrasin!G26="",Sarrasin!D26*IF(Saisies!C15="",Saisies!B15,Saisies!C15),Sarrasin!G26)*(1+IF(Saisies!C46="",Saisies!B46,Saisies!C46)*IF(Saisies!C61="",Saisies!B61,Saisies!C61)) -> 0
A26: Électricité | D26: ='Maïs-grain'!E29 -> 9.36 | E26: =IF('Maïs-grain'!G29="",'Intermédiaire_Prod-Résultats'!D26,'Maïs-grain'!G29) -> 9.36 | G26: =Canola!E28 -> 4.53 | H26: =IF(Canola!G28="",'Intermédiaire_Prod-Résultats'!G26,Canola!G28) -> 4.53 | J26: =Soya!E28 -> 5.13 | K26: =IF(Soya!G28="",'Intermédiaire_Prod-Résultats'!J26,Soya!G28) -> 5.13 | M26: =Orge!E28 -> 7.12 | N26: =IF(Orge!G28="",'Intermédiaire_Prod-Résultats'!M26,Orge!G28) -> 7.12 | P26: =Avoine!E28 -> 8.45 | Q26: =IF(Avoine!G28="",'Intermédiaire_Prod-Résultats'!P26,Avoine!G28) -> 8.45 | S26: ='Blé_d''automne'!E28 -> 8.47 | T26: =IF('Blé_d''automne'!G28="",'Intermédiaire_Prod-Résultats'!S26,'Blé_d''automne'!G28) -> 8.47 | V26: =Blé_printemps!E28 -> 8.47 | W26: =IF(Blé_printemps!G28="",'Intermédiaire_Prod-Résultats'!V26,Blé_printemps!G28) -> 8.47 | Y26: =Sarrasin!E28 -> 35.57 | Z26: =IF(Sarrasin!G28="",'Intermédiaire_Prod-Résultats'!Y26,Sarrasin!G28) -> 35.57 | AB26: ='Maïs-grain'!E29 -> 9.36 | AC26: =IF('Maïs-grain'!G29="",'Intermédiaire_Prod-Résultats'!AB26,'Maïs-grain'!G29) -> 9.36 | AE26: =Canola!E28 -> 4.53 | AF26: =IF(Canola!G28="",'Intermédiaire_Prod-Résultats'!AE26,Canola!G28) -> 4.53 | AH26: =Soya!E28 -> 5.13 | AI26: =IF(Soya!G28="",'Intermédiaire_Prod-Résultats'!AH26,Soya!G28) -> 5.13 | AK26: =Orge!E28 -> 7.12 | AL26: =IF(Orge!G28="",'Intermédiaire_Prod-Résultats'!AK26,Orge!G28) -> 7.12 | AN26: =Avoine!E28 -> 8.45 | AO26: =IF(Avoine!G28="",'Intermédiaire_Prod-Résultats'!AN26,Avoine!G28) -> 8.45 | AQ26: ='Blé_d''automne'!E28 -> 8.47 | AR26: =IF('Blé_d''automne'!G28="",'Intermédiaire_Prod-Résultats'!AQ26,'Blé_d''automne'!G28) -> 8.47 | AT26: =Blé_printemps!E28 -> 8.47 | AU26: =IF(Blé_printemps!G28="",'Intermédiaire_Prod-Résultats'!AT26,Blé_printemps!G28) -> 8.47 | AW26: =Sarrasin!E28 -> 35.57 | AX26: =IF(Sarrasin!G28="",'Intermédiaire_Prod-Résultats'!AW26,Sarrasin!G28) -> 35.57 | AZ26: ='Maïs-grain'!E29 -> 9.36 | BA26: =IF('Maïs-grain'!G29="",'Intermédiaire_Prod-Résultats'!AZ26,'Maïs-grain'!G29) -> 9.36 | BC26: =Canola!E28 -> 4.53 | BD26: =IF(Canola!G28="",'Intermédiaire_Prod-Résultats'!BC26,Canola!G28) -> 4.53 | BF26: =Soya!E28 -> 5.13 | BG26: =IF(Soya!G28="",'Intermédiaire_Prod-Résultats'!BF26,Soya!G28) -> 5.13 | BI26: =Orge!E28 -> 7.12 | BJ26: =IF(Orge!G28="",'Intermédiaire_Prod-Résultats'!BI26,Orge!G28) -> 7.12 | BL26: =Avoine!E28 -> 8.45 | BM26: =IF(Avoine!G28="",'Intermédiaire_Prod-Résultats'!BL26,Avoine!G28) -> 8.45 | BO26: ='Blé_d''automne'!E28 -> 8.47 | BP26: =IF('Blé_d''automne'!G28="",'Intermédiaire_Prod-Résultats'!BO26,'Blé_d''automne'!G28) -> 8.47 | BR26: =Blé_printemps!E28 -> 8.47 | BS26: =IF(Blé_printemps!G28="",'Intermédiaire_Prod-Résultats'!BR26,Blé_printemps!G28) -> 8.47 | BU26: =Sarrasin!E28 -> 35.57 | BV26: =IF(Sarrasin!G28="",'Intermédiaire_Prod-Résultats'!BU26,Sarrasin!G28) -> 35.57
A27: Frais de mise en marché | D27: ='Maïs-grain'!D30*Saisies!B8*(1+Saisies!B39*Saisies!B59) -> 19.61 | E27: =IF('Maïs-grain'!G30="",IF(Saisies!C8="",'Intermédiaire_Prod-Résultats'!D27,'Maïs-grain'!D30*Saisies!B8),'Maïs-grain'!G30)*(1+IF(Saisies!C39="",Saisies!B39,Saisies!C39)*IF(Saisies!C59="",Saisies!B59,Saisies!C59)) -> 19.61 | G27: =Canola!D29*Saisies!B9*(1+Saisies!B40*Saisies!B59) -> 33.51 | H27: =IF(Canola!G29="",IF(Saisies!C9="",'Intermédiaire_Prod-Résultats'!G27,Canola!D29*Saisies!C9),Canola!G29)*(1+IF(Saisies!C40="",Saisies!B40,Saisies!C40)*IF(Saisies!C59="",Saisies!B59,Saisies!C59)) -> 33.51 | J27: =Soya!D29*Saisies!B10*(1+Saisies!B41*Saisies!B59) -> 14.1 | K27: =IF(Soya!$G29="",IF(Saisies!$C$10="",'Intermédiaire_Prod-Résultats'!J27,Soya!$D29*Saisies!$C$10),Soya!$G29)*(1+IF(Saisies!C41="",Saisies!B41,Saisies!C41)*IF(Saisies!C59="",Saisies!B59,Saisies!C59)) -> 14.1 | M27: =Orge!D29*Saisies!B11*(1+Saisies!B42*Saisies!B59) -> 39.92 | N27: =IF(Orge!$G29="",IF(Saisies!$C$11="",'Intermédiaire_Prod-Résultats'!M27,Orge!$D29*Saisies!$C$11),Orge!$G29)*(1+IF(Saisies!C42="",Saisies!B42,Saisies!C42)*IF(Saisies!C59="",Saisies!B59,Saisies!C59)) -> 39.92 | P27: =Avoine!D29*Saisies!B12*(1+Saisies!B43*Saisies!B59) -> 30.5 | Q27: =IF(Avoine!$G29="",IF(Saisies!$C$12="",'Intermédiaire_Prod-Résultats'!P27,Avoine!$D29*Saisies!$C$12),Avoine!$G29)*(1+IF(Saisies!C43="",Saisies!B43,Saisies!C43)*IF(Saisies!C59="",Saisies!B59,Saisies!C59)) -> 30.5 | S27: ='Blé_d''automne'!D29*Saisies!B14*(1+Saisies!B45*Saisies!B59) -> 51.96 | T27: =IF('Blé_d''automne'!G29="",IF(Saisies!C14="",'Intermédiaire_Prod-Résultats'!S27,'Blé_d''automne'!D29*Saisies!C14),'Blé_d''automne'!G29)*(1+IF(Saisies!C45="",Saisies!B45,Saisies!C45)*IF(Saisies!C59="",Saisies!B59,Saisies!C59)) -> 51.96 | V27: =Blé_printemps!D29*Saisies!B13*(1+Saisies!B44*Saisies!B59) -> 51.96 | W27: =IF(Blé_printemps!G29="",IF(Saisies!C13="",'Intermédiaire_Prod-Résultats'!V27,Blé_printemps!D29*Saisies!C13),Blé_printemps!G29)*(1+IF(Saisies!C44="",Saisies!B44,Saisies!C44)*IF(Saisies!C59="",Saisies!B59,Saisies!C59)) -> 51.96 | Y27: =Sarrasin!D29*Saisies!B15*(1+Saisies!B46*Saisies!B59) -> 1.55 | Z27: =IF(Sarrasin!G29="",Sarrasin!D29*IF(Saisies!C15="",Saisies!B15,Saisies!C15),Sarrasin!G29)*(1+IF(Saisies!C46="",Saisies!B46,Saisies!C46)*IF(Saisies!C59="",Saisies!B59,Saisies!C59)) -> 1.55 | AB27: =('Maïs-grain'!D30*Saisies!B8)*(1+Saisies!B39*Saisies!B60) -> 20.68855 | AC27: =IF('Maïs-grain'!G30="",'Maïs-grain'!D30*IF(Saisies!C8="",Saisies!B8,Saisies!C8),'Maïs-grain'!G30)*(1+IF(Saisies!C39="",Saisies!B39,Saisies!C39)*IF(Saisies!C60="",Saisies!B60,Saisies!C60)) -> 20.68855 | AE27: =(Canola!D29*Saisies!B9)*(1+Saisies!B40*Saisies!B60) -> 33.51 | AF27: =IF(Canola!G29="",Canola!D29*IF(Saisies!C9="",Saisies!B9,Saisies!C9),Canola!G29)*(1+IF(Saisies!C40="",Saisies!B40,Saisies!C40)*IF(Saisies!C60="",Saisies!B60,Saisies!C60)) -> 33.51 | AH27: =(Soya!D29*Saisies!B10)*(1+Saisies!B41*Saisies!B60) -> 14.1 | AI27: =IF(Soya!G29="",Soya!D29*IF(Saisies!C10="",Saisies!B10,Saisies!C10),Soya!G29)*(1+IF(Saisies!C41="",Saisies!B41,Saisies!C41)*IF(Saisies!C60="",Saisies!B60,Saisies!C60)) -> 14.1 | AK27: =(Orge!D29*Saisies!B11)*(1+Saisies!B42*Saisies!B60) -> 42.1156 | AL27: =IF(Orge!G29="",Orge!D29*IF(Saisies!C11="",Saisies!B11,Saisies!C11),Orge!G29)*(1+IF(Saisies!C42="",Saisies!B42,Saisies!C42)*IF(Saisies!C60="",Saisies!B60,Saisies!C60)) -> 42.1156 | AN27: =(Avoine!D29*Saisies!B12)*(1+Saisies!B43*Saisies!B60) -> 32.1775 | AO27: =IF(Avoine!G29="",Avoine!D29*IF(Saisies!C12="",Saisies!B12,Saisies!C12),Avoine!G29)*(1+IF(Saisies!C43="",Saisies!B43,Saisies!C43)*IF(Saisies!C60="",Saisies!B60,Saisies!C60)) -> 32.1775 | AQ27: =('Blé_d''automne'!D29*Saisies!B14)*(1+Saisies!B45*Saisies!B60) -> 54.8178 | AR27: =IF('Blé_d''automne'!G29="",'Blé_d''automne'!D29*IF(Saisies!C14="",Saisies!B14,Saisies!C14),'Blé_d''automne'!G29)*(1+IF(Saisies!C45="",Saisies!B45,Saisies!C45)*IF(Saisies!C60="",Saisies!B60,Saisies!C60)) -> 54.8178 | AT27: =(Blé_printemps!D29*Saisies!B13)*(1+Saisies!B44*Saisies!B60) -> 54.8178 | AU27: =IF(Blé_printemps!G29="",Blé_printemps!D29*IF(Saisies!C13="",Saisies!B13,Saisies!C13),Blé_printemps!G29)*(1+IF(Saisies!C44="",Saisies!B44,Saisies!C44)*IF(Saisies!C60="",Saisies!B60,Saisies!C60)) -> 54.8178 | AW27: =(Sarrasin!D29*Saisies!B15)*(1+Saisies!B46*Saisies!B60) -> 1.55 | AX27: =IF(Sarrasin!G29="",Sarrasin!D29*IF(Saisies!C15="",Saisies!B15,Saisies!C15),Sarrasin!G29)*(1+IF(Saisies!C46="",Saisies!B46,Saisies!C46)*IF(Saisies!C60="",Saisies!B60,Saisies!C60)) -> 1.55 | AZ27: =('Maïs-grain'!D30*Saisies!B8)*(1+Saisies!B39*Saisies!B61) -> 21.7671 | BA27: =IF('Maïs-grain'!G30="",'Maïs-grain'!D30*IF(Saisies!C8="",Saisies!B8,Saisies!C8),'Maïs-grain'!G30)*(1+IF(Saisies!C39="",Saisies!B39,Saisies!C39)*IF(Saisies!C61="",Saisies!B61,Saisies!C61)) -> 21.7671 | BC27: =(Canola!D29*Saisies!B9)*(1+Saisies!B40*Saisies!B61) -> 33.51 | BD27: =IF(Canola!G29="",Canola!D29*IF(Saisies!C9="",Saisies!B9,Saisies!C9),Canola!G29)*(1+IF(Saisies!C40="",Saisies!B40,Saisies!C40)*IF(Saisies!C61="",Saisies!B61,Saisies!C61)) -> 33.51 | BF27: =(Soya!D29*Saisies!B10)*(1+Saisies!B41*Saisies!B61) -> 14.1 | BG27: =IF(Soya!G29="",Soya!D29*IF(Saisies!C10="",Saisies!B10,Saisies!C10),Soya!G29)*(1+IF(Saisies!C41="",Saisies!B41,Saisies!C41)*IF(Saisies!C61="",Saisies!B61,Saisies!C61)) -> 14.1 | BI27: =(Orge!D29*Saisies!B11)*(1+Saisies!B42*Saisies!B61) -> 44.3112 | BJ27: =IF(Orge!G29="",Orge!D29*IF(Saisies!C11="",Saisies!B11,Saisies!C11),Orge!G29)*(1+IF(Saisies!C42="",Saisies!B42,Saisies!C42)*IF(Saisies!C61="",Saisies!B61,Saisies!C61)) -> 44.3112 | BL27: =(Avoine!D29*Saisies!B12)*(1+Saisies!B43*Saisies!B61) -> 33.855 | BM27: =IF(Avoine!G29="",Avoine!D29*IF(Saisies!C12="",Saisies!B12,Saisies!C12),Avoine!G29)*(1+IF(Saisies!C43="",Saisies!B43,Saisies!C43)*IF(Saisies!C61="",Saisies!B61,Saisies!C61)) -> 33.855 | BO27: =('Blé_d''automne'!D29*Saisies!B14)*(1+Saisies!B45*Saisies!B61) -> 57.6756 | BP27: =IF('Blé_d''automne'!G29="",'Blé_d''automne'!D29*IF(Saisies!C14="",Saisies!B14,Saisies!C14),'Blé_d''automne'!G29)*(1+IF(Saisies!C45="",Saisies!B45,Saisies!C45)*IF(Saisies!C61="",Saisies!B61,Saisies!C61)) -> 57.6756 | BR27: =(Blé_printemps!D29*Saisies!B13)*(1+Saisies!B44*Saisies!B61) -> 57.6756 | BS27: =IF(Blé_printemps!G29="",Blé_printemps!D29*IF(Saisies!C13="",Saisies!B13,Saisies!C13),Blé_printemps!G29)*(1+IF(Saisies!C44="",Saisies!B44,Saisies!C44)*IF(Saisies!C61="",Saisies!B61,Saisies!C61)) -> 57.6756 | BU27: =(Sarrasin!D29*Saisies!B15)*(1+Saisies!B46*Saisies!B61) -> 1.55 | BV27: =IF(Sarrasin!G29="",Sarrasin!D29*IF(Saisies!C15="",Saisies!B15,Saisies!C15),Sarrasin!G29)*(1+IF(Saisies!C46="",Saisies!B46,Saisies!C46)*IF(Saisies!C61="",Saisies!B61,Saisies!C61)) -> 1.55
A28: Intérêts sur emprunt à court terme | D28: ='Maïs-grain'!E31 -> 9.24 | E28: =IF('Maïs-grain'!G31="",'Intermédiaire_Prod-Résultats'!D28,'Maïs-grain'!G31) -> 9.24 | G28: =Canola!E30 -> 18.18 | H28: =IF(Canola!G30="",'Intermédiaire_Prod-Résultats'!G28,Canola!G30) -> 18.18 | J28: =Soya!E30 -> 6.55 | K28: =IF(Soya!G30="",'Intermédiaire_Prod-Résultats'!J28,Soya!G30) -> 6.55 | M28: =Orge!E30 -> 16.42 | N28: =IF(Orge!G30="",'Intermédiaire_Prod-Résultats'!M28,Orge!G30) -> 16.42 | P28: =Avoine!E30 -> 12.31 | Q28: =IF(Avoine!G30="",'Intermédiaire_Prod-Résultats'!P28,Avoine!G30) -> 12.31 | S28: ='Blé_d''automne'!E30 -> 19.45 | T28: =IF('Blé_d''automne'!G30="",'Intermédiaire_Prod-Résultats'!S28,'Blé_d''automne'!G30) -> 19.45 | V28: =Blé_printemps!E30 -> 19.45 | W28: =IF(Blé_printemps!G30="",'Intermédiaire_Prod-Résultats'!V28,Blé_printemps!G30) -> 19.45 | Y28: =Sarrasin!E30 -> 94.01 | Z28: =IF(Sarrasin!G30="",'Intermédiaire_Prod-Résultats'!Y28,Sarrasin!G30) -> 94.01 | AB28: ='Maïs-grain'!E31 -> 9.24 | AC28: =IF('Maïs-grain'!G31="",'Intermédiaire_Prod-Résultats'!AB28,'Maïs-grain'!G31) -> 9.24 | AE28: =Canola!E30 -> 18.18 | AF28: =IF(Canola!G30="",'Intermédiaire_Prod-Résultats'!AE28,Canola!G30) -> 18.18 | AH28: =Soya!E30 -> 6.55 | AI28: =IF(Soya!G30="",'Intermédiaire_Prod-Résultats'!AH28,Soya!G30) -> 6.55 | AK28: =Orge!E30 -> 16.42 | AL28: =IF(Orge!G30="",'Intermédiaire_Prod-Résultats'!AK28,Orge!G30) -> 16.42 | AN28: =Avoine!E30 -> 12.31 | AO28: =IF(Avoine!G30="",'Intermédiaire_Prod-Résultats'!AN28,Avoine!G30) -> 12.31 | AQ28: ='Blé_d''automne'!E30 -> 19.45 | AR28: =IF('Blé_d''automne'!G30="",'Intermédiaire_Prod-Résultats'!AQ28,'Blé_d''automne'!G30) -> 19.45 | AT28: =Blé_printemps!E30 -> 19.45 | AU28: =IF(Blé_printemps!G30="",'Intermédiaire_Prod-Résultats'!AT28,Blé_printemps!G30) -> 19.45 | AW28: =Sarrasin!E30 -> 94.01 | AX28: =IF(Sarrasin!G30="",'Intermédiaire_Prod-Résultats'!AW28,Sarrasin!G30) -> 94.01 | AZ28: ='Maïs-grain'!E31 -> 9.24 | BA28: =IF('Maïs-grain'!G31="",'Intermédiaire_Prod-Résultats'!AZ28,'Maïs-grain'!G31) -> 9.24 | BC28: =Canola!E30 -> 18.18 | BD28: =IF(Canola!G30="",'Intermédiaire_Prod-Résultats'!BC28,Canola!G30) -> 18.18 | BF28: =Soya!E30 -> 6.55 | BG28: =IF(Soya!G30="",'Intermédiaire_Prod-Résultats'!BF28,Soya!G30) -> 6.55 | BI28: =Orge!E30 -> 16.42 | BJ28: =IF(Orge!G30="",'Intermédiaire_Prod-Résultats'!BI28,Orge!G30) -> 16.42 | BL28: =Avoine!E30 -> 12.31 | BM28: =IF(Avoine!G30="",'Intermédiaire_Prod-Résultats'!BL28,Avoine!G30) -> 12.31 | BO28: ='Blé_d''automne'!E30 -> 19.45 | BP28: =IF('Blé_d''automne'!G30="",'Intermédiaire_Prod-Résultats'!BO28,'Blé_d''automne'!G30) -> 19.45 | BR28: =Blé_printemps!E30 -> 19.45 | BS28: =IF(Blé_printemps!G30="",'Intermédiaire_Prod-Résultats'!BR28,Blé_printemps!G30) -> 19.45 | BU28: =Sarrasin!E30 -> 94.01 | BV28: =IF(Sarrasin!G30="",'Intermédiaire_Prod-Résultats'!BU28,Sarrasin!G30) -> 94.01
B29: Sous-total | D29: =SUM(D15:D28) -> 1561.2 | E29: =SUM(E15:E28) -> 1561.2 | G29: =SUM(G15:G28) -> 874.98 | H29: =SUM(H15:H28) -> 874.98 | J29: =SUM(J15:J28) -> 906.92 | K29: =SUM(K15:K28) -> 906.92 | M29: =SUM(M15:M28) -> 688.61 | N29: =SUM(N15:N28) -> 688.61 | P29: =SUM(P15:P28) -> 531.11 | Q29: =SUM(Q15:Q28) -> 531.11 | S29: =SUM(S15:S28) -> 766.62 | T29: =SUM(T15:T28) -> 766.62 | V29: =SUM(V15:V28) -> 805.23 | W29: =SUM(W15:W28) -> 805.23 | Y29: =SUM(Y15:Y28) -> 413.23 | Z29: =SUM(Z15:Z28) -> 413.23 | AB29: =SUM(AB15:AB28) -> 1575.4835 | AC29: =SUM(AC15:AC28) -> 1575.4835 | AE29: =SUM(AE15:AE28) -> 874.98 | AF29: =SUM(AF15:AF28) -> 874.98 | AH29: =SUM(AH15:AH28) -> 880.17 | AI29: =SUM(AI15:AI28) -> 880.17 | AK29: =SUM(AK15:AK28) -> 694.22385 | AL29: =SUM(AL15:AL28) -> 694.22385 | AN29: =SUM(AN15:AN28) -> 534.4199 | AO29: =SUM(AO15:AO28) -> 534.4199 | AQ29: =SUM(AQ15:AQ28) -> 771.83455 | AR29: =SUM(AR15:AR28) -> 771.83455 | AT29: =SUM(AT15:AT28) -> 810.44455 | AU29: =SUM(AU15:AU28) -> 810.44455 | AW29: =SUM(AW15:AW28) -> 413.23 | AX29: =SUM(AX15:AX28) -> 413.23 | AZ29: =SUM(AZ15:AZ28) -> 1589.767 | BA29: =SUM(BA15:BA28) -> 1589.767 | BC29: =SUM(BC15:BC28) -> 874.98 | BD29: =SUM(BD15:BD28) -> 874.98 | BF29: =SUM(BF15:BF28) -> 853.42 | BG29: =SUM(BG15:BG28) -> 853.42 | BI29: =SUM(BI15:BI28) -> 699.8377 | BJ29: =SUM(BJ15:BJ28) -> 699.8377 | BL29: =SUM(BL15:BL28) -> 537.7298 | BM29: =SUM(BM15:BM28) -> 537.7298 | BO29: =SUM(BO15:BO28) -> 777.0491 | BP29: =SUM(BP15:BP28) -> 777.0491 | BR29: =SUM(BR15:BR28) -> 815.6591 | BS29: =SUM(BS15:BS28) -> 815.6591 | BU29: =SUM(BU15:BU28) -> 413.23 | BV29: =SUM(BV15:BV28) -> 413.23
A31: Contribution d'assurance stabilisation | D31: ='Maïs-grain'!E35 -> 0 | E31: =IF('Maïs-grain'!G35="",'Intermédiaire_Prod-Résultats'!D31,'Maïs-grain'!G35) -> 0 | G31: =Canola!E34 -> 10.57 | H31: =IF(Canola!G34="",'Intermédiaire_Prod-Résultats'!G31,Canola!G34) -> 10.57 | J31: =Soya!E34 -> 0 | K31: =IF(Soya!G34="",'Intermédiaire_Prod-Résultats'!J31,Soya!G34) -> 0 | M31: =Orge!E34 -> 47.09 | N31: =IF(Orge!G34="",'Intermédiaire_Prod-Résultats'!M31,Orge!G34) -> 47.09 | P31: =Avoine!E34 -> 69.78 | Q31: =IF(Avoine!G34="",'Intermédiaire_Prod-Résultats'!P31,Avoine!G34) -> 69.78 | S31: ='Blé_d''automne'!E34 -> 9.34 | T31: =IF('Blé_d''automne'!G34="",'Intermédiaire_Prod-Résultats'!S31,'Blé_d''automne'!G34) -> 9.34 | V31: =Blé_printemps!E34 -> 9.34 | W31: =IF(Blé_printemps!G34="",'Intermédiaire_Prod-Résultats'!V31,Blé_printemps!G34) -> 9.34 | Y31: =Sarrasin!E34 -> 0 | Z31: =IF(Sarrasin!G34="",'Intermédiaire_Prod-Résultats'!Y31,Sarrasin!G34) -> 0 | AB31: ='Maïs-grain'!E35 -> 0 | AC31: =IF('Maïs-grain'!G35="",'Intermédiaire_Prod-Résultats'!AB31,'Maïs-grain'!G35) -> 0 | AE31: =Canola!E34 -> 10.57 | AF31: =IF(Canola!G34="",'Intermédiaire_Prod-Résultats'!AE31,Canola!G34) -> 10.57 | AH31: =Soya!E34 -> 0 | AI31: =IF(Soya!G34="",'Intermédiaire_Prod-Résultats'!AH31,Soya!G34) -> 0 | AK31: =Orge!E34 -> 47.09 | AL31: =IF(Orge!G34="",'Intermédiaire_Prod-Résultats'!AK31,Orge!G34) -> 47.09 | AN31: =Avoine!E34 -> 69.78 | AO31: =IF(Avoine!G34="",'Intermédiaire_Prod-Résultats'!AN31,Avoine!G34) -> 69.78 | AQ31: ='Blé_d''automne'!E34 -> 9.34 | AR31: =IF('Blé_d''automne'!G34="",'Intermédiaire_Prod-Résultats'!AQ31,'Blé_d''automne'!G34) -> 9.34 | AT31: =Blé_printemps!E34 -> 9.34 | AU31: =IF(Blé_printemps!G34="",'Intermédiaire_Prod-Résultats'!AT31,Blé_printemps!G34) -> 9.34 | AW31: =Sarrasin!E34 -> 0 | AX31: =IF(Sarrasin!G34="",'Intermédiaire_Prod-Résultats'!AW31,Sarrasin!G34) -> 0 | AZ31: ='Maïs-grain'!E35 -> 0 | BA31: =IF('Maïs-grain'!G35="",'Intermédiaire_Prod-Résultats'!AZ31,'Maïs-grain'!G35) -> 0 | BC31: =Canola!E34 -> 10.57 | BD31: =IF(Canola!G34="",'Intermédiaire_Prod-Résultats'!BC31,Canola!G34) -> 10.57 | BF31: =Soya!E34 -> 0 | BG31: =IF(Soya!G34="",'Intermédiaire_Prod-Résultats'!BF31,Soya!G34) -> 0 | BI31: =Orge!E34 -> 47.09 | BJ31: =IF(Orge!G34="",'Intermédiaire_Prod-Résultats'!BI31,Orge!G34) -> 47.09 | BL31: =Avoine!E34 -> 69.78 | BM31: =IF(Avoine!G34="",'Intermédiaire_Prod-Résultats'!BL31,Avoine!G34) -> 69.78 | BO31: ='Blé_d''automne'!E34 -> 9.34 | BP31: =IF('Blé_d''automne'!G34="",'Intermédiaire_Prod-Résultats'!BO31,'Blé_d''automne'!G34) -> 9.34 | BR31: =Blé_printemps!E34 -> 9.34 | BS31: =IF(Blé_printemps!G34="",'Intermédiaire_Prod-Résultats'!BR31,Blé_printemps!G34) -> 9.34 | BU31: =Sarrasin!E34 -> 0 | BV31: =IF(Sarrasin!G34="",'Intermédiaire_Prod-Résultats'!BU31,Sarrasin!G34) -> 0
A32: Contribution aux autres programmes | D32: ='Maïs-grain'!E36 -> 8.44 | E32: =IF('Maïs-grain'!G36="",'Intermédiaire_Prod-Résultats'!D32,'Maïs-grain'!G36) -> 8.44 | G32: =Canola!E35 -> 6.78 | H32: =IF(Canola!G35="",'Intermédiaire_Prod-Résultats'!G32,Canola!G35) -> 6.78 | J32: =Soya!E35 -> 7.84 | K32: =IF(Soya!G35="",'Intermédiaire_Prod-Résultats'!J32,Soya!G35) -> 7.84 | M32: =Orge!E35 -> 10.55 | N32: =IF(Orge!G35="",'Intermédiaire_Prod-Résultats'!M32,Orge!G35) -> 10.55 | P32: =Avoine!E35 -> 3.51 | Q32: =IF(Avoine!G35="",'Intermédiaire_Prod-Résultats'!P32,Avoine!G35) -> 3.51 | S32: ='Blé_d''automne'!E35 -> 36.47 | T32: =IF('Blé_d''automne'!G35="",'Intermédiaire_Prod-Résultats'!S32,'Blé_d''automne'!G35) -> 36.47 | V32: =Blé_printemps!E35 -> 36.47 | W32: =IF(Blé_printemps!G35="",'Intermédiaire_Prod-Résultats'!V32,Blé_printemps!G35) -> 36.47 | Y32: =Sarrasin!E35 -> 0 | Z32: =IF(Sarrasin!G35="",'Intermédiaire_Prod-Résultats'!Y32,Sarrasin!G35) -> 0 | AB32: ='Maïs-grain'!E36 -> 8.44 | AC32: =IF('Maïs-grain'!G36="",'Intermédiaire_Prod-Résultats'!AB32,'Maïs-grain'!G36) -> 8.44 | AE32: =Canola!E35 -> 6.78 | AF32: =IF(Canola!G35="",'Intermédiaire_Prod-Résultats'!AE32,Canola!G35) -> 6.78 | AH32: =Soya!E35 -> 7.84 | AI32: =IF(Soya!G35="",'Intermédiaire_Prod-Résultats'!AH32,Soya!G35) -> 7.84 | AK32: =Orge!E35 -> 10.55 | AL32: =IF(Orge!G35="",'Intermédiaire_Prod-Résultats'!AK32,Orge!G35) -> 10.55 | AN32: =Avoine!E35 -> 3.51 | AO32: =IF(Avoine!G35="",'Intermédiaire_Prod-Résultats'!AN32,Avoine!G35) -> 3.51 | AQ32: ='Blé_d''automne'!E35 -> 36.47 | AR32: =IF('Blé_d''automne'!G35="",'Intermédiaire_Prod-Résultats'!AQ32,'Blé_d''automne'!G35) -> 36.47 | AT32: =Blé_printemps!E35 -> 36.47 | AU32: =IF(Blé_printemps!G35="",'Intermédiaire_Prod-Résultats'!AT32,Blé_printemps!G35) -> 36.47 | AW32: =Sarrasin!E35 -> 0 | AX32: =IF(Sarrasin!G35="",'Intermédiaire_Prod-Résultats'!AW32,Sarrasin!G35) -> 0 | AZ32: ='Maïs-grain'!E36 -> 8.44 | BA32: =IF('Maïs-grain'!G36="",'Intermédiaire_Prod-Résultats'!AZ32,'Maïs-grain'!G36) -> 8.44 | BC32: =Canola!E35 -> 6.78 | BD32: =IF(Canola!G35="",'Intermédiaire_Prod-Résultats'!BC32,Canola!G35) -> 6.78 | BF32: =Soya!E35 -> 7.84 | BG32: =IF(Soya!G35="",'Intermédiaire_Prod-Résultats'!BF32,Soya!G35) -> 7.84 | BI32: =Orge!E35 -> 10.55 | BJ32: =IF(Orge!G35="",'Intermédiaire_Prod-Résultats'!BI32,Orge!G35) -> 10.55 | BL32: =Avoine!E35 -> 3.51 | BM32: =IF(Avoine!G35="",'Intermédiaire_Prod-Résultats'!BL32,Avoine!G35) -> 3.51 | BO32: ='Blé_d''automne'!E35 -> 36.47 | BP32: =IF('Blé_d''automne'!G35="",'Intermédiaire_Prod-Résultats'!BO32,'Blé_d''automne'!G35) -> 36.47 | BR32: =Blé_printemps!E35 -> 36.47 | BS32: =IF(Blé_printemps!G35="",'Intermédiaire_Prod-Résultats'!BR32,Blé_printemps!G35) -> 36.47 | BU32: =Sarrasin!E35 -> 0 | BV32: =IF(Sarrasin!G35="",'Intermédiaire_Prod-Résultats'!BU32,Sarrasin!G35) -> 0
A34: MARGE BÉNÉFICIAIRE APRÈS COÛTS VARIABLES (MARGE VARIABLE) | D34: =D11-D29-SUM(D31:D32) -> 944.9095 | E34: =E11-E29-SUM(E31:E32) -> 944.9095 | G34: =G11-G29-SUM(G31:G32) -> 727.6681 | H34: =H11-H29-SUM(H31:H32) -> 727.6681 | J34: =J11-J29-SUM(J31:J32) -> 776.1637 | K34: =K11-K29-SUM(K31:K32) -> 776.1637 | M34: =M11-M29-SUM(M31:M32) -> 410.2592 | N34: =N11-N29-SUM(N31:N32) -> 410.2592 | P34: =P11-P29-SUM(P31:P32) -> 258.8957 | Q34: =Q11-Q29-SUM(Q31:Q32) -> 258.8957 | S34: =S11-S29-SUM(S31:S32) -> 871.2337 | T34: =T11-T29-SUM(T31:T32) -> 871.2337 | V34: =V11-V29-SUM(V31:V32) -> 539.8178 | W34: =W11-W29-SUM(W31:W32) -> 539.8178 | Y34: =Y11-Y29-SUM(Y31:Y32) -> 449.7094 | Z34: =Z11-Z29-SUM(Z31:Z32) -> 449.7094 | AB34: =AB11-AB29-SUM(AB31:AB32) -> 1069.3792 | AC34: =AC11-AC29-SUM(AC31:AC32) -> 1069.3792 | AE34: =AE11-AE29-SUM(AE31:AE32) -> 727.6681 | AF34: =AF11-AF29-SUM(AF31:AF32) -> 727.6681 | AH34: =AH11-AH29-SUM(AH31:AH32) -> 802.9137 | AI34: =AI11-AI29-SUM(AI31:AI32) -> 802.9137 | AK34: =AK11-AK29-SUM(AK31:AK32) -> 455.05697 | AL34: =AL11-AL29-SUM(AL31:AL32) -> 455.05697 | AN34: =AN11-AN29-SUM(AN31:AN32) -> 295.73734 | AO34: =AO11-AO29-SUM(AO31:AO32) -> 295.73734 | AQ34: =AQ11-AQ29-SUM(AQ31:AQ32) -> 947.34435 | AR34: =AR11-AR29-SUM(AR31:AR32) -> 947.34435 | AT34: =AT11-AT29-SUM(AT31:AT32) -> 599.66341 | AU34: =AU11-AU29-SUM(AU31:AU32) -> 599.66341 | AW34: =AW11-AW29-SUM(AW31:AW32) -> 449.7094 | AX34: =AX11-AX29-SUM(AX31:AX32) -> 449.7094 | AZ34: =AZ11-AZ29-SUM(AZ31:AZ32) -> 1193.849 | BA34: =BA11-BA29-SUM(BA31:BA32) -> 1193.849 | BC34: =BC11-BC29-SUM(BC31:BC32) -> 727.6681 | BD34: =BD11-BD29-SUM(BD31:BD32) -> 727.6681 | BF34: =BF11-BF29-SUM(BF31:BF32) -> 829.6637 | BG34: =BG11-BG29-SUM(BG31:BG32) -> 829.6637 | BI34: =BI11-BI29-SUM(BI31:BI32) -> 499.85475 | BJ34: =BJ11-BJ29-SUM(BJ31:BJ32) -> 499.85475 | BL34: =BL11-BL29-SUM(BL31:BL32) -> 332.57898 | BM34: =BM11-BM29-SUM(BM31:BM32) -> 332.57898 | BO34: =BO11-BO29-SUM(BO31:BO32) -> 1023.455 | BP34: =BP11-BP29-SUM(BP31:BP32) -> 1023.455 | BR34: =BR11-BR29-SUM(BR31:BR32) -> 659.50902 | BS34: =BS11-BS29-SUM(BS31:BS32) -> 659.50902 | BU34: =BU11-BU29-SUM(BU31:BU32) -> 449.7094 | BV34: =BV11-BV29-SUM(BV31:BV32) -> 449.7094
A36: FRAIS FIXES
A37: Entretien bâtiments et fonds de terre | D37: ='Maïs-grain'!E41 -> 29.65 | E37: =IF('Maïs-grain'!G41="",'Intermédiaire_Prod-Résultats'!D37,'Maïs-grain'!G41) -> 29.65 | G37: =Canola!E40 -> 8.71 | H37: =IF(Canola!G40="",'Intermédiaire_Prod-Résultats'!G37,Canola!G40) -> 8.71 | J37: =Soya!E40 -> 17.21 | K37: =IF(Soya!G40="",'Intermédiaire_Prod-Résultats'!J37,Soya!G40) -> 17.21 | M37: =Orge!E40 -> 12.39 | N37: =IF(Orge!G40="",'Intermédiaire_Prod-Résultats'!M37,Orge!G40) -> 12.39 | P37: =Avoine!E40 -> 9.38 | Q37: =IF(Avoine!G40="",'Intermédiaire_Prod-Résultats'!P37,Avoine!G40) -> 9.38 | S37: ='Blé_d''automne'!E40 -> 13.01 | T37: =IF('Blé_d''automne'!G40="",'Intermédiaire_Prod-Résultats'!S37,'Blé_d''automne'!G40) -> 13.01 | V37: =Blé_printemps!E40 -> 13.01 | W37: =IF(Blé_printemps!G40="",'Intermédiaire_Prod-Résultats'!V37,Blé_printemps!G40) -> 13.01 | Y37: =Sarrasin!E40 -> 10.55 | Z37: =IF(Sarrasin!G40="",'Intermédiaire_Prod-Résultats'!Y37,Sarrasin!G40) -> 10.55 | AB37: ='Maïs-grain'!E41 -> 29.65 | AC37: =IF('Maïs-grain'!G41="",'Intermédiaire_Prod-Résultats'!AB37,'Maïs-grain'!G41) -> 29.65 | AE37: =Canola!E40 -> 8.71 | AF37: =IF(Canola!G40="",'Intermédiaire_Prod-Résultats'!AE37,Canola!G40) -> 8.71 | AH37: =Soya!E40 -> 17.21 | AI37: =IF(Soya!G40="",'Intermédiaire_Prod-Résultats'!AH37,Soya!G40) -> 17.21 | AK37: =Orge!E40 -> 12.39 | AL37: =IF(Orge!G40="",'Intermédiaire_Prod-Résultats'!AK37,Orge!G40) -> 12.39 | AN37: =Avoine!E40 -> 9.38 | AO37: =IF(Avoine!G40="",'Intermédiaire_Prod-Résultats'!AN37,Avoine!G40) -> 9.38 | AQ37: ='Blé_d''automne'!E40 -> 13.01 | AR37: =IF('Blé_d''automne'!G40="",'Intermédiaire_Prod-Résultats'!AQ37,'Blé_d''automne'!G40) -> 13.01 | AT37: =Blé_printemps!E40 -> 13.01 | AU37: =IF(Blé_printemps!G40="",'Intermédiaire_Prod-Résultats'!AT37,Blé_printemps!G40) -> 13.01 | AW37: =Sarrasin!E40 -> 10.55 | AX37: =IF(Sarrasin!G40="",'Intermédiaire_Prod-Résultats'!AW37,Sarrasin!G40) -> 10.55 | AZ37: ='Maïs-grain'!E41 -> 29.65 | BA37: =IF('Maïs-grain'!G41="",'Intermédiaire_Prod-Résultats'!AZ37,'Maïs-grain'!G41) -> 29.65 | BC37: =Canola!E40 -> 8.71 | BD37: =IF(Canola!G40="",'Intermédiaire_Prod-Résultats'!BC37,Canola!G40) -> 8.71 | BF37: =Soya!E40 -> 17.21 | BG37: =IF(Soya!G40="",'Intermédiaire_Prod-Résultats'!BF37,Soya!G40) -> 17.21 | BI37: =Orge!E40 -> 12.39 | BJ37: =IF(Orge!G40="",'Intermédiaire_Prod-Résultats'!BI37,Orge!G40) -> 12.39 | BL37: =Avoine!E40 -> 9.38 | BM37: =IF(Avoine!G40="",'Intermédiaire_Prod-Résultats'!BL37,Avoine!G40) -> 9.38 | BO37: ='Blé_d''automne'!E40 -> 13.01 | BP37: =IF('Blé_d''automne'!G40="",'Intermédiaire_Prod-Résultats'!BO37,'Blé_d''automne'!G40) -> 13.01 | BR37: =Blé_printemps!E40 -> 13.01 | BS37: =IF(Blé_printemps!G40="",'Intermédiaire_Prod-Résultats'!BR37,Blé_printemps!G40) -> 13.01 | BU37: =Sarrasin!E40 -> 10.55 | BV37: =IF(Sarrasin!G40="",'Intermédiaire_Prod-Résultats'!BU37,Sarrasin!G40) -> 10.55
A38: Assurances diverses | D38: ='Maïs-grain'!E42 -> 51.08 | E38: =IF('Maïs-grain'!G42="",'Intermédiaire_Prod-Résultats'!D38,'Maïs-grain'!G42) -> 51.08 | G38: =Canola!E41 -> 18.08 | H38: =IF(Canola!G41="",'Intermédiaire_Prod-Résultats'!G38,Canola!G41) -> 18.08 | J38: =Soya!E41 -> 31.83 | K38: =IF(Soya!G41="",'Intermédiaire_Prod-Résultats'!J38,Soya!G41) -> 31.83 | M38: =Orge!E41 -> 25.84 | N38: =IF(Orge!G41="",'Intermédiaire_Prod-Résultats'!M38,Orge!G41) -> 25.84 | P38: =Avoine!E41 -> 20.02 | Q38: =IF(Avoine!G41="",'Intermédiaire_Prod-Résultats'!P38,Avoine!G41) -> 20.02 | S38: ='Blé_d''automne'!E41 -> 26.08 | T38: =IF('Blé_d''automne'!G41="",'Intermédiaire_Prod-Résultats'!S38,'Blé_d''automne'!G41) -> 26.08 | V38: =Blé_printemps!E41 -> 26.08 | W38: =IF(Blé_printemps!G41="",'Intermédiaire_Prod-Résultats'!V38,Blé_printemps!G41) -> 26.08 | Y38: =Sarrasin!E41 -> 0 | Z38: =IF(Sarrasin!G41="",'Intermédiaire_Prod-Résultats'!Y38,Sarrasin!G41) -> 0 | AB38: ='Maïs-grain'!E42 -> 51.08 | AC38: =IF('Maïs-grain'!G42="",'Intermédiaire_Prod-Résultats'!AB38,'Maïs-grain'!G42) -> 51.08 | AE38: =Canola!E41 -> 18.08 | AF38: =IF(Canola!G41="",'Intermédiaire_Prod-Résultats'!AE38,Canola!G41) -> 18.08 | AH38: =Soya!E41 -> 31.83 | AI38: =IF(Soya!G41="",'Intermédiaire_Prod-Résultats'!AH38,Soya!G41) -> 31.83 | AK38: =Orge!E41 -> 25.84 | AL38: =IF(Orge!G41="",'Intermédiaire_Prod-Résultats'!AK38,Orge!G41) -> 25.84 | AN38: =Avoine!E41 -> 20.02 | AO38: =IF(Avoine!G41="",'Intermédiaire_Prod-Résultats'!AN38,Avoine!G41) -> 20.02 | AQ38: ='Blé_d''automne'!E41 -> 26.08 | AR38: =IF('Blé_d''automne'!G41="",'Intermédiaire_Prod-Résultats'!AQ38,'Blé_d''automne'!G41) -> 26.08 | AT38: =Blé_printemps!E41 -> 26.08 | AU38: =IF(Blé_printemps!G41="",'Intermédiaire_Prod-Résultats'!AT38,Blé_printemps!G41) -> 26.08 | AW38: =Sarrasin!E41 -> 0 | AX38: =IF(Sarrasin!G41="",'Intermédiaire_Prod-Résultats'!AW38,Sarrasin!G41) -> 0 | AZ38: ='Maïs-grain'!E42 -> 51.08 | BA38: =IF('Maïs-grain'!G42="",'Intermédiaire_Prod-Résultats'!AZ38,'Maïs-grain'!G42) -> 51.08 | BC38: =Canola!E41 -> 18.08 | BD38: =IF(Canola!G41="",'Intermédiaire_Prod-Résultats'!BC38,Canola!G41) -> 18.08 | BF38: =Soya!E41 -> 31.83 | BG38: =IF(Soya!G41="",'Intermédiaire_Prod-Résultats'!BF38,Soya!G41) -> 31.83 | BI38: =Orge!E41 -> 25.84 | BJ38: =IF(Orge!G41="",'Intermédiaire_Prod-Résultats'!BI38,Orge!G41) -> 25.84 | BL38: =Avoine!E41 -> 20.02 | BM38: =IF(Avoine!G41="",'Intermédiaire_Prod-Résultats'!BL38,Avoine!G41) -> 20.02 | BO38: ='Blé_d''automne'!E41 -> 26.08 | BP38: =IF('Blé_d''automne'!G41="",'Intermédiaire_Prod-Résultats'!BO38,'Blé_d''automne'!G41) -> 26.08 | BR38: =Blé_printemps!E41 -> 26.08 | BS38: =IF(Blé_printemps!G41="",'Intermédiaire_Prod-Résultats'!BR38,Blé_printemps!G41) -> 26.08 | BU38: =Sarrasin!E41 -> 0 | BV38: =IF(Sarrasin!G41="",'Intermédiaire_Prod-Résultats'!BU38,Sarrasin!G41) -> 0
A39: Taxes foncières | D39: ='Maïs-grain'!E43 -> 33.29 | E39: =IF('Maïs-grain'!G43="",'Intermédiaire_Prod-Résultats'!D39,'Maïs-grain'!G43) -> 33.29 | G39: =Canola!E42 -> 10.47 | H39: =IF(Canola!G42="",'Intermédiaire_Prod-Résultats'!G39,Canola!G42) -> 10.47 | J39: =Soya!E42 -> 27.29 | K39: =IF(Soya!G42="",'Intermédiaire_Prod-Résultats'!J39,Soya!G42) -> 27.29 | M39: =Orge!E42 -> 13.22 | N39: =IF(Orge!G42="",'Intermédiaire_Prod-Résultats'!M39,Orge!G42) -> 13.22 | P39: =Avoine!E42 -> 10.89 | Q39: =IF(Avoine!G42="",'Intermédiaire_Prod-Résultats'!P39,Avoine!G42) -> 10.89 | S39: ='Blé_d''automne'!E42 -> 11.88 | T39: =IF('Blé_d''automne'!G42="",'Intermédiaire_Prod-Résultats'!S39,'Blé_d''automne'!G42) -> 11.88 | V39: =Blé_printemps!E42 -> 11.88 | W39: =IF(Blé_printemps!G42="",'Intermédiaire_Prod-Résultats'!V39,Blé_printemps!G42) -> 11.88 | Y39: =Sarrasin!E42 -> 0 | Z39: =IF(Sarrasin!G42="",'Intermédiaire_Prod-Résultats'!Y39,Sarrasin!G42) -> 0 | AB39: ='Maïs-grain'!E43 -> 33.29 | AC39: =IF('Maïs-grain'!G43="",'Intermédiaire_Prod-Résultats'!AB39,'Maïs-grain'!G43) -> 33.29 | AE39: =Canola!E42 -> 10.47 | AF39: =IF(Canola!G42="",'Intermédiaire_Prod-Résultats'!AE39,Canola!G42) -> 10.47 | AH39: =Soya!E42 -> 27.29 | AI39: =IF(Soya!G42="",'Intermédiaire_Prod-Résultats'!AH39,Soya!G42) -> 27.29 | AK39: =Orge!E42 -> 13.22 | AL39: =IF(Orge!G42="",'Intermédiaire_Prod-Résultats'!AK39,Orge!G42) -> 13.22 | AN39: =Avoine!E42 -> 10.89 | AO39: =IF(Avoine!G42="",'Intermédiaire_Prod-Résultats'!AN39,Avoine!G42) -> 10.89 | AQ39: ='Blé_d''automne'!E42 -> 11.88 | AR39: =IF('Blé_d''automne'!G42="",'Intermédiaire_Prod-Résultats'!AQ39,'Blé_d''automne'!G42) -> 11.88 | AT39: =Blé_printemps!E42 -> 11.88 | AU39: =IF(Blé_printemps!G42="",'Intermédiaire_Prod-Résultats'!AT39,Blé_printemps!G42) -> 11.88 | AW39: =Sarrasin!E42 -> 0 | AX39: =IF(Sarrasin!G42="",'Intermédiaire_Prod-Résultats'!AW39,Sarrasin!G42) -> 0 | AZ39: ='Maïs-grain'!E43 -> 33.29 | BA39: =IF('Maïs-grain'!G43="",'Intermédiaire_Prod-Résultats'!AZ39,'Maïs-grain'!G43) -> 33.29 | BC39: =Canola!E42 -> 10.47 | BD39: =IF(Canola!G42="",'Intermédiaire_Prod-Résultats'!BC39,Canola!G42) -> 10.47 | BF39: =Soya!E42 -> 27.29 | BG39: =IF(Soya!G42="",'Intermédiaire_Prod-Résultats'!BF39,Soya!G42) -> 27.29 | BI39: =Orge!E42 -> 13.22 | BJ39: =IF(Orge!G42="",'Intermédiaire_Prod-Résultats'!BI39,Orge!G42) -> 13.22 | BL39: =Avoine!E42 -> 10.89 | BM39: =IF(Avoine!G42="",'Intermédiaire_Prod-Résultats'!BL39,Avoine!G42) -> 10.89 | BO39: ='Blé_d''automne'!E42 -> 11.88 | BP39: =IF('Blé_d''automne'!G42="",'Intermédiaire_Prod-Résultats'!BO39,'Blé_d''automne'!G42) -> 11.88 | BR39: =Blé_printemps!E42 -> 11.88 | BS39: =IF(Blé_printemps!G42="",'Intermédiaire_Prod-Résultats'!BR39,Blé_printemps!G42) -> 11.88 | BU39: =Sarrasin!E42 -> 0 | BV39: =IF(Sarrasin!G42="",'Intermédiaire_Prod-Résultats'!BU39,Sarrasin!G42) -> 0
A40: Intérêts sur emprunts à moyen et long terme | D40: ='Maïs-grain'!E44 -> 86.13 | E40: =IF('Maïs-grain'!G44="",'Intermédiaire_Prod-Résultats'!D40,'Maïs-grain'!G44) -> 86.13 | G40: =Canola!E43 -> 50.3 | H40: =IF(Canola!G43="",'Intermédiaire_Prod-Résultats'!G40,Canola!G43) -> 50.3 | J40: =Soya!E43 -> 75.48 | K40: =IF(Soya!G43="",'Intermédiaire_Prod-Résultats'!J40,Soya!G43) -> 75.48 | M40: =Orge!E43 -> 51.4 | N40: =IF(Orge!G43="",'Intermédiaire_Prod-Résultats'!M40,Orge!G43) -> 51.4 | P40: =Avoine!E43 -> 47.94 | Q40: =IF(Avoine!G43="",'Intermédiaire_Prod-Résultats'!P40,Avoine!G43) -> 47.94 | S40: ='Blé_d''automne'!E43 -> 53.09 | T40: =IF('Blé_d''automne'!G43="",'Intermédiaire_Prod-Résultats'!S40,'Blé_d''automne'!G43) -> 53.09 | V40: =Blé_printemps!E43 -> 53.09 | W40: =IF(Blé_printemps!G43="",'Intermédiaire_Prod-Résultats'!V40,Blé_printemps!G43) -> 53.09 | Y40: =Sarrasin!E43 -> 0 | Z40: =IF(Sarrasin!G43="",'Intermédiaire_Prod-Résultats'!Y40,Sarrasin!G43) -> 0 | AB40: ='Maïs-grain'!E44 -> 86.13 | AC40: =IF('Maïs-grain'!G44="",'Intermédiaire_Prod-Résultats'!AB40,'Maïs-grain'!G44) -> 86.13 | AE40: =Canola!E43 -> 50.3 | AF40: =IF(Canola!G43="",'Intermédiaire_Prod-Résultats'!AE40,Canola!G43) -> 50.3 | AH40: =Soya!E43 -> 75.48 | AI40: =IF(Soya!G43="",'Intermédiaire_Prod-Résultats'!AH40,Soya!G43) -> 75.48 | AK40: =Orge!E43 -> 51.4 | AL40: =IF(Orge!G43="",'Intermédiaire_Prod-Résultats'!AK40,Orge!G43) -> 51.4 | AN40: =Avoine!E43 -> 47.94 | AO40: =IF(Avoine!G43="",'Intermédiaire_Prod-Résultats'!AN40,Avoine!G43) -> 47.94 | AQ40: ='Blé_d''automne'!E43 -> 53.09 | AR40: =IF('Blé_d''automne'!G43="",'Intermédiaire_Prod-Résultats'!AQ40,'Blé_d''automne'!G43) -> 53.09 | AT40: =Blé_printemps!E43 -> 53.09 | AU40: =IF(Blé_printemps!G43="",'Intermédiaire_Prod-Résultats'!AT40,Blé_printemps!G43) -> 53.09 | AW40: =Sarrasin!E43 -> 0 | AX40: =IF(Sarrasin!G43="",'Intermédiaire_Prod-Résultats'!AW40,Sarrasin!G43) -> 0 | AZ40: ='Maïs-grain'!E44 -> 86.13 | BA40: =IF('Maïs-grain'!G44="",'Intermédiaire_Prod-Résultats'!AZ40,'Maïs-grain'!G44) -> 86.13 | BC40: =Canola!E43 -> 50.3 | BD40: =IF(Canola!G43="",'Intermédiaire_Prod-Résultats'!BC40,Canola!G43) -> 50.3 | BF40: =Soya!E43 -> 75.48 | BG40: =IF(Soya!G43="",'Intermédiaire_Prod-Résultats'!BF40,Soya!G43) -> 75.48 | BI40: =Orge!E43 -> 51.4 | BJ40: =IF(Orge!G43="",'Intermédiaire_Prod-Résultats'!BI40,Orge!G43) -> 51.4 | BL40: =Avoine!E43 -> 47.94 | BM40: =IF(Avoine!G43="",'Intermédiaire_Prod-Résultats'!BL40,Avoine!G43) -> 47.94 | BO40: ='Blé_d''automne'!E43 -> 53.09 | BP40: =IF('Blé_d''automne'!G43="",'Intermédiaire_Prod-Résultats'!BO40,'Blé_d''automne'!G43) -> 53.09 | BR40: =Blé_printemps!E43 -> 53.09 | BS40: =IF(Blé_printemps!G43="",'Intermédiaire_Prod-Résultats'!BR40,Blé_printemps!G43) -> 53.09 | BU40: =Sarrasin!E43 -> 0 | BV40: =IF(Sarrasin!G43="",'Intermédiaire_Prod-Résultats'!BU40,Sarrasin!G43) -> 0
A41: Autres frais | D41: ='Maïs-grain'!E45 -> 47.46 | E41: =IF('Maïs-grain'!G45="",'Intermédiaire_Prod-Résultats'!D41,'Maïs-grain'!G45) -> 47.46 | G41: =Canola!E44 -> 30.74 | H41: =IF(Canola!G44="",'Intermédiaire_Prod-Résultats'!G41,Canola!G44) -> 30.74 | J41: =Soya!E44+Saisies!B67 -> 30.53 | K41: =IF(Soya!G44="",'Intermédiaire_Prod-Résultats'!J41,Soya!G44)+Saisies!C67 -> 30.53 | M41: =Orge!E44 -> 30.8 | N41: =IF(Orge!G44="",'Intermédiaire_Prod-Résultats'!M41,Orge!G44) -> 30.8 | P41: =Avoine!E44 -> 23.52 | Q41: =IF(Avoine!G44="",'Intermédiaire_Prod-Résultats'!P41,Avoine!G44) -> 23.52 | S41: ='Blé_d''automne'!E44 -> 36.15 | T41: =IF('Blé_d''automne'!G44="",'Intermédiaire_Prod-Résultats'!S41,'Blé_d''automne'!G44) -> 36.15 | V41: =Blé_printemps!E44 -> 36.15 | W41: =IF(Blé_printemps!G44="",'Intermédiaire_Prod-Résultats'!V41,Blé_printemps!G44) -> 36.15 | Y41: =Sarrasin!E44 -> 65.8 | Z41: =IF(Sarrasin!G44="",'Intermédiaire_Prod-Résultats'!Y41,Sarrasin!G44) -> 65.8 | AB41: ='Maïs-grain'!E45 -> 47.46 | AC41: =IF('Maïs-grain'!G45="",'Intermédiaire_Prod-Résultats'!AB41,'Maïs-grain'!G45) -> 47.46 | AE41: =Canola!E44 -> 30.74 | AF41: =IF(Canola!G44="",'Intermédiaire_Prod-Résultats'!AE41,Canola!G44) -> 30.74 | AH41: =Soya!E44+Saisies!B67 -> 30.53 | AI41: =IF(Soya!G44="",'Intermédiaire_Prod-Résultats'!AH41,Soya!G44)+Saisies!C67 -> 30.53 | AK41: =Orge!E44 -> 30.8 | AL41: =IF(Orge!G44="",'Intermédiaire_Prod-Résultats'!AK41,Orge!G44) -> 30.8 | AN41: =Avoine!E44 -> 23.52 | AO41: =IF(Avoine!G44="",'Intermédiaire_Prod-Résultats'!AN41,Avoine!G44) -> 23.52 | AQ41: ='Blé_d''automne'!E44 -> 36.15 | AR41: =IF('Blé_d''automne'!G44="",'Intermédiaire_Prod-Résultats'!AQ41,'Blé_d''automne'!G44) -> 36.15 | AT41: =Blé_printemps!E44 -> 36.15 | AU41: =IF(Blé_printemps!G44="",'Intermédiaire_Prod-Résultats'!AT41,Blé_printemps!G44) -> 36.15 | AW41: =Sarrasin!E44 -> 65.8 | AX41: =IF(Sarrasin!G44="",'Intermédiaire_Prod-Résultats'!AW41,Sarrasin!G44) -> 65.8 | AZ41: ='Maïs-grain'!E45 -> 47.46 | BA41: =IF('Maïs-grain'!G45="",'Intermédiaire_Prod-Résultats'!AZ41,'Maïs-grain'!G45) -> 47.46 | BC41: =Canola!E44 -> 30.74 | BD41: =IF(Canola!G44="",'Intermédiaire_Prod-Résultats'!BC41,Canola!G44) -> 30.74 | BF41: =Soya!E44+Saisies!B67 -> 30.53 | BG41: =IF(Soya!G44="",'Intermédiaire_Prod-Résultats'!BF41,Soya!G44)+Saisies!C67 -> 30.53 | BI41: =Orge!E44 -> 30.8 | BJ41: =IF(Orge!G44="",'Intermédiaire_Prod-Résultats'!BI41,Orge!G44) -> 30.8 | BL41: =Avoine!E44 -> 23.52 | BM41: =IF(Avoine!G44="",'Intermédiaire_Prod-Résultats'!BL41,Avoine!G44) -> 23.52 | BO41: ='Blé_d''automne'!E44 -> 36.15 | BP41: =IF('Blé_d''automne'!G44="",'Intermédiaire_Prod-Résultats'!BO41,'Blé_d''automne'!G44) -> 36.15 | BR41: =Blé_printemps!E44 -> 36.15 | BS41: =IF(Blé_printemps!G44="",'Intermédiaire_Prod-Résultats'!BR41,Blé_printemps!G44) -> 36.15 | BU41: =Sarrasin!E44 -> 65.8 | BV41: =IF(Sarrasin!G44="",'Intermédiaire_Prod-Résultats'!BU41,Sarrasin!G44) -> 65.8
B42: Sous-total | D42: =SUM(D37:D41) -> 247.61 | E42: =SUM(E37:E41) -> 247.61 | G42: =SUM(G37:G41) -> 118.3 | H42: =SUM(H37:H41) -> 118.3 | J42: =SUM(J37:J41) -> 182.34 | K42: =SUM(K37:K41) -> 182.34 | M42: =SUM(M37:M41) -> 133.65 | N42: =SUM(N37:N41) -> 133.65 | P42: =SUM(P37:P41) -> 111.75 | Q42: =SUM(Q37:Q41) -> 111.75 | S42: =SUM(S37:S41) -> 140.21 | T42: =SUM(T37:T41) -> 140.21 | V42: =SUM(V37:V41) -> 140.21 | W42: =SUM(W37:W41) -> 140.21 | Y42: =SUM(Y37:Y41) -> 76.35 | Z42: =SUM(Z37:Z41) -> 76.35 | AB42: =SUM(AB37:AB41) -> 247.61 | AC42: =SUM(AC37:AC41) -> 247.61 | AE42: =SUM(AE37:AE41) -> 118.3 | AF42: =SUM(AF37:AF41) -> 118.3 | AH42: =SUM(AH37:AH41) -> 182.34 | AI42: =SUM(AI37:AI41) -> 182.34 | AK42: =SUM(AK37:AK41) -> 133.65 | AL42: =SUM(AL37:AL41) -> 133.65 | AN42: =SUM(AN37:AN41) -> 111.75 | AO42: =SUM(AO37:AO41) -> 111.75 | AQ42: =SUM(AQ37:AQ41) -> 140.21 | AR42: =SUM(AR37:AR41) -> 140.21 | AT42: =SUM(AT37:AT41) -> 140.21 | AU42: =SUM(AU37:AU41) -> 140.21 | AW42: =SUM(AW37:AW41) -> 76.35 | AX42: =SUM(AX37:AX41) -> 76.35 | AZ42: =SUM(AZ37:AZ41) -> 247.61 | BA42: =SUM(BA37:BA41) -> 247.61 | BC42: =SUM(BC37:BC41) -> 118.3 | BD42: =SUM(BD37:BD41) -> 118.3 | BF42: =SUM(BF37:BF41) -> 182.34 | BG42: =SUM(BG37:BG41) -> 182.34 | BI42: =SUM(BI37:BI41) -> 133.65 | BJ42: =SUM(BJ37:BJ41) -> 133.65 | BL42: =SUM(BL37:BL41) -> 111.75 | BM42: =SUM(BM37:BM41) -> 111.75 | BO42: =SUM(BO37:BO41) -> 140.21 | BP42: =SUM(BP37:BP41) -> 140.21 | BR42: =SUM(BR37:BR41) -> 140.21 | BS42: =SUM(BS37:BS41) -> 140.21 | BU42: =SUM(BU37:BU41) -> 76.35 | BV42: =SUM(BV37:BV41) -> 76.35
A44: MARGE BÉNÉFICIAIRE APRÈS FRAIS MONÉTAIRES (MARGE MONÉTAIRE) | D44: =D34-D42 -> 697.2995 | E44: =E34-E42 -> 697.2995 | G44: =G34-G42 -> 609.3681 | H44: =H34-H42 -> 609.3681 | J44: =J34-J42 -> 593.8237 | K44: =K34-K42 -> 593.8237 | M44: =M34-M42 -> 276.6092 | N44: =N34-N42 -> 276.6092 | P44: =P34-P42 -> 147.1457 | Q44: =Q34-Q42 -> 147.1457 | S44: =S34-S42 -> 731.0237 | T44: =T34-T42 -> 731.0237 | V44: =V34-V42 -> 399.6078 | W44: =W34-W42 -> 399.6078 | Y44: =Y34-Y42 -> 373.3594 | Z44: =Z34-Z42 -> 373.3594 | AB44: =AB34-AB42 -> 821.76924 | AC44: =AC34-AC42 -> 821.76924 | AE44: =AE34-AE42 -> 609.3681 | AF44: =AF34-AF42 -> 609.3681 | AH44: =AH34-AH42 -> 620.5737 | AI44: =AI34-AI42 -> 620.5737 | AK44: =AK34-AK42 -> 321.40697 | AL44: =AL34-AL42 -> 321.40697 | AN44: =AN34-AN42 -> 183.98734 | AO44: =AO34-AO42 -> 183.98734 | AQ44: =AQ34-AQ42 -> 807.13435 | AR44: =AR34-AR42 -> 807.13435 | AT44: =AT34-AT42 -> 459.45341 | AU44: =AU34-AU42 -> 459.45341 | AW44: =AW34-AW42 -> 373.3594 | AX44: =AX34-AX42 -> 373.3594 | AZ44: =AZ34-AZ42 -> 946.23898 | BA44: =BA34-BA42 -> 946.23898 | BC44: =BC34-BC42 -> 609.3681 | BD44: =BD34-BD42 -> 609.3681 | BF44: =BF34-BF42 -> 647.3237 | BG44: =BG34-BG42 -> 647.3237 | BI44: =BI34-BI42 -> 366.20475 | BJ44: =BJ34-BJ42 -> 366.20475 | BL44: =BL34-BL42 -> 220.82898 | BM44: =BM34-BM42 -> 220.82898 | BO44: =BO34-BO42 -> 883.245 | BP44: =BP34-BP42 -> 883.245 | BR44: =BR34-BR42 -> 519.29902 | BS44: =BS34-BS42 -> 519.29902 | BU44: =BU34-BU42 -> 373.3594 | BV44: =BV34-BV42 -> 373.3594
A46: Amortissements | D46: ='Maïs-grain'!E51 -> 257.36 | E46: =IF('Maïs-grain'!G51="",'Intermédiaire_Prod-Résultats'!D46,'Maïs-grain'!G51) -> 257.36 | G46: =Canola!E50 -> 134.34 | H46: =IF(Canola!G50="",'Intermédiaire_Prod-Résultats'!G46,Canola!G50) -> 134.34 | J46: =Soya!E50 -> 176.77 | K46: =IF(Soya!G50="",'Intermédiaire_Prod-Résultats'!J46,Soya!G50) -> 176.77 | M46: =Orge!E50 -> 161.34 | N46: =IF(Orge!G50="",'Intermédiaire_Prod-Résultats'!M46,Orge!G50) -> 161.34 | P46: =Avoine!E50 -> 123.39 | Q46: =IF(Avoine!G50="",'Intermédiaire_Prod-Résultats'!P46,Avoine!G50) -> 123.39 | S46: ='Blé_d''automne'!E50 -> 162.49 | T46: =IF('Blé_d''automne'!G50="",'Intermédiaire_Prod-Résultats'!S46,'Blé_d''automne'!G50) -> 162.49 | V46: =Blé_printemps!E50 -> 162.49 | W46: =IF(Blé_printemps!G50="",'Intermédiaire_Prod-Résultats'!V46,Blé_printemps!G50) -> 162.49 | Y46: =Sarrasin!E50 -> 148.03 | Z46: =IF(Sarrasin!G50="",'Intermédiaire_Prod-Résultats'!Y46,Sarrasin!G50) -> 148.03 | AB46: ='Maïs-grain'!E51 -> 257.36 | AC46: =IF('Maïs-grain'!G51="",'Intermédiaire_Prod-Résultats'!AB46,'Maïs-grain'!G51) -> 257.36 | AE46: =Canola!E50 -> 134.34 | AF46: =IF(Canola!G50="",'Intermédiaire_Prod-Résultats'!AE46,Canola!G50) -> 134.34 | AH46: =Soya!E50 -> 176.77 | AI46: =IF(Soya!G50="",'Intermédiaire_Prod-Résultats'!AH46,Soya!G50) -> 176.77 | AK46: =Orge!E50 -> 161.34 | AL46: =IF(Orge!G50="",'Intermédiaire_Prod-Résultats'!AK46,Orge!G50) -> 161.34 | AN46: =Avoine!E50 -> 123.39 | AO46: =IF(Avoine!G50="",'Intermédiaire_Prod-Résultats'!AN46,Avoine!G50) -> 123.39 | AQ46: ='Blé_d''automne'!E50 -> 162.49 | AR46: =IF('Blé_d''automne'!G50="",'Intermédiaire_Prod-Résultats'!AQ46,'Blé_d''automne'!G50) -> 162.49 | AT46: =Blé_printemps!E50 -> 162.49 | AU46: =IF(Blé_printemps!G50="",'Intermédiaire_Prod-Résultats'!AT46,Blé_printemps!G50) -> 162.49 | AW46: =Sarrasin!E50 -> 148.03 | AX46: =IF(Sarrasin!G50="",'Intermédiaire_Prod-Résultats'!AW46,Sarrasin!G50) -> 148.03 | AZ46: ='Maïs-grain'!E51 -> 257.36 | BA46: =IF('Maïs-grain'!G51="",'Intermédiaire_Prod-Résultats'!AZ46,'Maïs-grain'!G51) -> 257.36 | BC46: =Canola!E50 -> 134.34 | BD46: =IF(Canola!G50="",'Intermédiaire_Prod-Résultats'!BC46,Canola!G50) -> 134.34 | BF46: =Soya!E50 -> 176.77 | BG46: =IF(Soya!G50="",'Intermédiaire_Prod-Résultats'!BF46,Soya!G50) -> 176.77 | BI46: =Orge!E50 -> 161.34 | BJ46: =IF(Orge!G50="",'Intermédiaire_Prod-Résultats'!BI46,Orge!G50) -> 161.34 | BL46: =Avoine!E50 -> 123.39 | BM46: =IF(Avoine!G50="",'Intermédiaire_Prod-Résultats'!BL46,Avoine!G50) -> 123.39 | BO46: ='Blé_d''automne'!E50 -> 162.49 | BP46: =IF('Blé_d''automne'!G50="",'Intermédiaire_Prod-Résultats'!BO46,'Blé_d''automne'!G50) -> 162.49 | BR46: =Blé_printemps!E50 -> 162.49 | BS46: =IF(Blé_printemps!G50="",'Intermédiaire_Prod-Résultats'!BR46,Blé_printemps!G50) -> 162.49 | BU46: =Sarrasin!E50 -> 148.03 | BV46: =IF(Sarrasin!G50="",'Intermédiaire_Prod-Résultats'!BU46,Sarrasin!G50) -> 148.03
A47: Rénumération du travail de l'exploitant | D47: ='Maïs-grain'!E52 -> 171.29 | E47: =IF('Maïs-grain'!G52="",'Intermédiaire_Prod-Résultats'!D47,'Maïs-grain'!G52) -> 171.29 | G47: =Canola!E51 -> 133.45 | H47: =IF(Canola!G51="",'Intermédiaire_Prod-Résultats'!G47,Canola!G51) -> 133.45 | J47: =Soya!E51 -> 165.51 | K47: =IF(Soya!G51="",'Intermédiaire_Prod-Résultats'!J47,Soya!G51) -> 165.51 | M47: =Orge!E51 -> 157.68 | N47: =IF(Orge!G51="",'Intermédiaire_Prod-Résultats'!M47,Orge!G51) -> 157.68 | P47: =Avoine!E51 -> 103.92 | Q47: =IF(Avoine!G51="",'Intermédiaire_Prod-Résultats'!P47,Avoine!G51) -> 103.92 | S47: ='Blé_d''automne'!E51 -> 152.99 | T47: =IF('Blé_d''automne'!G51="",'Intermédiaire_Prod-Résultats'!S47,'Blé_d''automne'!G51) -> 152.99 | V47: =Blé_printemps!E51 -> 152.99 | W47: =IF(Blé_printemps!G51="",'Intermédiaire_Prod-Résultats'!V47,Blé_printemps!G51) -> 152.99 | Y47: =Sarrasin!E51 -> 160.92 | Z47: =IF(Sarrasin!G51="",'Intermédiaire_Prod-Résultats'!Y47,Sarrasin!G51) -> 160.92 | AB47: ='Maïs-grain'!E52 -> 171.29 | AC47: =IF('Maïs-grain'!G52="",'Intermédiaire_Prod-Résultats'!AB47,'Maïs-grain'!G52) -> 171.29 | AE47: =Canola!E51 -> 133.45 | AF47: =IF(Canola!G51="",'Intermédiaire_Prod-Résultats'!AE47,Canola!G51) -> 133.45 | AH47: =Soya!E51 -> 165.51 | AI47: =IF(Soya!G51="",'Intermédiaire_Prod-Résultats'!AH47,Soya!G51) -> 165.51 | AK47: =Orge!E51 -> 157.68 | AL47: =IF(Orge!G51="",'Intermédiaire_Prod-Résultats'!AK47,Orge!G51) -> 157.68 | AN47: =Avoine!E51 -> 103.92 | AO47: =IF(Avoine!G51="",'Intermédiaire_Prod-Résultats'!AN47,Avoine!G51) -> 103.92 | AQ47: ='Blé_d''automne'!E51 -> 152.99 | AR47: =IF('Blé_d''automne'!G51="",'Intermédiaire_Prod-Résultats'!AQ47,'Blé_d''automne'!G51) -> 152.99 | AT47: =Blé_printemps!E51 -> 152.99 | AU47: =IF(Blé_printemps!G51="",'Intermédiaire_Prod-Résultats'!AT47,Blé_printemps!G51) -> 152.99 | AW47: =Sarrasin!E51 -> 160.92 | AX47: =IF(Sarrasin!G51="",'Intermédiaire_Prod-Résultats'!AW47,Sarrasin!G51) -> 160.92 | AZ47: ='Maïs-grain'!E52 -> 171.29 | BA47: =IF('Maïs-grain'!G52="",'Intermédiaire_Prod-Résultats'!AZ47,'Maïs-grain'!G52) -> 171.29 | BC47: =Canola!E51 -> 133.45 | BD47: =IF(Canola!G51="",'Intermédiaire_Prod-Résultats'!BC47,Canola!G51) -> 133.45 | BF47: =Soya!E51 -> 165.51 | BG47: =IF(Soya!G51="",'Intermédiaire_Prod-Résultats'!BF47,Soya!G51) -> 165.51 | BI47: =Orge!E51 -> 157.68 | BJ47: =IF(Orge!G51="",'Intermédiaire_Prod-Résultats'!BI47,Orge!G51) -> 157.68 | BL47: =Avoine!E51 -> 103.92 | BM47: =IF(Avoine!G51="",'Intermédiaire_Prod-Résultats'!BL47,Avoine!G51) -> 103.92 | BO47: ='Blé_d''automne'!E51 -> 152.99 | BP47: =IF('Blé_d''automne'!G51="",'Intermédiaire_Prod-Résultats'!BO47,'Blé_d''automne'!G51) -> 152.99 | BR47: =Blé_printemps!E51 -> 152.99 | BS47: =IF(Blé_printemps!G51="",'Intermédiaire_Prod-Résultats'!BR47,Blé_printemps!G51) -> 152.99 | BU47: =Sarrasin!E51 -> 160.92 | BV47: =IF(Sarrasin!G51="",'Intermédiaire_Prod-Résultats'!BU47,Sarrasin!G51) -> 160.92
A48: Rénumération de l'avoir du propriétaire | D48: ='Maïs-grain'!E53 -> 149.86 | E48: =IF('Maïs-grain'!G53="",'Intermédiaire_Prod-Résultats'!D48,'Maïs-grain'!G53) -> 149.86 | G48: =Canola!E52 -> 17.05 | H48: =IF(Canola!G52="",'Intermédiaire_Prod-Résultats'!G48,Canola!G52) -> 17.05 | J48: =Soya!E52 -> 114.21 | K48: =IF(Soya!G52="",'Intermédiaire_Prod-Résultats'!J48,Soya!G52) -> 114.21 | M48: =Orge!E52 -> 24.42 | N48: =IF(Orge!G52="",'Intermédiaire_Prod-Résultats'!M48,Orge!G52) -> 24.42 | P48: =Avoine!E52 -> 14.03 | Q48: =IF(Avoine!G52="",'Intermédiaire_Prod-Résultats'!P48,Avoine!G52) -> 14.03 | S48: ='Blé_d''automne'!E52 -> 23.21 | T48: =IF('Blé_d''automne'!G52="",'Intermédiaire_Prod-Résultats'!S48,'Blé_d''automne'!G52) -> 23.21 | V48: =Blé_printemps!E52 -> 23.21 | W48: =IF(Blé_printemps!G52="",'Intermédiaire_Prod-Résultats'!V48,Blé_printemps!G52) -> 23.21 | Y48: =Sarrasin!E52 -> 27.22 | Z48: =IF(Sarrasin!G52="",'Intermédiaire_Prod-Résultats'!Y48,Sarrasin!G52) -> 27.22 | AB48: ='Maïs-grain'!E53 -> 149.86 | AC48: =IF('Maïs-grain'!G53="",'Intermédiaire_Prod-Résultats'!AB48,'Maïs-grain'!G53) -> 149.86 | AE48: =Canola!E52 -> 17.05 | AF48: =IF(Canola!G52="",'Intermédiaire_Prod-Résultats'!AE48,Canola!G52) -> 17.05 | AH48: =Soya!E52 -> 114.21 | AI48: =IF(Soya!G52="",'Intermédiaire_Prod-Résultats'!AH48,Soya!G52) -> 114.21 | AK48: =Orge!E52 -> 24.42 | AL48: =IF(Orge!G52="",'Intermédiaire_Prod-Résultats'!AK48,Orge!G52) -> 24.42 | AN48: =Avoine!E52 -> 14.03 | AO48: =IF(Avoine!G52="",'Intermédiaire_Prod-Résultats'!AN48,Avoine!G52) -> 14.03 | AQ48: ='Blé_d''automne'!E52 -> 23.21 | AR48: =IF('Blé_d''automne'!G52="",'Intermédiaire_Prod-Résultats'!AQ48,'Blé_d''automne'!G52) -> 23.21 | AT48: =Blé_printemps!E52 -> 23.21 | AU48: =IF(Blé_printemps!G52="",'Intermédiaire_Prod-Résultats'!AT48,Blé_printemps!G52) -> 23.21 | AW48: =Sarrasin!E52 -> 27.22 | AX48: =IF(Sarrasin!G52="",'Intermédiaire_Prod-Résultats'!AW48,Sarrasin!G52) -> 27.22 | AZ48: ='Maïs-grain'!E53 -> 149.86 | BA48: =IF('Maïs-grain'!G53="",'Intermédiaire_Prod-Résultats'!AZ48,'Maïs-grain'!G53) -> 149.86 | BC48: =Canola!E52 -> 17.05 | BD48: =IF(Canola!G52="",'Intermédiaire_Prod-Résultats'!BC48,Canola!G52) -> 17.05 | BF48: =Soya!E52 -> 114.21 | BG48: =IF(Soya!G52="",'Intermédiaire_Prod-Résultats'!BF48,Soya!G52) -> 114.21 | BI48: =Orge!E52 -> 24.42 | BJ48: =IF(Orge!G52="",'Intermédiaire_Prod-Résultats'!BI48,Orge!G52) -> 24.42 | BL48: =Avoine!E52 -> 14.03 | BM48: =IF(Avoine!G52="",'Intermédiaire_Prod-Résultats'!BL48,Avoine!G52) -> 14.03 | BO48: ='Blé_d''automne'!E52 -> 23.21 | BP48: =IF('Blé_d''automne'!G52="",'Intermédiaire_Prod-Résultats'!BO48,'Blé_d''automne'!G52) -> 23.21 | BR48: =Blé_printemps!E52 -> 23.21 | BS48: =IF(Blé_printemps!G52="",'Intermédiaire_Prod-Résultats'!BR48,Blé_printemps!G52) -> 23.21 | BU48: =Sarrasin!E52 -> 27.22 | BV48: =IF(Sarrasin!G52="",'Intermédiaire_Prod-Résultats'!BU48,Sarrasin!G52) -> 27.22
B49: Sous-total | D49: =SUM(D46:D48) -> 578.51 | E49: =SUM(E46:E48) -> 578.51 | G49: =SUM(G46:G48) -> 284.84 | H49: =SUM(H46:H48) -> 284.84 | J49: =SUM(J46:J48) -> 456.49 | K49: =SUM(K46:K48) -> 456.49 | M49: =SUM(M46:M48) -> 343.44 | N49: =SUM(N46:N48) -> 343.44 | P49: =SUM(P46:P48) -> 241.34 | Q49: =SUM(Q46:Q48) -> 241.34 | S49: =SUM(S46:S48) -> 338.69 | T49: =SUM(T46:T48) -> 338.69 | V49: =SUM(V46:V48) -> 338.69 | W49: =SUM(W46:W48) -> 338.69 | Y49: =SUM(Y46:Y48) -> 336.17 | Z49: =SUM(Z46:Z48) -> 336.17 | AB49: =SUM(AB46:AB48) -> 578.51 | AC49: =SUM(AC46:AC48) -> 578.51 | AE49: =SUM(AE46:AE48) -> 284.84 | AF49: =SUM(AF46:AF48) -> 284.84 | AH49: =SUM(AH46:AH48) -> 456.49 | AI49: =SUM(AI46:AI48) -> 456.49 | AK49: =SUM(AK46:AK48) -> 343.44 | AL49: =SUM(AL46:AL48) -> 343.44 | AN49: =SUM(AN46:AN48) -> 241.34 | AO49: =SUM(AO46:AO48) -> 241.34 | AQ49: =SUM(AQ46:AQ48) -> 338.69 | AR49: =SUM(AR46:AR48) -> 338.69 | AT49: =SUM(AT46:AT48) -> 338.69 | AU49: =SUM(AU46:AU48) -> 338.69 | AW49: =SUM(AW46:AW48) -> 336.17 | AX49: =SUM(AX46:AX48) -> 336.17 | AZ49: =SUM(AZ46:AZ48) -> 578.51 | BA49: =SUM(BA46:BA48) -> 578.51 | BC49: =SUM(BC46:BC48) -> 284.84 | BD49: =SUM(BD46:BD48) -> 284.84 | BF49: =SUM(BF46:BF48) -> 456.49 | BG49: =SUM(BG46:BG48) -> 456.49 | BI49: =SUM(BI46:BI48) -> 343.44 | BJ49: =SUM(BJ46:BJ48) -> 343.44 | BL49: =SUM(BL46:BL48) -> 241.34 | BM49: =SUM(BM46:BM48) -> 241.34 | BO49: =SUM(BO46:BO48) -> 338.69 | BP49: =SUM(BP46:BP48) -> 338.69 | BR49: =SUM(BR46:BR48) -> 338.69 | BS49: =SUM(BS46:BS48) -> 338.69 | BU49: =SUM(BU46:BU48) -> 336.17 | BV49: =SUM(BV46:BV48) -> 336.17
A51: MARGE BÉNÉFICIAIRE APRÈS LES AMORTISSEMENTS ET LES RÉNUMÉRATIONS DU TRAVAIL ET DE L'AVOIR (MARGE NETTE) | D51: =D44-D49 -> 118.7895 | E51: =E44-E49 -> 118.7895 | G51: =G44-G49 -> 324.5281 | H51: =H44-H49 -> 324.5281 | J51: =J44-J49 -> 137.3337 | K51: =K44-K49 -> 137.3337 | M51: =M44-M49 -> -66.8308 | N51: =N44-N49 -> -66.8308 | P51: =P44-P49 -> -94.1943 | Q51: =Q44-Q49 -> -94.1943 | S51: =S44-S49 -> 392.3337 | T51: =T44-T49 -> 392.3337 | V51: =V44-V49 -> 60.9178 | W51: =W44-W49 -> 60.9178 | Y51: =Y44-Y49 -> 37.1894 | Z51: =Z44-Z49 -> 37.1894 | AB51: =AB44-AB49 -> 243.25924 | AC51: =AC44-AC49 -> 243.25924 | AE51: =AE44-AE49 -> 324.5281 | AF51: =AF44-AF49 -> 324.5281 | AH51: =AH44-AH49 -> 164.0837 | AI51: =AI44-AI49 -> 164.0837 | AK51: =AK44-AK49 -> -22.033025 | AL51: =AL44-AL49 -> -22.033025 | AN51: =AN44-AN49 -> -57.35266 | AO51: =AO44-AO49 -> -57.35266 | AQ51: =AQ44-AQ49 -> 468.44435 | AR51: =AR44-AR49 -> 468.44435 | AT51: =AT44-AT49 -> 120.76341 | AU51: =AU44-AU49 -> 120.76341 | AW51: =AW44-AW49 -> 37.1894 | AX51: =AX44-AX49 -> 37.1894 | AZ51: =AZ44-AZ49 -> 367.72898 | BA51: =BA44-BA49 -> 367.72898 | BC51: =BC44-BC49 -> 324.5281 | BD51: =BD44-BD49 -> 324.5281 | BF51: =BF44-BF49 -> 190.8337 | BG51: =BG44-BG49 -> 190.8337 | BI51: =BI44-BI49 -> 22.76475 | BJ51: =BJ44-BJ49 -> 22.76475 | BL51: =BL44-BL49 -> -20.51102 | BM51: =BM44-BM49 -> -20.51102 | BO51: =BO44-BO49 -> 544.555 | BP51: =BP44-BP49 -> 544.555 | BR51: =BR44-BR49 -> 180.60902 | BS51: =BS44-BS49 -> 180.60902 | BU51: =BU44-BU49 -> 37.1894 | BV51: =BV44-BV49 -> 37.1894

Sheet Résultats détaillés
A1: RÉSULTATS DU MODÈLE | P1: Résultats de votre ferme
A2: Marge bénéficiaire après coûts variables (marge variable) | P2: Marge bénéficiaire après coûts variables (marge variable)
B3: CYCLE 1 | F3: CYCLE 2 | J3: CYCLE 3 | Q3: CYCLE 1 | U3: CYCLE 2 | Y3: CYCLE 3
A4: ROTATIONS | B4: An 1 | C4: An 2 | D4: An 3 | E4: An 4 | F4: An 5 | G4: An 6 | H4: An 7 | I4: An 8 | J4: An 9 | K4: An 10 | L4: An 11 | M4: An 12 | N4: Moyenne annuelle | P4: ROTATIONS | Q4: An 1 | R4: An 2 | S4: An 3 | T4: An 4 | U4: An 5 | V4: An 6 | W4: An 7 | X4: An 8 | Y4: An 9 | Z4: An 10 | AA4: An 11 | AB4: An 12 | AC4: Moyenne annuelle
A5: MG - SOYA - BLÉ DE PRINTEMPS PANIFIABLE | B5: ='Intermédiaire_Prod-Résultats'!D34 -> 944.9095 | C5: ='Intermédiaire_Prod-Résultats'!J34 -> 776.1637 | D5: ='Intermédiaire_Prod-Résultats'!V34 -> 539.8178 | E5: ='Intermédiaire_Prod-Résultats'!AB34 -> 1069.3792 | F5: ='Intermédiaire_Prod-Résultats'!AH34 -> 802.9137 | G5: ='Intermédiaire_Prod-Résultats'!AT34 -> 599.66341 | H5: ='Intermédiaire_Prod-Résultats'!AZ34 -> 1193.849 | I5: ='Intermédiaire_Prod-Résultats'!BF34 -> 829.6637 | J5: ='Intermédiaire_Prod-Résultats'!BR34 -> 659.50902 | K5: - | L5: - | M5: - | N5: =AVERAGE(B5:M5) -> 823.98545 | P5: =A5 -> MG - SOYA - BLÉ DE PRINTEMPS PANIFIABLE | Q5: ='Intermédiaire_Prod-Résultats'!E34 -> 944.9095 | R5: ='Intermédiaire_Prod-Résultats'!K34 -> 776.1637 | S5: ='Intermédiaire_Prod-Résultats'!W34 -> 539.8178 | T5: ='Intermédiaire_Prod-Résultats'!AC34 -> 1069.3792 | U5: ='Intermédiaire_Prod-Résultats'!AI34 -> 802.9137 | V5: ='Intermédiaire_Prod-Résultats'!AU34 -> 599.66341 | W5: ='Intermédiaire_Prod-Résultats'!BA34 -> 1193.849 | X5: ='Intermédiaire_Prod-Résultats'!BG34 -> 829.6637 | Y5: ='Intermédiaire_Prod-Résultats'!BS34 -> 659.50902 | Z5: - | AA5: - | AB5: - | AC5: =AVERAGE(Q5:AB5) -> 823.98545
A6: MG - SOYA - BLÉ D'AUTOMNE PANIFIABLE | B6: ='Intermédiaire_Prod-Résultats'!D34 -> 944.9095 | C6: ='Intermédiaire_Prod-Résultats'!J34 -> 776.1637 | D6: ='Intermédiaire_Prod-Résultats'!S34 -> 871.2337 | E6: ='Intermédiaire_Prod-Résultats'!AB34 -> 1069.3792 | F6: ='Intermédiaire_Prod-Résultats'!AH34 -> 802.9137 | G6: ='Intermédiaire_Prod-Résultats'!AQ34 -> 947.34435 | H6: ='Intermédiaire_Prod-Résultats'!AZ34 -> 1193.849 | I6: ='Intermédiaire_Prod-Résultats'!BF34 -> 829.6637 | J6: ='Intermédiaire_Prod-Résultats'!BO34 -> 1023.455 | K6: - | L6: - | M6: - | N6: =AVERAGE(B6:M6) -> 939.8791 | P6: =A6 -> MG - SOYA - BLÉ D'AUTOMNE PANIFIABLE | Q6: ='Intermédiaire_Prod-Résultats'!E34 -> 944.9095 | R6: ='Intermédiaire_Prod-Résultats'!K34 -> 776.1637 | S6: ='Intermédiaire_Prod-Résultats'!T34 -> 871.2337 | T6: ='Intermédiaire_Prod-Résultats'!AC34 -> 1069.3792 | U6: ='Intermédiaire_Prod-Résultats'!AI34 -> 802.9137 | V6: ='Intermédiaire_Prod-Résultats'!AR34 -> 947.34435 | W6: ='Intermédiaire_Prod-Résultats'!BA34 -> 1193.849 | X6: ='Intermédiaire_Prod-Résultats'!BG34 -> 829.6637 | Y6: ='Intermédiaire_Prod-Résultats'!BP34 -> 1023.455 | Z6: - | AA6: - | AB6: - | AC6: =AVERAGE(Q6:AB6) -> 939.8791
A7: SOYA - BLÉ D'AUTOMNE PANIFIABLE - CANOLA - BLÉ D'AUTOMNE PANIFIABLE | B7: ='Intermédiaire_Prod-Résultats'!J34 -> 776.1637 | C7: ='Intermédiaire_Prod-Résultats'!S34 -> 871.2337 | D7: ='Intermédiaire_Prod-Résultats'!G34 -> 727.6681 | E7: ='Intermédiaire_Prod-Résultats'!S34 -> 871.2337 | F7: ='Intermédiaire_Prod-Résultats'!AH34 -> 802.9137 | G7: ='Intermédiaire_Prod-Résultats'!AQ34 -> 947.34435 | H7: ='Intermédiaire_Prod-Résultats'!AE34 -> 727.6681 | I7: ='Intermédiaire_Prod-Résultats'!AQ34 -> 947.34435 | J7: ='Intermédiaire_Prod-Résultats'!BF34 -> 829.6637 | K7: ='Intermédiaire_Prod-Résultats'!BO34 -> 1023.455 | L7: ='Intermédiaire_Prod-Résultats'!BC34 -> 727.6681 | M7: ='Intermédiaire_Prod-Résultats'!BO34 -> 1023.455 | N7: =AVERAGE(B7:M7) -> 856.31763 | P7: =A7 -> SOYA - BLÉ D'AUTOMNE PANIFIABLE - CANOLA - BLÉ D'AUTOMNE PANIFIABLE | Q7: ='Intermédiaire_Prod-Résultats'!K34 -> 776.1637 | R7: ='Intermédiaire_Prod-Résultats'!T34 -> 871.2337 | S7: ='Intermédiaire_Prod-Résultats'!H34 -> 727.6681 | T7: ='Intermédiaire_Prod-Résultats'!T34 -> 871.2337 | U7: ='Intermédiaire_Prod-Résultats'!AI34 -> 802.9137 | V7: ='Intermédiaire_Prod-Résultats'!AR34 -> 947.34435 | W7: ='Intermédiaire_Prod-Résultats'!AF34 -> 727.6681 | X7: ='Intermédiaire_Prod-Résultats'!AR34 -> 947.34435 | Y7: ='Intermédiaire_Prod-Résultats'!BG34 -> 829.6637 | Z7: ='Intermédiaire_Prod-Résultats'!BP34 -> 1023.455 | AA7: ='Intermédiaire_Prod-Résultats'!BD34 -> 727.6681 | AB7: ='Intermédiaire_Prod-Résultats'!BP34 -> 1023.455 | AC7: =AVERAGE(Q7:AB7) -> 856.31763
A8: SOYA - BLÉ DE PRINTEMPS PANIFIABLE - CANOLA - BLÉ DE PRINTEMPS PANIFIABLE | B8: ='Intermédiaire_Prod-Résultats'!J34 -> 776.1637 | C8: ='Intermédiaire_Prod-Résultats'!V34 -> 539.8178 | D8: ='Intermédiaire_Prod-Résultats'!G34 -> 727.6681 | E8: ='Intermédiaire_Prod-Résultats'!V34 -> 539.8178 | F8: ='Intermédiaire_Prod-Résultats'!AH34 -> 802.9137 | G8: ='Intermédiaire_Prod-Résultats'!AT34 -> 599.66341 | H8: ='Intermédiaire_Prod-Résultats'!AE34 -> 727.6681 | I8: ='Intermédiaire_Prod-Résultats'!AT34 -> 599.66341 | J8: ='Intermédiaire_Prod-Résultats'!BF34 -> 829.6637 | K8: ='Intermédiaire_Prod-Résultats'!BR34 -> 659.50902 | L8: ='Intermédiaire_Prod-Résultats'!BC34 -> 727.6681 | M8: ='Intermédiaire_Prod-Résultats'!BR34 -> 659.50902 | N8: =AVERAGE(B8:M8) -> 682.47715 | P8: =A8 -> SOYA - BLÉ DE PRINTEMPS PANIFIABLE - CANOLA - BLÉ DE PRINTEMPS PANIFIABLE | Q8: ='Intermédiaire_Prod-Résultats'!K34 -> 776.1637 | R8: ='Intermédiaire_Prod-Résultats'!W34 -> 539.8178 | S8: ='Intermédiaire_Prod-Résultats'!BD34 -> 727.6681 | T8: ='Intermédiaire_Prod-Résultats'!W34 -> 539.8178 | U8: ='Intermédiaire_Prod-Résultats'!AI34 -> 802.9137 | V8: ='Intermédiaire_Prod-Résultats'!AU34 -> 599.66341 | W8: ='Intermédiaire_Prod-Résultats'!BD34 -> 727.6681 | X8: ='Intermédiaire_Prod-Résultats'!AU34 -> 599.66341 | Y8: ='Intermédiaire_Prod-Résultats'!BG34 -> 829.6637 | Z8: ='Intermédiaire_Prod-Résultats'!BS34 -> 659.50902 | AA8: ='Intermédiaire_Prod-Résultats'!BD34 -> 727.6681 | AB8: ='Intermédiaire_Prod-Résultats'!BS34 -> 659.50902 | AC8: =AVERAGE(Q8:AB8) -> 682.47715
A9: SOYA - AVOINE - CANOLA - AVOINE | B9: ='Intermédiaire_Prod-Résultats'!J34 -> 776.1637 | C9: ='Intermédiaire_Prod-Résultats'!P34 -> 258.8957 | D9: ='Intermédiaire_Prod-Résultats'!G34 -> 727.6681 | E9: ='Intermédiaire_Prod-Résultats'!P34 -> 258.8957 | F9: ='Intermédiaire_Prod-Résultats'!AH34 -> 802.9137 | G9: ='Intermédiaire_Prod-Résultats'!AN34 -> 295.73734 | H9: ='Intermédiaire_Prod-Résultats'!AE34 -> 727.6681 | I9: ='Intermédiaire_Prod-Résultats'!AN34 -> 295.73734 | J9: ='Intermédiaire_Prod-Résultats'!BF34 -> 829.6637 | K9: ='Intermédiaire_Prod-Résultats'!BL34 -> 332.57898 | L9: ='Intermédiaire_Prod-Résultats'!BC34 -> 727.6681 | M9: ='Intermédiaire_Prod-Résultats'!BL34 -> 332.57898 | N9: =AVERAGE(B9:M9) -> 530.51412 | P9: =A9 -> SOYA - AVOINE - CANOLA - AVOINE | Q9: ='Intermédiaire_Prod-Résultats'!K34 -> 776.1637 | R9: ='Intermédiaire_Prod-Résultats'!Q34 -> 258.8957 | S9: ='Intermédiaire_Prod-Résultats'!H34 -> 727.6681 | T9: ='Intermédiaire_Prod-Résultats'!Q34 -> 258.8957 | U9: ='Intermédiaire_Prod-Résultats'!AI34 -> 802.9137 | V9: ='Intermédiaire_Prod-Résultats'!AO34 -> 295.73734 | W9: ='Intermédiaire_Prod-Résultats'!AF34 -> 727.6681 | X9: ='Intermédiaire_Prod-Résultats'!AO34 -> 295.73734 | Y9: ='Intermédiaire_Prod-Résultats'!BG34 -> 829.6637 | Z9: ='Intermédiaire_Prod-Résultats'!BM34 -> 332.57898 | AA9: ='Intermédiaire_Prod-Résultats'!BD34 -> 727.6681 | AB9: ='Intermédiaire_Prod-Résultats'!BM34 -> 332.57898 | AC9: =AVERAGE(Q9:AB9) -> 530.51412
A10: SOYA - ORGE - CANOLA - ORGE | B10: ='Intermédiaire_Prod-Résultats'!J34 -> 776.1637 | C10: ='Intermédiaire_Prod-Résultats'!M34 -> 410.2592 | D10: ='Intermédiaire_Prod-Résultats'!G34 -> 727.6681 | E10: ='Intermédiaire_Prod-Résultats'!M34 -> 410.2592 | F10: ='Intermédiaire_Prod-Résultats'!AH34 -> 802.9137 | G10: ='Intermédiaire_Prod-Résultats'!AK34 -> 455.05697 | H10: ='Intermédiaire_Prod-Résultats'!AE34 -> 727.6681 | I10: ='Intermédiaire_Prod-Résultats'!AK34 -> 455.05697 | J10: ='Intermédiaire_Prod-Résultats'!BF34 -> 829.6637 | K10: ='Intermédiaire_Prod-Résultats'!BI34 -> 499.85475 | L10: ='Intermédiaire_Prod-Résultats'!BC34 -> 727.6681 | M10: ='Intermédiaire_Prod-Résultats'!BI34 -> 499.85475 | N10: =AVERAGE(B10:M10) -> 610.17394 | P10: =A10 -> SOYA - ORGE - CANOLA - ORGE | Q10: ='Intermédiaire_Prod-Résultats'!K34 -> 776.1637 | R10: ='Intermédiaire_Prod-Résultats'!N34 -> 410.2592 | S10: ='Intermédiaire_Prod-Résultats'!H34 -> 727.6681 | T10: ='Intermédiaire_Prod-Résultats'!N34 -> 410.2592 | U10: ='Intermédiaire_Prod-Résultats'!AI34 -> 802.9137 | V10: ='Intermédiaire_Prod-Résultats'!AL34 -> 455.05697 | W10: ='Intermédiaire_Prod-Résultats'!AF34 -> 727.6681 | X10: ='Intermédiaire_Prod-Résultats'!AL34 -> 455.05697 | Y10: ='Intermédiaire_Prod-Résultats'!BG34 -> 829.6637 | Z10: ='Intermédiaire_Prod-Résultats'!BJ34 -> 499.85475 | AA10: ='Intermédiaire_Prod-Résultats'!BD34 -> 727.6681 | AB10: ='Intermédiaire_Prod-Résultats'!BJ34 -> 499.85475 | AC10: =AVERAGE(Q10:AB10) -> 610.17394
A13: Résultats du modèle | P13: Résultats de votre ferme
A14: Marge bénéficiaire après frais monétaire (marge monétaire) | P14: Marge bénéficiaire après frais monétaire (marge monétaire)
B15: CYCLE 1 | F15: CYCLE 2 | J15: CYCLE 3 | Q15: CYCLE 1 | U15: CYCLE 2 | Y15: CYCLE 3
A16: ROTATIONS | B16: An 1 | C16: An 2 | D16: An 3 | E16: An 4 | F16: An 5 | G16: An 6 | H16: An 7 | I16: An 8 | J16: An 9 | K16: An 10 | L16: An 11 | M16: An 12 | N16: Moyenne annuelle | P16: ROTATIONS | Q16: An 1 | R16: An 2 | S16: An 3 | T16: An 4 | U16: An 5 | V16: An 6 | W16: An 7 | X16: An 8 | Y16: An 9 | Z16: An 10 | AA16: An 11 | AB16: An 12 | AC16: Moyenne annuelle
